Workbook
Name Baseline_Chars: #REF!
Name Category: #REF!
Name Cooling_Zone: #REF!
Name Cost_Effective: #REF!
Name Dlvry_Mech: #REF!
Name Eff_Case_Svngs_Chars: #REF!
Name End_Use: #REF!
Name Heating_Zone: #REF!
Name Inflation_Adjustment: 'Inflation Adjustment'!$G$5
Name Inst_Eff_Lvl_Rtng: #REF!
Name Inst_Loc: #REF!
Name Key_Chars: #REF!
Name List_SavingsShapes: #REF!
Name Measures_Types: #REF!
Name Prm_Bldg_Typ: #REF!
Name Program: #REF!
Name PTCS: #REF!
Name RTF_UES_Meas_Sts: #REF!
Name Sector: #REF!
Name State: #REF!
Name TAP: #REF!
Name Tech_Review: #REF!
Name UIR_Unique_No: #REF!
Name Unit_Typ_Svngs_Pymnt: #REF!
Name Unit_Types: #REF!
Name Vintage: #REF!

Sheet 1.README

Sheet 2. DFD BC Sheet
B13: 1. Cell Color Key: | C13: Additional Explanation
B14: Automatically Calculated | C14: Do not modify these, they are automatically calculated.
B15: Required | C15: You have to enter a Refno (either UES or custom) and a Year for when the Measure will be Installed.
B16: Custom Project or Lighting Calculator Input Only | C16: You will need to enter values here if you are included a custom project measure, but you can ignore it if the measure is a UES.
B17: UES Measure Input Only | C17: You will need to enter values here if you are included a UES measure, but you can ignore it if it is a Custom measure.
B18: Optional Additional User Input | C18: You can add additional details, like Non-Energy Benefits or O&M Change if you have them, they may modify the B/C ratio for the measure.
B21: 2. Project Level results:
B22: Total Project Busbar Savings | C22: =SUM(K28:K214) -> 0
B23: Project Level TRC B/C Ratio: | C23: =SUM(U28:U214) -> 0
B24: any custom project B/C concerns? | C24: =IF(V26>0,"yes","no") -> no
B26: 3. Measure Level Inputs | V26: =COUNTIF(V28:V215,"yes") -> 0
B27: Refno (Copy and Paste from either the "Custom Measure List Oct 2026" or "UES Measure List Oct 2026" worksheet). LIGHTING NOTE: For lighting projects, use REFNO "CLILB82045" for Retrofits, and "CLILB92045" for New Construction. | C27: Project Completion Year (YYYY) | D27: TAP | E27: measure type | F27: UES Quantity | G27: Site Savings (kWh/year) for custom or lighting calc only | H27: Cost ($) Input for Custom Project or Lighting Calculator Only | I27: Non-Energy Benefits Value (Positive is Good) | J27: O&M Change (Negative is Good) | K27: Busbar Savings | L27: Cost Used in Calc | M27: Avoided Cost | N27: Present Value of Energy Savings | O27: Measure Life | P27: Present Value of Non-energy Benefits | Q27: Present Value of O&M Change | R27: Present Value of Benefits | S27: TRC B/C RATIO | T27: This measures savings as % of total project savings | U27: This mesaure's B/C ratio scaled by % savings for total project | V27: Custom Project B/C Concern?
D28: =IF(ISBLANK(B28),"",IFERROR(VLOOKUP(B28,'Reference ML'!$A$3:$M$2524,7,FALSE),"Error: Refno Not Found")) | E28: =_xlfn.LET( _xlpm.refno,B28, _xlpm.mid_digit,MID(_xlpm.refno,6,1), _xlpm.custom,IF(OR(_xlpm.mid_digit="8",_xlpm.mid_digit="9"),"yes","no"), _xlpm.display, IF(ISBLANK(_xlpm.refno),"", IF(_xlpm.custom="yes","custom","UES") ), _xlpm.out,_xlpm.display, _xlpm.out ) | F28: =IF(ISBLANK(B28),"",IF(OR(MID($B28,6,1)="9",MID($B28,6,1)="8"),"n/a","Enter Quantity")) | G28: =IFERROR(IF(ISBLANK(D28),"",IF(OR(MID($B28,6,1)="9",MID($B28,6,1)="8"),"Enter Site Savings","")),"") | H28: =IFERROR(IF(ISBLANK(D28),"",IF(OR(MID($B28,6,1)="9",MID($B28,6,1)="8"),"Enter Measure Cost","")),"") | K28: =IFERROR(IF(ISBLANK(F28),"",IF(OR(MID($B28,6,1)="9",MID($B28,6,1)="8"),G28*IF(MID($B28,2,2)="LI",'Inflation Adjustment'!$J$9,'Inflation Adjustment'!$J$10),$F28*VLOOKUP($B28,'Reference ML'!$A$3:$M$2524,9,FALSE))),"") | L28: =IFERROR(IF(ISBLANK(G28),"",IF(OR(MID($B28,6,1)="9",MID($B28,6,1)="8"),H28,$F28*VLOOKUP($B28,'Reference ML'!$A$3:$M$2524,10,FALSE))),"") | M28: =IFERROR(VLOOKUP($B28,'Reference ML'!$A$3:$M$2524,13,FALSE),"") | N28: =IF(K28>0,IFERROR(K28*M28,0),"") -> 0 | O28: =IFERROR(VLOOKUP($B28,'Reference ML'!$A$3:$M$2524,11,FALSE),"") | P28: =IFERROR(-1*PV(5%,I28,O28),0) -> 0 | Q28: =IFERROR(-1*PV(5%,J28,O28),0) -> 0 | R28: =IFERROR(N28+P28-Q28,"") -> 0 | S28: =_xlfn.LET( _xlpm.refno,B28, _xlpm.measure_type,E28, _xlpm.custom_cost,H28, _xlpm.custom_benefit,R28, _xlpm.custom_bc_ratio,(_xlpm.custom_benefit/_xlpm.custom_cost), _xlpm.measure_bc_ratio,IF(_xlpm.measure_type="custom",_xlpm.custom_bc_ratio,VLOOKUP(_xlpm.refno,'UES Measure List Oct 2026'!$A$3:$AI$2210,35,FALSE)), _xlpm.display,IF(ISBLANK(_xlpm.refno),"",_xlpm.measure_bc_ratio), _xlpm.display ) | T28: =IF(ISBLANK(B28),"",K28/$C$22) | U28: =IF(ISBLANK(B28),"",(T28*S28)) | V28: =IF(ISBLANK(B28),"",IF(E28="custom",IF(AND(K28>400000,S28<0.5),"yes","no"),"n/a")) | W28: x
D29: =IF(ISBLANK(B29),"",IFERROR(VLOOKUP(B29,'Reference ML'!$A$3:$M$2524,7,FALSE),"Error: Refno Not Found")) | E29: =_xlfn.LET( _xlpm.refno,B29, _xlpm.mid_digit,MID(_xlpm.refno,6,1), _xlpm.custom,IF(OR(_xlpm.mid_digit="8",_xlpm.mid_digit="9"),"yes","no"), _xlpm.display, IF(ISBLANK(_xlpm.refno),"", IF(_xlpm.custom="yes","custom","UES") ), _xlpm.out,_xlpm.display, _xlpm.out ) | F29: =IF(ISBLANK(B29),"",IF(OR(MID($B29,6,1)="9",MID($B29,6,1)="8"),"n/a","Enter Quantity")) | G29: =IFERROR(IF(ISBLANK(D29),"",IF(OR(MID($B29,6,1)="9",MID($B29,6,1)="8"),"Enter Site Savings","")),"") | H29: =IFERROR(IF(ISBLANK(D29),"",IF(OR(MID($B29,6,1)="9",MID($B29,6,1)="8"),"Enter Measure Cost","")),"") | K29: =IFERROR(IF(ISBLANK(F29),"",IF(OR(MID($B29,6,1)="9",MID($B29,6,1)="8"),G29*IF(MID($B29,2,2)="LI",'Inflation Adjustment'!$J$9,'Inflation Adjustment'!$J$10),$F29*VLOOKUP($B29,'Reference ML'!$A$3:$M$2524,9,FALSE))),"") | L29: =IFERROR(IF(ISBLANK(G29),"",IF(OR(MID($B29,6,1)="9",MID($B29,6,1)="8"),H29,$F29*VLOOKUP($B29,'Reference ML'!$A$3:$M$2524,10,FALSE))),"") | M29: =IFERROR(VLOOKUP($B29,'Reference ML'!$A$3:$M$2524,13,FALSE),"") | N29: =IF(K29>0,IFERROR(K29*M29,0),"") -> 0 | O29: =IFERROR(VLOOKUP($B29,'Reference ML'!$A$3:$M$2524,11,FALSE),"") | P29: =IFERROR(-1*PV(5%,I29,O29),0) -> 0 | Q29: =IFERROR(-1*PV(5%,J29,O29),0) -> 0 | R29: =IFERROR(N29+P29-Q29,"") -> 0 | S29: =_xlfn.LET( _xlpm.refno,B29, _xlpm.measure_type,E29, _xlpm.custom_cost,H29, _xlpm.custom_benefit,R29, _xlpm.custom_bc_ratio,(_xlpm.custom_benefit/_xlpm.custom_cost), _xlpm.measure_bc_ratio,IF(_xlpm.measure_type="custom",_xlpm.custom_bc_ratio,VLOOKUP(_xlpm.refno,'UES Measure List Oct 2026'!$A$3:$AI$2210,35,FALSE)), _xlpm.display,IF(ISBLANK(_xlpm.refno),"",_xlpm.measure_bc_ratio), _xlpm.display ) | T29: =IF(ISBLANK(B29),"",K29/$C$22) | U29: =IF(ISBLANK(B29),"",(T29*S29)) | V29: =IF(ISBLANK(B29),"",IF(E29="custom",IF(AND(K29>400000,S29<0.5),"yes","no"),"n/a")) | W29: x
D30: =IF(ISBLANK(B30),"",IFERROR(VLOOKUP(B30,'Reference ML'!$A$3:$M$2524,7,FALSE),"Error: Refno Not Found")) | E30: =_xlfn.LET( _xlpm.refno,B30, _xlpm.mid_digit,MID(_xlpm.refno,6,1), _xlpm.custom,IF(OR(_xlpm.mid_digit="8",_xlpm.mid_digit="9"),"yes","no"), _xlpm.display, IF(ISBLANK(_xlpm.refno),"", IF(_xlpm.custom="yes","custom","UES") ), _xlpm.out,_xlpm.display, _xlpm.out ) | F30: =IF(ISBLANK(B30),"",IF(OR(MID($B30,6,1)="9",MID($B30,6,1)="8"),"n/a","Enter Quantity")) | G30: =IFERROR(IF(ISBLANK(D30),"",IF(OR(MID($B30,6,1)="9",MID($B30,6,1)="8"),"Enter Site Savings","")),"") | H30: =IFERROR(IF(ISBLANK(D30),"",IF(OR(MID($B30,6,1)="9",MID($B30,6,1)="8"),"Enter Measure Cost","")),"") | K30: =IFERROR(IF(ISBLANK(F30),"",IF(OR(MID($B30,6,1)="9",MID($B30,6,1)="8"),G30*IF(MID($B30,2,2)="LI",'Inflation Adjustment'!$J$9,'Inflation Adjustment'!$J$10),$F30*VLOOKUP($B30,'Reference ML'!$A$3:$M$2524,9,FALSE))),"") | L30: =IFERROR(IF(ISBLANK(G30),"",IF(OR(MID($B30,6,1)="9",MID($B30,6,1)="8"),H30,$F30*VLOOKUP($B30,'Reference ML'!$A$3:$M$2524,10,FALSE))),"") | M30: =IFERROR(VLOOKUP($B30,'Reference ML'!$A$3:$M$2524,13,FALSE),"") | N30: =IF(K30>0,IFERROR(K30*M30,0),"") -> 0 | O30: =IFERROR(VLOOKUP($B30,'Reference ML'!$A$3:$M$2524,11,FALSE),"") | P30: =IFERROR(-1*PV(5%,I30,O30),0) -> 0 | Q30: =IFERROR(-1*PV(5%,J30,O30),0) -> 0 | R30: =IFERROR(N30+P30-Q30,"") -> 0 | S30: =_xlfn.LET( _xlpm.refno,B30, _xlpm.measure_type,E30, _xlpm.custom_cost,H30, _xlpm.custom_benefit,R30, _xlpm.custom_bc_ratio,(_xlpm.custom_benefit/_xlpm.custom_cost), _xlpm.measure_bc_ratio,IF(_xlpm.measure_type="custom",_xlpm.custom_bc_ratio,VLOOKUP(_xlpm.refno,'UES Measure List Oct 2026'!$A$3:$AI$2210,35,FALSE)), _xlpm.display,IF(ISBLANK(_xlpm.refno),"",_xlpm.measure_bc_ratio), _xlpm.display ) | T30: =IF(ISBLANK(B30),"",K30/$C$22) | U30: =IF(ISBLANK(B30),"",(T30*S30)) | V30: =IF(ISBLANK(B30),"",IF(E30="custom",IF(AND(K30>400000,S30<0.5),"yes","no"),"n/a")) | W30: x
D31: =IF(ISBLANK(B31),"",IFERROR(VLOOKUP(B31,'Reference ML'!$A$3:$M$2524,7,FALSE),"Error: Refno Not Found")) | E31: =_xlfn.LET( _xlpm.refno,B31, _xlpm.mid_digit,MID(_xlpm.refno,6,1), _xlpm.custom,IF(OR(_xlpm.mid_digit="8",_xlpm.mid_digit="9"),"yes","no"), _xlpm.display, IF(ISBLANK(_xlpm.refno),"", IF(_xlpm.custom="yes","custom","UES") ), _xlpm.out,_xlpm.display, _xlpm.out ) | F31: =IF(ISBLANK(B31),"",IF(OR(MID($B31,6,1)="9",MID($B31,6,1)="8"),"n/a","Enter Quantity")) | G31: =IFERROR(IF(ISBLANK(D31),"",IF(OR(MID($B31,6,1)="9",MID($B31,6,1)="8"),"Enter Site Savings","")),"") | H31: =IFERROR(IF(ISBLANK(D31),"",IF(OR(MID($B31,6,1)="9",MID($B31,6,1)="8"),"Enter Measure Cost","")),"") | K31: =IFERROR(IF(ISBLANK(F31),"",IF(OR(MID($B31,6,1)="9",MID($B31,6,1)="8"),G31*IF(MID($B31,2,2)="LI",'Inflation Adjustment'!$J$9,'Inflation Adjustment'!$J$10),$F31*VLOOKUP($B31,'Reference ML'!$A$3:$M$2524,9,FALSE))),"") | L31: =IFERROR(IF(ISBLANK(G31),"",IF(OR(MID($B31,6,1)="9",MID($B31,6,1)="8"),H31,$F31*VLOOKUP($B31,'Reference ML'!$A$3:$M$2524,10,FALSE))),"") | M31: =IFERROR(VLOOKUP($B31,'Reference ML'!$A$3:$M$2524,13,FALSE),"") | N31: =IF(K31>0,IFERROR(K31*M31,0),"") -> 0 | O31: =IFERROR(VLOOKUP($B31,'Reference ML'!$A$3:$M$2524,11,FALSE),"") | P31: =IFERROR(-1*PV(5%,I31,O31),0) -> 0 | Q31: =IFERROR(-1*PV(5%,J31,O31),0) -> 0 | R31: =IFERROR(N31+P31-Q31,"") -> 0 | S31: =_xlfn.LET( _xlpm.refno,B31, _xlpm.measure_type,E31, _xlpm.custom_cost,H31, _xlpm.custom_benefit,R31, _xlpm.custom_bc_ratio,(_xlpm.custom_benefit/_xlpm.custom_cost), _xlpm.measure_bc_ratio,IF(_xlpm.measure_type="custom",_xlpm.custom_bc_ratio,VLOOKUP(_xlpm.refno,'UES Measure List Oct 2026'!$A$3:$AI$2210,35,FALSE)), _xlpm.display,IF(ISBLANK(_xlpm.refno),"",_xlpm.measure_bc_ratio), _xlpm.display ) | T31: =IF(ISBLANK(B31),"",K31/$C$22) | U31: =IF(ISBLANK(B31),"",(T31*S31)) | V31: =IF(ISBLANK(B31),"",IF(E31="custom",IF(AND(K31>400000,S31<0.5),"yes","no"),"n/a")) | W31: x
D32: =IF(ISBLANK(B32),"",IFERROR(VLOOKUP(B32,'Reference ML'!$A$3:$M$2524,7,FALSE),"Error: Refno Not Found")) | E32: =_xlfn.LET( _xlpm.refno,B32, _xlpm.mid_digit,MID(_xlpm.refno,6,1), _xlpm.custom,IF(OR(_xlpm.mid_digit="8",_xlpm.mid_digit="9"),"yes","no"), _xlpm.display, IF(ISBLANK(_xlpm.refno),"", IF(_xlpm.custom="yes","custom","UES") ), _xlpm.out,_xlpm.display, _xlpm.out ) | F32: =IF(ISBLANK(B32),"",IF(OR(MID($B32,6,1)="9",MID($B32,6,1)="8"),"n/a","Enter Quantity")) | G32: =IFERROR(IF(ISBLANK(D32),"",IF(OR(MID($B32,6,1)="9",MID($B32,6,1)="8"),"Enter Site Savings","")),"") | H32: =IFERROR(IF(ISBLANK(D32),"",IF(OR(MID($B32,6,1)="9",MID($B32,6,1)="8"),"Enter Measure Cost","")),"") | K32: =IFERROR(IF(ISBLANK(F32),"",IF(OR(MID($B32,6,1)="9",MID($B32,6,1)="8"),G32*IF(MID($B32,2,2)="LI",'Inflation Adjustment'!$J$9,'Inflation Adjustment'!$J$10),$F32*VLOOKUP($B32,'Reference ML'!$A$3:$M$2524,9,FALSE))),"") | L32: =IFERROR(IF(ISBLANK(G32),"",IF(OR(MID($B32,6,1)="9",MID($B32,6,1)="8"),H32,$F32*VLOOKUP($B32,'Reference ML'!$A$3:$M$2524,10,FALSE))),"") | M32: =IFERROR(VLOOKUP($B32,'Reference ML'!$A$3:$M$2524,13,FALSE),"") | N32: =IF(K32>0,IFERROR(K32*M32,0),"") -> 0 | O32: =IFERROR(VLOOKUP($B32,'Reference ML'!$A$3:$M$2524,11,FALSE),"") | P32: =IFERROR(-1*PV(5%,I32,O32),0) -> 0 | Q32: =IFERROR(-1*PV(5%,J32,O32),0) -> 0 | R32: =IFERROR(N32+P32-Q32,"") -> 0 | S32: =_xlfn.LET( _xlpm.refno,B32, _xlpm.measure_type,E32, _xlpm.custom_cost,H32, _xlpm.custom_benefit,R32, _xlpm.custom_bc_ratio,(_xlpm.custom_benefit/_xlpm.custom_cost), _xlpm.measure_bc_ratio,IF(_xlpm.measure_type="custom",_xlpm.custom_bc_ratio,VLOOKUP(_xlpm.refno,'UES Measure List Oct 2026'!$A$3:$AI$2210,35,FALSE)), _xlpm.display,IF(ISBLANK(_xlpm.refno),"",_xlpm.measure_bc_ratio), _xlpm.display ) | T32: =IF(ISBLANK(B32),"",K32/$C$22) | U32: =IF(ISBLANK(B32),"",(T32*S32)) | V32: =IF(ISBLANK(B32),"",IF(E32="custom",IF(AND(K32>400000,S32<0.5),"yes","no"),"n/a")) | W32: x
D33: =IF(ISBLANK(B33),"",IFERROR(VLOOKUP(B33,'Reference ML'!$A$3:$M$2524,7,FALSE),"Error: Refno Not Found")) | E33: =_xlfn.LET( _xlpm.refno,B33, _xlpm.mid_digit,MID(_xlpm.refno,6,1), _xlpm.custom,IF(OR(_xlpm.mid_digit="8",_xlpm.mid_digit="9"),"yes","no"), _xlpm.display, IF(ISBLANK(_xlpm.refno),"", IF(_xlpm.custom="yes","custom","UES") ), _xlpm.out,_xlpm.display, _xlpm.out ) | F33: =IF(ISBLANK(B33),"",IF(OR(MID($B33,6,1)="9",MID($B33,6,1)="8"),"n/a","Enter Quantity")) | G33: =IFERROR(IF(ISBLANK(D33),"",IF(OR(MID($B33,6,1)="9",MID($B33,6,1)="8"),"Enter Site Savings","")),"") | H33: =IFERROR(IF(ISBLANK(D33),"",IF(OR(MID($B33,6,1)="9",MID($B33,6,1)="8"),"Enter Measure Cost","")),"") | K33: =IFERROR(IF(ISBLANK(F33),"",IF(OR(MID($B33,6,1)="9",MID($B33,6,1)="8"),G33*IF(MID($B33,2,2)="LI",'Inflation Adjustment'!$J$9,'Inflation Adjustment'!$J$10),$F33*VLOOKUP($B33,'Reference ML'!$A$3:$M$2524,9,FALSE))),"") | L33: =IFERROR(IF(ISBLANK(G33),"",IF(OR(MID($B33,6,1)="9",MID($B33,6,1)="8"),H33,$F33*VLOOKUP($B33,'Reference ML'!$A$3:$M$2524,10,FALSE))),"") | M33: =IFERROR(VLOOKUP($B33,'Reference ML'!$A$3:$M$2524,13,FALSE),"") | N33: =IF(K33>0,IFERROR(K33*M33,0),"") -> 0 | O33: =IFERROR(VLOOKUP($B33,'Reference ML'!$A$3:$M$2524,11,FALSE),"") | P33: =IFERROR(-1*PV(5%,I33,O33),0) -> 0 | Q33: =IFERROR(-1*PV(5%,J33,O33),0) -> 0 | R33: =IFERROR(N33+P33-Q33,"") -> 0 | S33: =_xlfn.LET( _xlpm.refno,B33, _xlpm.measure_type,E33, _xlpm.custom_cost,H33, _xlpm.custom_benefit,R33, _xlpm.custom_bc_ratio,(_xlpm.custom_benefit/_xlpm.custom_cost), _xlpm.measure_bc_ratio,IF(_xlpm.measure_type="custom",_xlpm.custom_bc_ratio,VLOOKUP(_xlpm.refno,'UES Measure List Oct 2026'!$A$3:$AI$2210,35,FALSE)), _xlpm.display,IF(ISBLANK(_xlpm.refno),"",_xlpm.measure_bc_ratio), _xlpm.display ) | T33: =IF(ISBLANK(B33),"",K33/$C$22) | U33: =IF(ISBLANK(B33),"",(T33*S33)) | V33: =IF(ISBLANK(B33),"",IF(E33="custom",IF(AND(K33>400000,S33<0.5),"yes","no"),"n/a")) | W33: x
D34: =IF(ISBLANK(B34),"",IFERROR(VLOOKUP(B34,'Reference ML'!$A$3:$M$2524,7,FALSE),"Error: Refno Not Found")) | E34: =_xlfn.LET( _xlpm.refno,B34, _xlpm.mid_digit,MID(_xlpm.refno,6,1), _xlpm.custom,IF(OR(_xlpm.mid_digit="8",_xlpm.mid_digit="9"),"yes","no"), _xlpm.display, IF(ISBLANK(_xlpm.refno),"", IF(_xlpm.custom="yes","custom","UES") ), _xlpm.out,_xlpm.display, _xlpm.out ) | F34: =IF(ISBLANK(B34),"",IF(OR(MID($B34,6,1)="9",MID($B34,6,1)="8"),"n/a","Enter Quantity")) | G34: =IFERROR(IF(ISBLANK(D34),"",IF(OR(MID($B34,6,1)="9",MID($B34,6,1)="8"),"Enter Site Savings","")),"") | H34: =IFERROR(IF(ISBLANK(D34),"",IF(OR(MID($B34,6,1)="9",MID($B34,6,1)="8"),"Enter Measure Cost","")),"") | K34: =IFERROR(IF(ISBLANK(F34),"",IF(OR(MID($B34,6,1)="9",MID($B34,6,1)="8"),G34*IF(MID($B34,2,2)="LI",'Inflation Adjustment'!$J$9,'Inflation Adjustment'!$J$10),$F34*VLOOKUP($B34,'Reference ML'!$A$3:$M$2524,9,FALSE))),"") | L34: =IFERROR(IF(ISBLANK(G34),"",IF(OR(MID($B34,6,1)="9",MID($B34,6,1)="8"),H34,$F34*VLOOKUP($B34,'Reference ML'!$A$3:$M$2524,10,FALSE))),"") | M34: =IFERROR(VLOOKUP($B34,'Reference ML'!$A$3:$M$2524,13,FALSE),"") | N34: =IF(K34>0,IFERROR(K34*M34,0),"") -> 0 | O34: =IFERROR(VLOOKUP($B34,'Reference ML'!$A$3:$M$2524,11,FALSE),"") | P34: =IFERROR(-1*PV(5%,I34,O34),0) -> 0 | Q34: =IFERROR(-1*PV(5%,J34,O34),0) -> 0 | R34: =IFERROR(N34+P34-Q34,"") -> 0 | S34: =_xlfn.LET( _xlpm.refno,B34, _xlpm.measure_type,E34, _xlpm.custom_cost,H34, _xlpm.custom_benefit,R34, _xlpm.custom_bc_ratio,(_xlpm.custom_benefit/_xlpm.custom_cost), _xlpm.measure_bc_ratio,IF(_xlpm.measure_type="custom",_xlpm.custom_bc_ratio,VLOOKUP(_xlpm.refno,'UES Measure List Oct 2026'!$A$3:$AI$2210,35,FALSE)), _xlpm.display,IF(ISBLANK(_xlpm.refno),"",_xlpm.measure_bc_ratio), _xlpm.display ) | T34: =IF(ISBLANK(B34),"",K34/$C$22) | U34: =IF(ISBLANK(B34),"",(T34*S34)) | V34: =IF(ISBLANK(B34),"",IF(E34="custom",IF(AND(K34>400000,S34<0.5),"yes","no"),"n/a")) | W34: x
D35: =IF(ISBLANK(B35),"",IFERROR(VLOOKUP(B35,'Reference ML'!$A$3:$M$2524,7,FALSE),"Error: Refno Not Found")) | E35: =_xlfn.LET( _xlpm.refno,B35, _xlpm.mid_digit,MID(_xlpm.refno,6,1), _xlpm.custom,IF(OR(_xlpm.mid_digit="8",_xlpm.mid_digit="9"),"yes","no"), _xlpm.display, IF(ISBLANK(_xlpm.refno),"", IF(_xlpm.custom="yes","custom","UES") ), _xlpm.out,_xlpm.display, _xlpm.out ) | F35: =IF(ISBLANK(B35),"",IF(OR(MID($B35,6,1)="9",MID($B35,6,1)="8"),"n/a","Enter Quantity")) | G35: =IFERROR(IF(ISBLANK(D35),"",IF(OR(MID($B35,6,1)="9",MID($B35,6,1)="8"),"Enter Site Savings","")),"") | H35: =IFERROR(IF(ISBLANK(D35),"",IF(OR(MID($B35,6,1)="9",MID($B35,6,1)="8"),"Enter Measure Cost","")),"") | K35: =IFERROR(IF(ISBLANK(F35),"",IF(OR(MID($B35,6,1)="9",MID($B35,6,1)="8"),G35*IF(MID($B35,2,2)="LI",'Inflation Adjustment'!$J$9,'Inflation Adjustment'!$J$10),$F35*VLOOKUP($B35,'Reference ML'!$A$3:$M$2524,9,FALSE))),"") | L35: =IFERROR(IF(ISBLANK(G35),"",IF(OR(MID($B35,6,1)="9",MID($B35,6,1)="8"),H35,$F35*VLOOKUP($B35,'Reference ML'!$A$3:$M$2524,10,FALSE))),"") | M35: =IFERROR(VLOOKUP($B35,'Reference ML'!$A$3:$M$2524,13,FALSE),"") | N35: =IF(K35>0,IFERROR(K35*M35,0),"") -> 0 | O35: =IFERROR(VLOOKUP($B35,'Reference ML'!$A$3:$M$2524,11,FALSE),"") | P35: =IFERROR(-1*PV(5%,I35,O35),0) -> 0 | Q35: =IFERROR(-1*PV(5%,J35,O35),0) -> 0 | R35: =IFERROR(N35+P35-Q35,"") -> 0 | S35: =_xlfn.LET( _xlpm.refno,B35, _xlpm.measure_type,E35, _xlpm.custom_cost,H35, _xlpm.custom_benefit,R35, _xlpm.custom_bc_ratio,(_xlpm.custom_benefit/_xlpm.custom_cost), _xlpm.measure_bc_ratio,IF(_xlpm.measure_type="custom",_xlpm.custom_bc_ratio,VLOOKUP(_xlpm.refno,'UES Measure List Oct 2026'!$A$3:$AI$2210,35,FALSE)), _xlpm.display,IF(ISBLANK(_xlpm.refno),"",_xlpm.measure_bc_ratio), _xlpm.display ) | T35: =IF(ISBLANK(B35),"",K35/$C$22) | U35: =IF(ISBLANK(B35),"",(T35*S35)) | V35: =IF(ISBLANK(B35),"",IF(E35="custom",IF(AND(K35>400000,S35<0.5),"yes","no"),"n/a")) | W35: x
D36: =IF(ISBLANK(B36),"",IFERROR(VLOOKUP(B36,'Reference ML'!$A$3:$M$2524,7,FALSE),"Error: Refno Not Found")) | E36: =_xlfn.LET( _xlpm.refno,B36, _xlpm.mid_digit,MID(_xlpm.refno,6,1), _xlpm.custom,IF(OR(_xlpm.mid_digit="8",_xlpm.mid_digit="9"),"yes","no"), _xlpm.display, IF(ISBLANK(_xlpm.refno),"", IF(_xlpm.custom="yes","custom","UES") ), _xlpm.out,_xlpm.display, _xlpm.out ) | F36: =IF(ISBLANK(B36),"",IF(OR(MID($B36,6,1)="9",MID($B36,6,1)="8"),"n/a","Enter Quantity")) | G36: =IFERROR(IF(ISBLANK(D36),"",IF(OR(MID($B36,6,1)="9",MID($B36,6,1)="8"),"Enter Site Savings","")),"") | H36: =IFERROR(IF(ISBLANK(D36),"",IF(OR(MID($B36,6,1)="9",MID($B36,6,1)="8"),"Enter Measure Cost","")),"") | K36: =IFERROR(IF(ISBLANK(F36),"",IF(OR(MID($B36,6,1)="9",MID($B36,6,1)="8"),G36*IF(MID($B36,2,2)="LI",'Inflation Adjustment'!$J$9,'Inflation Adjustment'!$J$10),$F36*VLOOKUP($B36,'Reference ML'!$A$3:$M$2524,9,FALSE))),"") | L36: =IFERROR(IF(ISBLANK(G36),"",IF(OR(MID($B36,6,1)="9",MID($B36,6,1)="8"),H36,$F36*VLOOKUP($B36,'Reference ML'!$A$3:$M$2524,10,FALSE))),"") | M36: =IFERROR(VLOOKUP($B36,'Reference ML'!$A$3:$M$2524,13,FALSE),"") | N36: =IF(K36>0,IFERROR(K36*M36,0),"") -> 0 | O36: =IFERROR(VLOOKUP($B36,'Reference ML'!$A$3:$M$2524,11,FALSE),"") | P36: =IFERROR(-1*PV(5%,I36,O36),0) -> 0 | Q36: =IFERROR(-1*PV(5%,J36,O36),0) -> 0 | R36: =IFERROR(N36+P36-Q36,"") -> 0 | S36: =_xlfn.LET( _xlpm.refno,B36, _xlpm.measure_type,E36, _xlpm.custom_cost,H36, _xlpm.custom_benefit,R36, _xlpm.custom_bc_ratio,(_xlpm.custom_benefit/_xlpm.custom_cost), _xlpm.measure_bc_ratio,IF(_xlpm.measure_type="custom",_xlpm.custom_bc_ratio,VLOOKUP(_xlpm.refno,'UES Measure List Oct 2026'!$A$3:$AI$2210,35,FALSE)), _xlpm.display,IF(ISBLANK(_xlpm.refno),"",_xlpm.measure_bc_ratio), _xlpm.display ) | T36: =IF(ISBLANK(B36),"",K36/$C$22) | U36: =IF(ISBLANK(B36),"",(T36*S36)) | V36: =IF(ISBLANK(B36),"",IF(E36="custom",IF(AND(K36>400000,S36<0.5),"yes","no"),"n/a")) | W36: x
D37: =IF(ISBLANK(B37),"",IFERROR(VLOOKUP(B37,'Reference ML'!$A$3:$M$2524,7,FALSE),"Error: Refno Not Found")) | E37: =_xlfn.LET( _xlpm.refno,B37, _xlpm.mid_digit,MID(_xlpm.refno,6,1), _xlpm.custom,IF(OR(_xlpm.mid_digit="8",_xlpm.mid_digit="9"),"yes","no"), _xlpm.display, IF(ISBLANK(_xlpm.refno),"", IF(_xlpm.custom="yes","custom","UES") ), _xlpm.out,_xlpm.display, _xlpm.out ) | F37: =IF(ISBLANK(B37),"",IF(OR(MID($B37,6,1)="9",MID($B37,6,1)="8"),"n/a","Enter Quantity")) | G37: =IFERROR(IF(ISBLANK(D37),"",IF(OR(MID($B37,6,1)="9",MID($B37,6,1)="8"),"Enter Site Savings","")),"") | H37: =IFERROR(IF(ISBLANK(D37),"",IF(OR(MID($B37,6,1)="9",MID($B37,6,1)="8"),"Enter Measure Cost","")),"") | K37: =IFERROR(IF(ISBLANK(F37),"",IF(OR(MID($B37,6,1)="9",MID($B37,6,1)="8"),G37*IF(MID($B37,2,2)="LI",'Inflation Adjustment'!$J$9,'Inflation Adjustment'!$J$10),$F37*VLOOKUP($B37,'Reference ML'!$A$3:$M$2524,9,FALSE))),"") | L37: =IFERROR(IF(ISBLANK(G37),"",IF(OR(MID($B37,6,1)="9",MID($B37,6,1)="8"),H37,$F37*VLOOKUP($B37,'Reference ML'!$A$3:$M$2524,10,FALSE))),"") | M37: =IFERROR(VLOOKUP($B37,'Reference ML'!$A$3:$M$2524,13,FALSE),"") | N37: =IF(K37>0,IFERROR(K37*M37,0),"") -> 0 | O37: =IFERROR(VLOOKUP($B37,'Reference ML'!$A$3:$M$2524,11,FALSE),"") | P37: =IFERROR(-1*PV(5%,I37,O37),0) -> 0 | Q37: =IFERROR(-1*PV(5%,J37,O37),0) -> 0 | R37: =IFERROR(N37+P37-Q37,"") -> 0 | S37: =_xlfn.LET( _xlpm.refno,B37, _xlpm.measure_type,E37, _xlpm.custom_cost,H37, _xlpm.custom_benefit,R37, _xlpm.custom_bc_ratio,(_xlpm.custom_benefit/_xlpm.custom_cost), _xlpm.measure_bc_ratio,IF(_xlpm.measure_type="custom",_xlpm.custom_bc_ratio,VLOOKUP(_xlpm.refno,'UES Measure List Oct 2026'!$A$3:$AI$2210,35,FALSE)), _xlpm.display,IF(ISBLANK(_xlpm.refno),"",_xlpm.measure_bc_ratio), _xlpm.display ) | T37: =IF(ISBLANK(B37),"",K37/$C$22) | U37: =IF(ISBLANK(B37),"",(T37*S37)) | V37: =IF(ISBLANK(B37),"",IF(E37="custom",IF(AND(K37>400000,S37<0.5),"yes","no"),"n/a")) | W37: x
D38: =IF(ISBLANK(B38),"",IFERROR(VLOOKUP(B38,'Reference ML'!$A$3:$M$2524,7,FALSE),"Error: Refno Not Found")) | E38: =_xlfn.LET( _xlpm.refno,B38, _xlpm.mid_digit,MID(_xlpm.refno,6,1), _xlpm.custom,IF(OR(_xlpm.mid_digit="8",_xlpm.mid_digit="9"),"yes","no"), _xlpm.display, IF(ISBLANK(_xlpm.refno),"", IF(_xlpm.custom="yes","custom","UES") ), _xlpm.out,_xlpm.display, _xlpm.out ) | F38: =IF(ISBLANK(B38),"",IF(OR(MID($B38,6,1)="9",MID($B38,6,1)="8"),"n/a","Enter Quantity")) | G38: =IFERROR(IF(ISBLANK(D38),"",IF(OR(MID($B38,6,1)="9",MID($B38,6,1)="8"),"Enter Site Savings","")),"") | H38: =IFERROR(IF(ISBLANK(D38),"",IF(OR(MID($B38,6,1)="9",MID($B38,6,1)="8"),"Enter Measure Cost","")),"") | K38: =IFERROR(IF(ISBLANK(F38),"",IF(OR(MID($B38,6,1)="9",MID($B38,6,1)="8"),G38*IF(MID($B38,2,2)="LI",'Inflation Adjustment'!$J$9,'Inflation Adjustment'!$J$10),$F38*VLOOKUP($B38,'Reference ML'!$A$3:$M$2524,9,FALSE))),"") | L38: =IFERROR(IF(ISBLANK(G38),"",IF(OR(MID($B38,6,1)="9",MID($B38,6,1)="8"),H38,$F38*VLOOKUP($B38,'Reference ML'!$A$3:$M$2524,10,FALSE))),"") | M38: =IFERROR(VLOOKUP($B38,'Reference ML'!$A$3:$M$2524,13,FALSE),"") | N38: =IF(K38>0,IFERROR(K38*M38,0),"") -> 0 | O38: =IFERROR(VLOOKUP($B38,'Reference ML'!$A$3:$M$2524,11,FALSE),"") | P38: =IFERROR(-1*PV(5%,I38,O38),0) -> 0 | Q38: =IFERROR(-1*PV(5%,J38,O38),0) -> 0 | R38: =IFERROR(N38+P38-Q38,"") -> 0 | S38: =_xlfn.LET( _xlpm.refno,B38, _xlpm.measure_type,E38, _xlpm.custom_cost,H38, _xlpm.custom_benefit,R38, _xlpm.custom_bc_ratio,(_xlpm.custom_benefit/_xlpm.custom_cost), _xlpm.measure_bc_ratio,IF(_xlpm.measure_type="custom",_xlpm.custom_bc_ratio,VLOOKUP(_xlpm.refno,'UES Measure List Oct 2026'!$A$3:$AI$2210,35,FALSE)), _xlpm.display,IF(ISBLANK(_xlpm.refno),"",_xlpm.measure_bc_ratio), _xlpm.display ) | T38: =IF(ISBLANK(B38),"",K38/$C$22) | U38: =IF(ISBLANK(B38),"",(T38*S38)) | V38: =IF(ISBLANK(B38),"",IF(E38="custom",IF(AND(K38>400000,S38<0.5),"yes","no"),"n/a")) | W38: x
D39: =IF(ISBLANK(B39),"",IFERROR(VLOOKUP(B39,'Reference ML'!$A$3:$M$2524,7,FALSE),"Error: Refno Not Found")) | E39: =_xlfn.LET( _xlpm.refno,B39, _xlpm.mid_digit,MID(_xlpm.refno,6,1), _xlpm.custom,IF(OR(_xlpm.mid_digit="8",_xlpm.mid_digit="9"),"yes","no"), _xlpm.display, IF(ISBLANK(_xlpm.refno),"", IF(_xlpm.custom="yes","custom","UES") ), _xlpm.out,_xlpm.display, _xlpm.out ) | F39: =IF(ISBLANK(B39),"",IF(OR(MID($B39,6,1)="9",MID($B39,6,1)="8"),"n/a","Enter Quantity")) | G39: =IFERROR(IF(ISBLANK(D39),"",IF(OR(MID($B39,6,1)="9",MID($B39,6,1)="8"),"Enter Site Savings","")),"") | H39: =IFERROR(IF(ISBLANK(D39),"",IF(OR(MID($B39,6,1)="9",MID($B39,6,1)="8"),"Enter Measure Cost","")),"") | K39: =IFERROR(IF(ISBLANK(F39),"",IF(OR(MID($B39,6,1)="9",MID($B39,6,1)="8"),G39*IF(MID($B39,2,2)="LI",'Inflation Adjustment'!$J$9,'Inflation Adjustment'!$J$10),$F39*VLOOKUP($B39,'Reference ML'!$A$3:$M$2524,9,FALSE))),"") | L39: =IFERROR(IF(ISBLANK(G39),"",IF(OR(MID($B39,6,1)="9",MID($B39,6,1)="8"),H39,$F39*VLOOKUP($B39,'Reference ML'!$A$3:$M$2524,10,FALSE))),"") | M39: =IFERROR(VLOOKUP($B39,'Reference ML'!$A$3:$M$2524,13,FALSE),"") | N39: =IF(K39>0,IFERROR(K39*M39,0),"") -> 0 | O39: =IFERROR(VLOOKUP($B39,'Reference ML'!$A$3:$M$2524,11,FALSE),"") | P39: =IFERROR(-1*PV(5%,I39,O39),0) -> 0 | Q39: =IFERROR(-1*PV(5%,J39,O39),0) -> 0 | R39: =IFERROR(N39+P39-Q39,"") -> 0 | S39: =_xlfn.LET( _xlpm.refno,B39, _xlpm.measure_type,E39, _xlpm.custom_cost,H39, _xlpm.custom_benefit,R39, _xlpm.custom_bc_ratio,(_xlpm.custom_benefit/_xlpm.custom_cost), _xlpm.measure_bc_ratio,IF(_xlpm.measure_type="custom",_xlpm.custom_bc_ratio,VLOOKUP(_xlpm.refno,'UES Measure List Oct 2026'!$A$3:$AI$2210,35,FALSE)), _xlpm.display,IF(ISBLANK(_xlpm.refno),"",_xlpm.measure_bc_ratio), _xlpm.display ) | T39: =IF(ISBLANK(B39),"",K39/$C$22) | U39: =IF(ISBLANK(B39),"",(T39*S39)) | V39: =IF(ISBLANK(B39),"",IF(E39="custom",IF(AND(K39>400000,S39<0.5),"yes","no"),"n/a")) | W39: x
... D214: =IF(ISBLANK(B214),"",IFERROR(VLOOKUP(B214,'Reference ML'!$A$3:$M$2524,7,FALSE),"Error: Refno Not Found")) | E214: =_xlfn.LET( _xlpm.refno,B214, _xlpm.mid_digit,MID(_xlpm.refno,6,1), _xlpm.custom,IF(OR(_xlpm.mid_digit="8",_xlpm.mid_digit="9"),"yes","no"), _xlpm.display, IF(ISBLANK(_xlpm.refno),"", IF(_xlpm.custom="yes","custom","UES") ), _xlpm.out,_xlpm.display, _xlpm.out ) | F214: =IF(ISBLANK(B214),"",IF(OR(MID($B214,6,1)="9",MID($B214,6,1)="8"),"n/a","Enter Quantity")) | G214: =IFERROR(IF(ISBLANK(D214),"",IF(OR(MID($B214,6,1)="9",MID($B214,6,1)="8"),"Enter Site Savings","")),"") | H214: =IFERROR(IF(ISBLANK(D214),"",IF(OR(MID($B214,6,1)="9",MID($B214,6,1)="8"),"Enter Measure Cost","")),"") | K214: =IFERROR(IF(ISBLANK(F214),"",IF(OR(MID($B214,6,1)="9",MID($B214,6,1)="8"),G214*IF(MID($B214,2,2)="LI",'Inflation Adjustment'!$J$9,'Inflation Adjustment'!$J$10),$F214*VLOOKUP($B214,'Reference ML'!$A$3:$M$2524,9,FALSE))),"") | L214: =IFERROR(IF(ISBLANK(G214),"",IF(OR(MID($B214,6,1)="9",MID($B214,6,1)="8"),H214,$F214*VLOOKUP($B214,'Reference ML'!$A$3:$M$2524,10,FALSE))),"") | M214: =IFERROR(VLOOKUP($B214,'Reference ML'!$A$3:$M$2524,13,FALSE),"") | N214: =IF(K214>0,IFERROR(K214*M214,0),"") -> 0 | O214: =IFERROR(VLOOKUP($B214,'Reference ML'!$A$3:$M$2524,11,FALSE),"") | P214: =IFERROR(-1*PV(5%,I214,O214),0) -> 0 | Q214: =IFERROR(-1*PV(5%,J214,O214),0) -> 0 | R214: =IFERROR(N214+P214-Q214,"") -> 0 | S214: =_xlfn.LET( _xlpm.refno,B214, _xlpm.measure_type,E214, _xlpm.custom_cost,H214, _xlpm.custom_benefit,R214, _xlpm.custom_bc_ratio,(_xlpm.custom_benefit/_xlpm.custom_cost), _xlpm.measure_bc_ratio,IF(_xlpm.measure_type="custom",_xlpm.custom_bc_ratio,VLOOKUP(_xlpm.refno,'UES Measure List Oct 2026'!$A$3:$AI$2210,35,FALSE)), _xlpm.display,IF(ISBLANK(_xlpm.refno),"",_xlpm.measure_bc_ratio), _xlpm.display ) | T214: =IF(ISBLANK(B214),"",K214/$C$22) | U214: =IF(ISBLANK(B214),"",(T214*S214)) | V214: =IF(ISBLANK(B214),"",IF(E214="custom",IF(AND(K214>400000,S214<0.5),"yes","no"),"n/a")) | W214: x
B215: x | C215: x | D215: x | E215: x | F215: x | G215: x | H215: x | I215: x | J215: x | K215: =IFERROR(IF(ISBLANK(F215),"",IF(OR(MID($B215,6,1)="9",MID($B215,6,1)="8"),G215*IF(MID($B215,2,2)="LI",'Inflation Adjustment'!$J$9,'Inflation Adjustment'!$J$10),$F215*VLOOKUP($B215,'Reference ML'!$A$3:$M$2524,9,FALSE))),"") | L215: x | M215: x | N215: x | O215: x | P215: x | Q215: x | R215: x | S215: x | T215: x | U215: x | V215: x | W215: x

Sheet Custom Measure List Oct 26
A1: Custom and Lighting Calculator Measures | N1: Programs Available to Use this Measures RefNo
A2: Custom Measure RefNo | B2: Resource Opportunity Type | C2: Sector | D2: End Use | E2: Category | F2: Technology/Activity/Practice | G2: Default Load Shape | H2: Measure Life | I2: Project Cost Cap | J2: Avoided Cost per kWh | K2: 44652 | L2: 45200 | M2: 45931 | N2: Option 1 Custom Project (C1) | O2: Option 2 Custom Project (C2) | P2: Custom Program (CP) | Q2: Non-Residential Lighting (LC) | R2: Strategic Energy Management (SEM) | S2: Energy Project Manager (EPM) | T2: Compressed Air (CA) | U2: Re-conductor and Transformer (RT)
A3: CHVEN82015 | B3: R | C3: Commercial | D3: HVAC | E3: Envelope | F3: Air Sealing | G3: C-All-HVAC-ER-All-All-E | H3: 30 | I3: 0.7 | J3: 0.93701255 | K3: 0.13 | L3: 0.2 | M3: 0.2 | N3: 0.2 | O3: 0.2 | P3: 0.2 | Q3: 0.2 | R3: 0.2 | S3: 0.2 | T3: 0.2 | U3: 0.2 | V3: 0.2 | W3: 0.2 | X3: 0.2 | Y3: 0.2 | Z3: 0.2 | AA3: 0.2 | AB3: 0.2 | AC3: 0.2 | AD3: 0.23 | AE3: 0.23 | AF3: 0.23 | AG3: 0.38 | AH3: 0.38 | AI3: Yes | AJ3: Yes | AK3: Yes
A4: CHVEN92015 | B4: L | C4: Commercial | D4: HVAC | E4: Envelope | F4: Air Sealing | G4: C-All-HVAC-ER-All-All-E | H4: 30 | I4: 0.7 | J4: 0.93701255 | K4: 0.2 | L4: 0.27 | M4: 0.27 | N4: 0.27 | O4: 0.27 | P4: 0.27 | Q4: 0.27 | R4: 0.27 | S4: 0.27 | T4: 0.27 | U4: 0.27 | V4: 0.27 | W4: 0.27 | X4: 0.27 | Y4: 0.27 | Z4: 0.27 | AA4: 0.27 | AB4: 0.27 | AC4: 0.27 | AD4: 0.31 | AE4: 0.31 | AF4: 0.31 | AG4: 0.38 | AH4: 0.38 | AI4: Yes | AJ4: Yes | AK4: Yes
A5: IHVEN83018 | B5: R | C5: Industrial | D5: HVAC | E5: Envelope | F5: Air Sealing | G5: I-All-SecTotal-All-All-All-E | H5: 30 | I5: 0.7 | J5: 0.9016046 | K5: 0.12 | L5: 0.17 | M5: 0.17 | N5: 0.25 | O5: 0.25 | P5: 0.25 | Q5: 0.25 | R5: 0.35 | S5: 0.35 | T5: 0.35 | U5: 0.35 | V5: 0.35 | W5: 0.35 | X5: 0.35 | Y5: 0.35 | Z5: 0.35 | AA5: 0.35 | AB5: 0.35 | AC5: 0.35 | AD5: 0.35 | AE5: 0.35 | AF5: 0.35 | AG5: 0.38 | AH5: 0.38 | AI5: Yes | AJ5: Yes | AK5: Yes
A6: IHVEN93018 | B6: L | C6: Industrial | D6: HVAC | E6: Envelope | F6: Air Sealing | G6: I-All-SecTotal-All-All-All-E | H6: 30 | I6: 0.7 | J6: 0.9016046 | K6: 0.12 | L6: 0.27 | M6: 0.27 | N6: 0.27 | O6: 0.25 | P6: 0.25 | Q6: 0.25 | R6: 0.35 | S6: 0.35 | T6: 0.35 | U6: 0.35 | V6: 0.35 | W6: 0.35 | X6: 0.35 | Y6: 0.35 | Z6: 0.35 | AA6: 0.35 | AB6: 0.35 | AC6: 0.35 | AD6: 0.35 | AE6: 0.35 | AF6: 0.35 | AG6: 0.38 | AH6: 0.38 | AI6: Yes | AJ6: Yes | AK6: Yes
A7: RHVEN81007 | B7: R | C7: Residential | D7: HVAC | E7: Envelope | F7: Air Sealing | G7: R-All-HVAC-ER-All-All-E | H7: 15 | I7: 0.7 | J7: 0.73008569 | K7: 0.2 | L7: 0.27 | M7: 0.27 | N7: 0.27 | O7: 0.27 | P7: 0.27 | Q7: 0.27 | R7: 0.2 | S7: 0.2 | T7: 0.2 | U7: 0.2 | V7: 0.2 | W7: 0.2 | X7: 0.2 | Y7: 0.2 | Z7: 0.2 | AA7: 0.2 | AB7: 0.2 | AC7: 0.2 | AD7: 0.2 | AE7: 0.2 | AF7: 0.2 | AG7: 0.33 | AH7: 0.33 | AI7: Yes | AJ7: Yes | AK7: Yes
A8: RHVEN91007 | B8: L | C8: Residential | D8: HVAC | E8: Envelope | F8: Air Sealing | G8: R-All-HVAC-ER-All-All-E | H8: 15 | I8: 0.7 | J8: 0.73008569 | K8: 0.2 | L8: 0.27 | M8: 0.27 | N8: 0.27 | O8: 0.27 | P8: 0.27 | Q8: 0.27 | R8: 0.27 | S8: 0.27 | T8: 0.27 | U8: 0.27 | V8: 0.27 | W8: 0.27 | X8: 0.27 | Y8: 0.27 | Z8: 0.27 | AA8: 0.27 | AB8: 0.27 | AC8: 0.27 | AD8: 0.27 | AE8: 0.27 | AF8: 0.27 | AG8: 0.33 | AH8: 0.33 | AI8: Yes | AJ8: Yes | AK8: Yes
A9: CHVHI82025 | B9: R | C9: Commercial | D9: HVAC | E9: HVAC System Improvements | F9: Air-Source Heat Pumps | G9: Commercial-All Com-Vent | H9: 15 | I9: 0.7 | J9: 0.59221964 | K9: 0.13 | L9: 0.2 | M9: 0.2 | N9: 0.2 | O9: 0.2 | P9: 0.2 | Q9: 0.2 | R9: 0.2 | S9: 0.2 | T9: 0.2 | U9: 0.2 | V9: 0.2 | W9: 0.2 | X9: 0.2 | Y9: 0.2 | Z9: 0.2 | AA9: 0.2 | AB9: 0.2 | AC9: 0.2 | AD9: 0.23 | AE9: 0.23 | AF9: 0.23 | AG9: 0.33 | AH9: 0.33 | AI9: Yes | AJ9: Yes | AK9: Yes
A10: CHVHI92025 | B10: L | C10: Commercial | D10: HVAC | E10: HVAC System Improvements | F10: Air-Source Heat Pumps | G10: Commercial-All Com-Vent | H10: 15 | I10: 0.7 | J10: 0.59221964 | K10: 0.2 | L10: 0.27 | M10: 0.27 | N10: 0.27 | O10: 0.27 | P10: 0.27 | Q10: 0.27 | R10: 0.27 | S10: 0.27 | T10: 0.27 | U10: 0.27 | V10: 0.27 | W10: 0.27 | X10: 0.27 | Y10: 0.27 | Z10: 0.27 | AA10: 0.27 | AB10: 0.27 | AC10: 0.27 | AD10: 0.31 | AE10: 0.31 | AF10: 0.31 | AG10: 0.33 | AH10: 0.33 | AI10: Yes | AJ10: Yes | AK10: Yes
A11: IHVHI83028 | B11: R | C11: Industrial | D11: HVAC | E11: HVAC System Improvements | F11: Air-Source Heat Pumps | G11: I-All-SecTotal-All-All-All-E | H11: 15 | I11: 0.7 | J11: 0.62699629 | K11: 0.12 | L11: 0.17 | M11: 0.17 | N11: 0.25 | O11: 0.25 | P11: 0.25 | Q11: 0.25 | R11: 0.25 | S11: 0.25 | T11: 0.25 | U11: 0.25 | V11: 0.25 | W11: 0.25 | X11: 0.25 | Y11: 0.25 | Z11: 0.25 | AA11: 0.25 | AB11: 0.25 | AC11: 0.25 | AD11: 0.25 | AE11: 0.25 | AF11: 0.25 | AG11: 0.33 | AH11: 0.33 | AI11: Yes | AJ11: Yes | AK11: Yes
A12: IHVHI93028 | B12: L | C12: Industrial | D12: HVAC | E12: HVAC System Improvements | F12: Air-Source Heat Pumps | G12: I-All-SecTotal-All-All-All-E | H12: 15 | I12: 0.7 | J12: 0.62699629 | K12: 0.12 | L12: 0.27 | M12: 0.27 | N12: 0.27 | O12: 0.25 | P12: 0.25 | Q12: 0.25 | R12: 0.25 | S12: 0.25 | T12: 0.25 | U12: 0.25 | V12: 0.25 | W12: 0.25 | X12: 0.25 | Y12: 0.25 | Z12: 0.25 | AA12: 0.25 | AB12: 0.25 | AC12: 0.25 | AD12: 0.25 | AE12: 0.25 | AF12: 0.25 | AG12: 0.33 | AH12: 0.33 | AI12: Yes | AJ12: Yes | AK12: Yes
A13: RHVHS81002 | B13: R | C13: Residential | D13: HVAC | E13: HVAC System | F13: Air-Source Heat Pumps w/Duct Sealing | G13: R-All-HVAC-ASHP-All-All-E | H13: 20 | I13: 0.7 | J13: 0.90105369 | K13: 0.2 | L13: 0.27 | M13: 0.27 | N13: 0.27 | O13: 0.27 | P13: 0.27 | Q13: 0.27 | R13: 0.35 | S13: 0.35 | T13: 0.35 | U13: 0.35 | V13: 0.35 | W13: 0.35 | X13: 0.35 | Y13: 0.35 | Z13: 0.35 | AA13: 0.35 | AB13: 0.35 | AC13: 0.35 | AD13: 0.35 | AE13: 0.35 | AF13: 0.35 | AG13: 0.38 | AH13: 0.38 | AI13: Yes | AJ13: Yes | AK13: Yes
A14: RHVHS91002 | B14: L | C14: Residential | D14: HVAC | E14: HVAC System | F14: Air-Source Heat Pumps w/Duct Sealing | G14: R-All-HVAC-ASHP-All-All-E | H14: 20 | I14: 0.7 | J14: 0.90105369 | K14: 0.2 | L14: 0.27 | M14: 0.27 | N14: 0.27 | O14: 0.27 | P14: 0.27 | Q14: 0.27 | R14: 0.35 | S14: 0.35 | T14: 0.35 | U14: 0.35 | V14: 0.35 | W14: 0.35 | X14: 0.35 | Y14: 0.35 | Z14: 0.35 | AA14: 0.35 | AB14: 0.35 | AC14: 0.35 | AD14: 0.35 | AE14: 0.35 | AF14: 0.35 | AG14: 0.38 | AH14: 0.38 | AI14: Yes | AJ14: Yes | AK14: Yes
... A16: RHVHS91003 | B16: L | C16: Residential | D16: HVAC | E16: HVAC System | F16: Air-Source Heat Pumps w/o Duct Sealing | G16: R-All-HVAC-ASHP-All-All-E | H16: 20 | I16: 0.7 | J16: 0.90105369 | K16: 0.2 | L16: 0.27 | M16: 0.27 | N16: 0.27 | O16: 0.27 | P16: 0.27 | Q16: 0.27 | R16: 0.35 | S16: 0.35 | T16: 0.35 | U16: 0.35 | V16: 0.35 | W16: 0.35 | X16: 0.35 | Y16: 0.35 | Z16: 0.35 | AA16: 0.35 | AB16: 0.35 | AC16: 0.35 | AD16: 0.35 | AE16: 0.35 | AF16: 0.35 | AG16: 0.38 | AH16: 0.38 | AI16: Yes | AJ16: Yes | AK16: Yes
A17: IHVHI83183 | B17: R | C17: Industrial | D17: HVAC | E17: HVAC System Improvements | F17: Air-Source Industrial Heat Pump | G17: I-All-SecTotal-All-All-All-E | H17: 15 | I17: 0.7 | J17: 0.62699629 | K17: NA | L17: NA | M17: NA | N17: NA | O17: NA | P17: NA | Q17: NA | R17: NA | S17: NA | T17: NA | U17: NA | V17: NA | W17: NA | X17: NA | Y17: NA | Z17: NA | AA17: NA | AB17: NA | AC17: NA | AD17: NA | AE17: NA | AF17: NA | AG17: NA | AH17: 0.33 | AI17: Yes | AJ17: Yes | AK17: Yes
A18: IHVHI93183 | B18: L | C18: Industrial | D18: HVAC | E18: HVAC System Improvements | F18: Air-Source Industrial Heat Pump | G18: I-All-SecTotal-All-All-All-E | H18: 15 | I18: 0.7 | J18: 0.62699629 | K18: NA | L18: NA | M18: NA | N18: NA | O18: NA | P18: NA | Q18: NA | R18: NA | S18: NA | T18: NA | U18: NA | V18: NA | W18: NA | X18: NA | Y18: NA | Z18: NA | AA18: NA | AB18: NA | AC18: NA | AD18: NA | AE18: NA | AF18: NA | AG18: NA | AH18: 0.33 | AI18: Yes | AJ18: Yes | AK18: Yes
A19: IPLHR83184 | B19: R | C19: Industrial | D19: Process Loads | E19: Heat Recovery | F19: Air-Source Industrial Heat Pump | G19: I-All-SecTotal-All-All-All-E | H19: 15 | I19: 0.7 | J19: 0.62699629 | K19: NA | L19: NA | M19: NA | N19: NA | O19: NA | P19: NA | Q19: NA | R19: NA | S19: NA | T19: NA | U19: NA | V19: NA | W19: NA | X19: NA | Y19: NA | Z19: NA | AA19: NA | AB19: NA | AC19: NA | AD19: NA | AE19: NA | AF19: NA | AG19: NA | AH19: 0.33 | AI19: Yes | AJ19: Yes | AK19: Yes
A20: IPLHR93184 | B20: L | C20: Industrial | D20: Process Loads | E20: Heat Recovery | F20: Air-Source Industrial Heat Pump | G20: I-All-SecTotal-All-All-All-E | H20: 15 | I20: 0.7 | J20: 0.62699629 | K20: NA | L20: NA | M20: NA | N20: NA | O20: NA | P20: NA | Q20: NA | R20: NA | S20: NA | T20: NA | U20: NA | V20: NA | W20: NA | X20: NA | Y20: NA | Z20: NA | AA20: NA | AB20: NA | AC20: NA | AD20: NA | AE20: NA | AF20: NA | AG20: NA | AH20: 0.33 | AI20: Yes | AJ20: Yes | AK20: Yes
A21: IWHHR83185 | B21: R | C21: Industrial | D21: Water Heating | E21: Heat Recovery | F21: Air-Source Industrial Heat Pump | G21: I-All-SecTotal-All-All-All-E | H21: 15 | I21: 0.7 | J21: 0.62699629 | K21: NA | L21: NA | M21: NA | N21: NA | O21: NA | P21: NA | Q21: NA | R21: NA | S21: NA | T21: NA | U21: NA | V21: NA | W21: NA | X21: NA | Y21: NA | Z21: NA | AA21: NA | AB21: NA | AC21: NA | AD21: NA | AE21: NA | AF21: NA | AG21: NA | AH21: 0.33 | AI21: Yes | AJ21: Yes | AK21: Yes
A22: IWHHR93185 | B22: L | C22: Industrial | D22: Water Heating | E22: Heat Recovery | F22: Air-Source Industrial Heat Pump | G22: I-All-SecTotal-All-All-All-E | H22: 15 | I22: 0.7 | J22: 0.62699629 | K22: NA | L22: NA | M22: NA | N22: NA | O22: NA | P22: NA | Q22: NA | R22: NA | S22: NA | T22: NA | U22: NA | V22: NA | W22: NA | X22: NA | Y22: NA | Z22: NA | AA22: NA | AB22: NA | AC22: NA | AD22: NA | AE22: NA | AF22: NA | AG22: NA | AH22: 0.33 | AI22: Yes | AJ22: Yes | AK22: Yes
A23: RWBWB81001 | B23: R | C23: Residential | D23: Whole Bldg/Meter Level | E23: Whole Bldg/Meter Level System Improvements | F23: Behavioral | G23: R-All-Bld-Bldg-All-All-R | H23: 1 | I23: 0.7 | J23: 0.070967134 | K23: NA | L23: NA | M23: NA | N23: NA | O23: NA | P23: NA | Q23: NA | R23: NA | S23: NA | T23: NA | U23: NA | V23: NA | W23: NA | X23: NA | Y23: NA | Z23: NA | AA23: 0.025 | AB23: 0.025 | AC23: 0.025 | AD23: 0.025 | AE23: 0.025 | AF23: 0.025 | AG23: 0.025 | AH23: 0.025 | AK23: Yes
A24: RWBWB91001 | B24: L | C24: Residential | D24: Whole Bldg/Meter Level | E24: Whole Bldg/Meter Level System Improvements | F24: Behavioral | G24: R-All-Bld-Bldg-All-All-R | H24: 1 | I24: 0.7 | J24: 0.070967134 | K24: NA | L24: NA | M24: NA | N24: NA | O24: NA | P24: NA | Q24: NA | R24: NA | S24: NA | T24: NA | U24: NA | V24: NA | W24: NA | X24: NA | Y24: NA | Z24: NA | AA24: 0.025 | AB24: 0.025 | AC24: 0.025 | AD24: 0.025 | AE24: 0.025 | AF24: 0.025 | AG24: 0.025 | AH24: 0.025 | AK24: Yes
A25: IPLPF83097 | B25: R | C25: Industrial | D25: Process Loads | E25: Pumps and Fans | F25: Blower System Improvements | G25: I-All-SecTotal-All-All-All-E | H25: 10 | I25: 0.7 | J25: 0.45890208 | K25: 0.2 | L25: 0.27 | M25: 0.27 | N25: 0.27 | O25: 0.27 | P25: 0.27 | Q25: 0.27 | R25: 0.25 | S25: 0.25 | T25: 0.25 | U25: 0.25 | V25: 0.25 | W25: 0.25 | X25: 0.25 | Y25: 0.25 | Z25: 0.25 | AA25: 0.25 | AB25: 0.25 | AC25: 0.25 | AD25: 0.25 | AE25: 0.25 | AF25: 0.25 | AG25: 0.33 | AH25: 0.33 | AI25: Yes | AJ25: Yes | AK25: Yes
A26: IPLPF93097 | B26: L | C26: Industrial | D26: Process Loads | E26: Pumps and Fans | F26: Blower System Improvements | G26: I-All-SecTotal-All-All-All-E | H26: 10 | I26: 0.7 | J26: 0.45890208 | K26: 0.2 | L26: 0.27 | M26: 0.27 | N26: 0.27 | O26: 0.27 | P26: 0.27 | Q26: 0.27 | R26: 0.25 | S26: 0.25 | T26: 0.25 | U26: 0.25 | V26: 0.25 | W26: 0.25 | X26: 0.25 | Y26: 0.25 | Z26: 0.25 | AA26: 0.25 | AB26: 0.25 | AC26: 0.25 | AD26: 0.25 | AE26: 0.25 | AF26: 0.25 | AG26: 0.33 | AH26: 0.33 | AI26: Yes | AJ26: Yes | AK26: Yes
A27: CHVHI82026 | B27: R | C27: Commercial | D27: HVAC | E27: HVAC System Improvements | F27: Building Commissioning Improvements | G27: Commercial-All Com-Vent | H27: 15 | I27: 0.7 | J27: 0.59221964 | K27: 0.13 | L27: 0.2 | M27: 0.2 | N27: 0.2 | O27: 0.2 | P27: 0.2 | Q27: 0.2 | R27: 0.2 | S27: 0.2 | T27: 0.2 | U27: 0.2 | V27: 0.2 | W27: 0.2 | X27: 0.2 | Y27: 0.2 | Z27: 0.2 | AA27: 0.2 | AB27: 0.2 | AC27: 0.2 | AD27: 0.23 | AE27: 0.23 | AF27: 0.23 | AG27: 0.33 | AH27: 0.33 | AI27: Yes | AJ27: Yes | AK27: Yes
A28: CHVHI92026 | B28: L | C28: Commercial | D28: HVAC | E28: HVAC System Improvements | F28: Building Commissioning Improvements | G28: Commercial-All Com-Vent | H28: 15 | I28: 0.7 | J28: 0.59221964 | K28: 0.2 | L28: 0.27 | M28: 0.27 | N28: 0.27 | O28: 0.27 | P28: 0.27 | Q28: 0.27 | R28: 0.27 | S28: 0.27 | T28: 0.27 | U28: 0.27 | V28: 0.27 | W28: 0.27 | X28: 0.27 | Y28: 0.27 | Z28: 0.27 | AA28: 0.27 | AB28: 0.27 | AC28: 0.27 | AD28: 0.31 | AE28: 0.31 | AF28: 0.31 | AG28: 0.33 | AH28: 0.33 | AI28: Yes | AJ28: Yes | AK28: Yes
A29: CRERI82082 | B29: R | C29: Commercial | D29: Refrigeration | E29: Refrigeration System Improvements | F29: Building Commissioning Improvements | G29: C-All-Ref-Refrig-All-All-C | H29: 15 | I29: 0.7 | J29: 0.62860243 | K29: 0.13 | L29: 0.2 | M29: 0.2 | N29: 0.2 | O29: 0.2 | P29: 0.2 | Q29: 0.2 | R29: 0.2 | S29: 0.2 | T29: 0.2 | U29: 0.2 | V29: 0.2 | W29: 0.2 | X29: 0.2 | Y29: 0.2 | Z29: 0.2 | AA29: 0.2 | AB29: 0.2 | AC29: 0.2 | AD29: 0.2 | AE29: 0.2 | AF29: 0.2 | AG29: 0.33 | AH29: 0.33 | AI29: Yes | AJ29: Yes | AK29: Yes
A30: CRERI92082 | B30: L | C30: Commercial | D30: Refrigeration | E30: Refrigeration System Improvements | F30: Building Commissioning Improvements | G30: C-All-Ref-Refrig-All-All-C | H30: 15 | I30: 0.7 | J30: 0.62860243 | K30: 0.2 | L30: 0.27 | M30: 0.27 | N30: 0.27 | O30: 0.27 | P30: 0.27 | Q30: 0.27 | R30: 0.27 | S30: 0.27 | T30: 0.27 | U30: 0.27 | V30: 0.27 | W30: 0.27 | X30: 0.27 | Y30: 0.27 | Z30: 0.27 | AA30: 0.27 | AB30: 0.27 | AC30: 0.27 | AD30: 0.27 | AE30: 0.27 | AF30: 0.27 | AG30: 0.33 | AH30: 0.33 | AI30: Yes | AJ30: Yes | AK30: Yes
A31: CWBWB82128 | B31: R | C31: Commercial | D31: Whole Bldg/Meter Level | E31: Whole Bldg/Meter Level System Improvements | F31: Building Commissioning Improvements | G31: C-All-SecTotal-ER-All-All-E | H31: 3 | I31: 0.7 | J31: 0.17866649 | K31: NA | L31: NA | M31: NA | N31: NA | O31: NA | P31: NA | Q31: NA | R31: NA | S31: NA | T31: NA | U31: NA | V31: NA | W31: NA | X31: NA | Y31: NA | Z31: NA | AA31: NA | AB31: 0.05 | AC31: 0.05 | AD31: 0.05 | AE31: 0.05 | AF31: 0.05 | AG31: 0.06 | AH31: 0.06 | AI31: Yes | AJ31: Yes | AK31: Yes
A32: CWBWB92128 | B32: L | C32: Commercial | D32: Whole Bldg/Meter Level | E32: Whole Bldg/Meter Level System Improvements | F32: Building Commissioning Improvements | G32: C-All-SecTotal-ER-All-All-E | H32: 3 | I32: 0.7 | J32: 0.17866649 | K32: 0.13 | L32: 0.2 | M32: 0.2 | N32: 0.2 | O32: 0.2 | P32: 0.2 | Q32: 0.2 | R32: 0.2 | S32: 0.2 | T32: 0.2 | U32: 0.2 | V32: 0.2 | W32: 0.2 | X32: 0.2 | Y32: 0.2 | Z32: 0.2 | AA32: 0.2 | AB32: 0.2 | AC32: 0.2 | AD32: 0.2 | AE32: 0.2 | AF32: 0.2 | AG32: 0.06 | AH32: 0.06 | AI32: Yes | AJ32: Yes | AK32: Yes
A33: IHVHI83029 | B33: R | C33: Industrial | D33: HVAC | E33: HVAC System Improvements | F33: Building Commissioning Improvements | G33: I-All-SecTotal-All-All-All-E | H33: 15 | I33: 0.7 | J33: 0.62699629 | K33: 0.12 | L33: 0.17 | M33: 0.17 | N33: 0.25 | O33: 0.25 | P33: 0.25 | Q33: 0.25 | R33: 0.25 | S33: 0.25 | T33: 0.25 | U33: 0.25 | V33: 0.25 | W33: 0.25 | X33: 0.25 | Y33: 0.25 | Z33: 0.25 | AA33: 0.25 | AB33: 0.25 | AC33: 0.25 | AD33: 0.25 | AE33: 0.25 | AF33: 0.25 | AG33: 0.33 | AH33: 0.33 | AI33: Yes | AJ33: Yes | AK33: Yes
A34: IHVHI93029 | B34: L | C34: Industrial | D34: HVAC | E34: HVAC System Improvements | F34: Building Commissioning Improvements | G34: I-All-SecTotal-All-All-All-E | H34: 15 | I34: 0.7 | J34: 0.62699629 | K34: 0.12 | L34: 0.27 | M34: 0.27 | N34: 0.27 | O34: 0.25 | P34: 0.25 | Q34: 0.25 | R34: 0.25 | S34: 0.25 | T34: 0.25 | U34: 0.25 | V34: 0.25 | W34: 0.25 | X34: 0.25 | Y34: 0.25 | Z34: 0.25 | AA34: 0.25 | AB34: 0.25 | AC34: 0.25 | AD34: 0.25 | AE34: 0.25 | AF34: 0.25 | AG34: 0.33 | AH34: 0.33 | AI34: Yes | AJ34: Yes | AK34: Yes
A35: IRERI83081 | B35: R | C35: Industrial | D35: Refrigeration | E35: Refrigeration System Improvements | F35: Building Commissioning Improvements | G35: C-All-Ref-Refrig-All-All-C | H35: 15 | I35: 0.7 | J35: 0.62860243 | K35: 0.2 | L35: 0.27 | M35: 0.27 | N35: 0.27 | O35: 0.27 | P35: 0.27 | Q35: 0.27 | R35: 0.25 | S35: 0.25 | T35: 0.25 | U35: 0.25 | V35: 0.25 | W35: 0.25 | X35: 0.25 | Y35: 0.25 | Z35: 0.25 | AA35: 0.25 | AB35: 0.25 | AC35: 0.25 | AD35: 0.25 | AE35: 0.25 | AF35: 0.25 | AG35: 0.33 | AH35: NA | AI35: Yes | AJ35: Yes | AK35: Yes
A36: IRERI93081 | B36: L | C36: Industrial | D36: Refrigeration | E36: Refrigeration System Improvements | F36: Building Commissioning Improvements | G36: C-All-Ref-Refrig-All-All-C | H36: 15 | I36: 0.7 | J36: 0.62860243 | K36: 0.2 | L36: 0.27 | M36: 0.27 | N36: 0.27 | O36: 0.27 | P36: 0.27 | Q36: 0.27 | R36: 0.25 | S36: 0.25 | T36: 0.25 | U36: 0.25 | V36: 0.25 | W36: 0.25 | X36: 0.25 | Y36: 0.25 | Z36: 0.25 | AA36: 0.25 | AB36: 0.25 | AC36: 0.25 | AD36: 0.25 | AE36: 0.25 | AF36: 0.25 | AG36: 0.33 | AH36: NA | AI36: Yes | AJ36: Yes | AK36: Yes
A37: AIRCP84012 | B37: R | C37: Agricultural | D37: Irrigation | E37: Center Pivot System and Equipment | F37: Center Pivot Conversions | G37: A-Irr-Irr-Irrigation-All-All-E | H37: 10 | I37: 0.7 | J37: 0.46921265 | K37: 0.15 | L37: 0.2 | M37: 0.2 | N37: 0.2 | O37: 0.25 | P37: 0.25 | Q37: 0.25 | R37: 0.25 | S37: 0.25 | T37: 0.25 | U37: 0.25 | V37: 0.25 | W37: 0.25 | X37: 0.25 | Y37: 0.25 | Z37: 0.25 | AA37: 0.25 | AB37: 0.25 | AC37: 0.25 | AD37: 0.25 | AE37: 0.25 | AF37: 0.25 | AG37: 0.33 | AH37: 0.33 | AI37: Yes | AJ37: Yes | AK37: Yes
A38: AIRCP94012 | B38: L | C38: Agricultural | D38: Irrigation | E38: Center Pivot System and Equipment | F38: Center Pivot Conversions | G38: A-Irr-Irr-Irrigation-All-All-E | H38: 10 | I38: 0.7 | J38: 0.46921265 | K38: 0.15 | L38: 0.27 | M38: 0.27 | N38: 0.27 | O38: 0.27 | P38: 0.27 | Q38: 0.27 | R38: 0.27 | S38: 0.27 | T38: 0.27 | U38: 0.27 | V38: 0.27 | W38: 0.27 | X38: 0.27 | Y38: 0.27 | Z38: 0.27 | AA38: 0.27 | AB38: 0.27 | AC38: 0.27 | AD38: 0.27 | AE38: 0.27 | AF38: 0.27 | AG38: 0.33 | AH38: 0.33 | AI38: Yes | AJ38: Yes | AK38: Yes
A39: CHVHI82027 | B39: R | C39: Commercial | D39: HVAC | E39: HVAC System Improvements | F39: Centrifugal Chiller Improvements | G39: Commercial-All Com-Cool | H39: 20 | I39: 0.7 | J39: 0.70116811 | K39: 0.13 | L39: 0.2 | M39: 0.2 | N39: 0.2 | O39: 0.2 | P39: 0.2 | Q39: 0.2 | R39: 0.2 | S39: 0.2 | T39: 0.2 | U39: 0.2 | V39: 0.2 | W39: 0.2 | X39: 0.2 | Y39: 0.2 | Z39: 0.2 | AA39: 0.2 | AB39: 0.2 | AC39: 0.2 | AD39: 0.23 | AE39: 0.23 | AF39: 0.23 | AG39: 0.33 | AH39: 0.38 | AI39: Yes | AJ39: Yes | AK39: Yes
A40: CHVHI92027 | B40: L | C40: Commercial | D40: HVAC | E40: HVAC System Improvements | F40: Centrifugal Chiller Improvements | G40: Commercial-All Com-Cool | H40: 20 | I40: 0.7 | J40: 0.70116811 | K40: 0.2 | L40: 0.27 | M40: 0.27 | N40: 0.27 | O40: 0.27 | P40: 0.27 | Q40: 0.27 | R40: 0.27 | S40: 0.27 | T40: 0.27 | U40: 0.27 | V40: 0.27 | W40: 0.27 | X40: 0.27 | Y40: 0.27 | Z40: 0.27 | AA40: 0.27 | AB40: 0.27 | AC40: 0.27 | AD40: 0.31 | AE40: 0.31 | AF40: 0.31 | AG40: 0.33 | AH40: 0.38 | AI40: Yes | AJ40: Yes | AK40: Yes
A41: IHVHI83030 | B41: R | C41: Industrial | D41: HVAC | E41: HVAC System Improvements | F41: Centrifugal Chiller Improvements | G41: I-All-SecTotal-All-All-All-E | H41: 20 | I41: 0.7 | J41: 0.74901333 | K41: 0.12 | L41: 0.17 | M41: 0.17 | N41: 0.25 | O41: 0.25 | P41: 0.25 | Q41: 0.25 | R41: 0.25 | S41: 0.25 | T41: 0.25 | U41: 0.25 | V41: 0.25 | W41: 0.25 | X41: 0.25 | Y41: 0.25 | Z41: 0.25 | AA41: 0.25 | AB41: 0.25 | AC41: 0.25 | AD41: 0.25 | AE41: 0.25 | AF41: 0.25 | AG41: 0.33 | AH41: 0.38 | AI41: Yes | AJ41: Yes | AK41: Yes
A42: IHVHI93030 | B42: L | C42: Industrial | D42: HVAC | E42: HVAC System Improvements | F42: Centrifugal Chiller Improvements | G42: I-All-SecTotal-All-All-All-E | H42: 20 | I42: 0.7 | J42: 0.74901333 | K42: 0.12 | L42: 0.27 | M42: 0.27 | N42: 0.27 | O42: 0.25 | P42: 0.25 | Q42: 0.25 | R42: 0.25 | S42: 0.25 | T42: 0.25 | U42: 0.25 | V42: 0.25 | W42: 0.25 | X42: 0.25 | Y42: 0.25 | Z42: 0.25 | AA42: 0.25 | AB42: 0.25 | AC42: 0.25 | AD42: 0.25 | AE42: 0.25 | AF42: 0.25 | AG42: 0.33 | AH42: 0.38 | AI42: Yes | AJ42: Yes | AK42: Yes
A43: AIRPF84038 | B43: R | C43: Agricultural | D43: Irrigation | E43: Pumps and Fans | F43: Centrifugal Pump System Improvements | G43: A-Irr-Irr-Irrigation-All-All-E | H43: 10 | I43: 0.7 | J43: 0.46921265 | K43: 0.15 | L43: 0.2 | M43: 0.2 | N43: 0.2 | O43: 0.25 | P43: 0.25 | Q43: 0.25 | R43: 0.25 | S43: 0.25 | T43: 0.25 | U43: 0.25 | V43: 0.25 | W43: 0.25 | X43: 0.25 | Y43: 0.25 | Z43: 0.25 | AA43: 0.25 | AB43: 0.25 | AC43: 0.25 | AD43: 0.25 | AE43: 0.25 | AF43: 0.25 | AG43: 0.33 | AH43: 0.33 | AI43: Yes | AJ43: Yes | AK43: Yes
A44: AIRPF94038 | B44: L | C44: Agricultural | D44: Irrigation | E44: Pumps and Fans | F44: Centrifugal Pump System Improvements | G44: A-Irr-Irr-Irrigation-All-All-E | H44: 10 | I44: 0.7 | J44: 0.46921265 | K44: 0.15 | L44: 0.27 | M44: 0.27 | N44: 0.27 | O44: 0.27 | P44: 0.27 | Q44: 0.27 | R44: 0.27 | S44: 0.27 | T44: 0.27 | U44: 0.27 | V44: 0.27 | W44: 0.27 | X44: 0.27 | Y44: 0.27 | Z44: 0.27 | AA44: 0.27 | AB44: 0.27 | AC44: 0.27 | AD44: 0.27 | AE44: 0.27 | AF44: 0.27 | AG44: 0.33 | AH44: 0.33 | AI44: Yes | AJ44: Yes | AK44: Yes
A45: CPLPF82068 | B45: R | C45: Commercial | D45: Process Loads | E45: Pumps and Fans | F45: Centrifugal Pump System Improvements | G45: Commercial-All Com-Vent | H45: 10 | I45: 0.7 | J45: 0.43297208 | K45: 0.13 | L45: 0.2 | M45: 0.2 | N45: 0.2 | O45: 0.2 | P45: 0.2 | Q45: 0.2 | R45: 0.2 | S45: 0.2 | T45: 0.2 | U45: 0.2 | V45: 0.2 | W45: 0.2 | X45: 0.2 | Y45: 0.2 | Z45: 0.2 | AA45: 0.2 | AB45: 0.2 | AC45: 0.2 | AD45: 0.2 | AE45: 0.2 | AF45: 0.2 | AG45: 0.33 | AH45: 0.33 | AI45: Yes | AJ45: Yes | AK45: Yes
A46: CPLPF92068 | B46: L | C46: Commercial | D46: Process Loads | E46: Pumps and Fans | F46: Centrifugal Pump System Improvements | G46: Commercial-All Com-Vent | H46: 10 | I46: 0.7 | J46: 0.43297208 | K46: 0.2 | L46: 0.27 | M46: 0.27 | N46: 0.27 | O46: 0.27 | P46: 0.27 | Q46: 0.27 | R46: 0.27 | S46: 0.27 | T46: 0.27 | U46: 0.27 | V46: 0.27 | W46: 0.27 | X46: 0.27 | Y46: 0.27 | Z46: 0.27 | AA46: 0.27 | AB46: 0.27 | AC46: 0.27 | AD46: 0.27 | AE46: 0.27 | AF46: 0.27 | AG46: 0.33 | AH46: 0.33 | AI46: Yes | AJ46: Yes | AK46: Yes
A47: IPLPF83067 | B47: R | C47: Industrial | D47: Process Loads | E47: Pumps and Fans | F47: Centrifugal Pump System Improvements | G47: I-All-SecTotal-All-All-All-E | H47: 10 | I47: 0.7 | J47: 0.45890208 | K47: 0.2 | L47: 0.27 | M47: 0.27 | N47: 0.27 | O47: 0.27 | P47: 0.27 | Q47: 0.27 | R47: 0.25 | S47: 0.25 | T47: 0.25 | U47: 0.25 | V47: 0.25 | W47: 0.25 | X47: 0.25 | Y47: 0.25 | Z47: 0.25 | AA47: 0.25 | AB47: 0.25 | AC47: 0.25 | AD47: 0.25 | AE47: 0.25 | AF47: 0.25 | AG47: 0.33 | AH47: 0.33 | AI47: Yes | AJ47: Yes | AK47: Yes
A48: IPLPF93067 | B48: L | C48: Industrial | D48: Process Loads | E48: Pumps and Fans | F48: Centrifugal Pump System Improvements | G48: I-All-SecTotal-All-All-All-E | H48: 10 | I48: 0.7 | J48: 0.45890208 | K48: 0.2 | L48: 0.27 | M48: 0.27 | N48: 0.27 | O48: 0.27 | P48: 0.27 | Q48: 0.27 | R48: 0.25 | S48: 0.25 | T48: 0.25 | U48: 0.25 | V48: 0.25 | W48: 0.25 | X48: 0.25 | Y48: 0.25 | Z48: 0.25 | AA48: 0.25 | AB48: 0.25 | AC48: 0.25 | AD48: 0.25 | AE48: 0.25 | AF48: 0.25 | AG48: 0.33 | AH48: 0.33 | AI48: Yes | AJ48: Yes | AK48: Yes
... A56: CRERI92083 | B56: L | C56: Commercial | D56: Refrigeration | E56: Refrigeration System Improvements | F56: Chiller Improvements | G56: C-All-Ref-Refrig-All-All-C | H56: 15 | I56: 0.7 | J56: 0.62860243 | K56: 0.2 | L56: 0.27 | M56: 0.27 | N56: 0.27 | O56: 0.27 | P56: 0.27 | Q56: 0.27 | R56: 0.27 | S56: 0.27 | T56: 0.27 | U56: 0.27 | V56: 0.27 | W56: 0.27 | X56: 0.27 | Y56: 0.27 | Z56: 0.27 | AA56: 0.27 | AB56: 0.27 | AC56: 0.27 | AD56: 0.27 | AE56: 0.27 | AF56: 0.27 | AG56: 0.33 | AH56: 0.33 | AI56: Yes | AJ56: Yes | AK56: Yes
A57: IPLPX83186 | B57: R | C57: Industrial | D57: Process Loads | E57: Process Load Cooling | F57: Chiller Improvements | G57: I-All-SecTotal-All-All-All-E | H57: 20 | I57: 0.7 | J57: 0.74901333 | K57: NA | L57: NA | M57: NA | N57: NA | O57: NA | P57: NA | Q57: NA | R57: NA | S57: NA | T57: NA | U57: NA | V57: NA | W57: NA | X57: NA | Y57: NA | Z57: NA | AA57: NA | AB57: NA | AC57: NA | AD57: NA | AE57: NA | AF57: NA | AG57: NA | AH57: 0.38 | AI57: Yes | AJ57: Yes | AK57: Yes
A58: IPLPX93186 | B58: L | C58: Industrial | D58: Process Loads | E58: Process Load Cooling | F58: Chiller Improvements | G58: I-All-SecTotal-All-All-All-E | H58: 20 | I58: 0.7 | J58: 0.74901333 | K58: NA | L58: NA | M58: NA | N58: NA | O58: NA | P58: NA | Q58: NA | R58: NA | S58: NA | T58: NA | U58: NA | V58: NA | W58: NA | X58: NA | Y58: NA | Z58: NA | AA58: NA | AB58: NA | AC58: NA | AD58: NA | AE58: NA | AF58: NA | AG58: NA | AH58: 0.38 | AI58: Yes | AJ58: Yes | AK58: Yes
A59: IRERI83082 | B59: R | C59: Industrial | D59: Refrigeration | E59: Refrigeration System Improvements | F59: Chiller Improvements | G59: C-All-Ref-Refrig-All-All-C | H59: 15 | I59: 0.7 | J59: 0.62860243 | K59: 0.2 | L59: 0.27 | M59: 0.27 | N59: 0.27 | O59: 0.27 | P59: 0.27 | Q59: 0.27 | R59: 0.25 | S59: 0.25 | T59: 0.25 | U59: 0.25 | V59: 0.25 | W59: 0.25 | X59: 0.25 | Y59: 0.25 | Z59: 0.25 | AA59: 0.25 | AB59: 0.25 | AC59: 0.25 | AD59: 0.25 | AE59: 0.25 | AF59: 0.25 | AG59: 0.33 | AH59: NA | AI59: Yes | AJ59: Yes | AK59: Yes
A60: IRERI93082 | B60: L | C60: Industrial | D60: Refrigeration | E60: Refrigeration System Improvements | F60: Chiller Improvements | G60: C-All-Ref-Refrig-All-All-C | H60: 15 | I60: 0.7 | J60: 0.62860243 | K60: 0.2 | L60: 0.27 | M60: 0.27 | N60: 0.27 | O60: 0.27 | P60: 0.27 | Q60: 0.27 | R60: 0.25 | S60: 0.25 | T60: 0.25 | U60: 0.25 | V60: 0.25 | W60: 0.25 | X60: 0.25 | Y60: 0.25 | Z60: 0.25 | AA60: 0.25 | AB60: 0.25 | AC60: 0.25 | AD60: 0.25 | AE60: 0.25 | AF60: 0.25 | AG60: 0.33 | AH60: NA | AI60: Yes | AJ60: Yes | AK60: Yes
A61: RELPL91001 | B61: L | C61: Residential | D61: Electronics | E61: Plug Load | F61: Clothes Dryers | G61: R-All-Plug-Dryer-All-All-R | H61: 12 | I61: 0.7 | J61: 0.57490639 | K61: NA | L61: NA | M61: NA | N61: NA | O61: NA | P61: NA | Q61: NA | R61: NA | S61: NA | T61: NA | U61: NA | V61: NA | W61: NA | X61: NA | Y61: NA | Z61: NA | AA61: NA | AB61: 0.27 | AC61: 0.27 | AD61: 0.27 | AE61: 0.27 | AF61: 0.27 | AG61: 0.33 | AH61: 0.33 | AI61: Yes | AJ61: Yes | AK61: Yes
A62: RWHWU91001 | B62: L | C62: Residential | D62: Water Heating | E62: Water Using Devices | F62: Clothes Washers | G62: R-All-WH-Cwash-All-All-R | H62: 14 | I62: 0.7 | J62: 0.58927653 | K62: NA | L62: NA | M62: NA | N62: NA | O62: NA | P62: NA | Q62: NA | R62: NA | S62: NA | T62: NA | U62: NA | V62: NA | W62: NA | X62: NA | Y62: NA | Z62: NA | AA62: NA | AB62: 0.27 | AC62: 0.27 | AD62: 0.27 | AE62: 0.27 | AF62: 0.27 | AG62: 0.33 | AH62: 0.33 | AI62: Yes | AJ62: Yes | AK62: Yes
A63: ALILB84100 | B63: R | C63: Agricultural | D63: Lighting | E63: Lamps/Ballasts/Fixtures | F63: Compact Fluorescents | G63: Commercial-All Com-IntLight | H63: 12 | I63: 0.7 | J63: 0.50142386 | K63: 0.2 | L63: 0.27 | M63: 0.27 | N63: 0.27 | O63: 0.27 | P63: 0.27 | Q63: 0.27 | R63: 0.18 | S63: 0.18 | T63: 0.18 | U63: 0.18 | V63: 0.18 | W63: 0.18 | X63: 0.18 | Y63: 0.18 | Z63: 0.18 | AA63: 0.18 | AB63: NA | AC63: NA | AD63: NA | AE63: NA | AF63: NA | AG63: NA | AH63: NA | AI63: Yes | AJ63: Yes
A64: ALILB94100 | B64: L | C64: Agricultural | D64: Lighting | E64: Lamps/Ballasts/Fixtures | F64: Compact Fluorescents | G64: Commercial-All Com-IntLight | H64: 12 | I64: 0.7 | J64: 0.50142386 | K64: 0.2 | L64: 0.27 | M64: 0.27 | N64: 0.27 | O64: 0.27 | P64: 0.27 | Q64: 0.27 | R64: 0.18 | S64: 0.18 | T64: 0.18 | U64: 0.18 | V64: 0.18 | W64: 0.18 | X64: 0.18 | Y64: 0.18 | Z64: 0.18 | AA64: 0.18 | AB64: NA | AC64: NA | AD64: NA | AE64: NA | AF64: NA | AG64: NA | AH64: NA | AI64: Yes | AJ64: Yes
A65: CLILB82105 | B65: R | C65: Commercial | D65: Lighting | E65: Lamps/Ballasts/Fixtures | F65: Compact Fluorescents | G65: Commercial-All Com-IntLight | H65: 12 | I65: 0.7 | J65: 0.50142386 | K65: 0.13 | L65: 0.2 | M65: 0.2 | N65: 0.2 | O65: 0.2 | P65: 0.2 | Q65: 0.2 | R65: 0.18 | S65: 0.18 | T65: 0.18 | U65: 0.18 | V65: 0.18 | W65: 0.18 | X65: 0.18 | Y65: 0.18 | Z65: 0.18 | AA65: 0.18 | AB65: NA | AC65: NA | AD65: NA | AE65: NA | AF65: NA | AG65: NA | AH65: NA | AI65: Yes | AJ65: Yes
A66: CLILB92105 | B66: L | C66: Commercial | D66: Lighting | E66: Lamps/Ballasts/Fixtures | F66: Compact Fluorescents | G66: Commercial-All Com-IntLight | H66: 12 | I66: 0.7 | J66: 0.50142386 | K66: 0.2 | L66: 0.27 | M66: 0.27 | N66: 0.27 | O66: 0.27 | P66: 0.27 | Q66: 0.27 | R66: 0.18 | S66: 0.18 | T66: 0.18 | U66: 0.18 | V66: 0.18 | W66: 0.18 | X66: 0.18 | Y66: 0.18 | Z66: 0.18 | AA66: 0.18 | AB66: NA | AC66: NA | AD66: NA | AE66: NA | AF66: NA | AG66: NA | AH66: NA | AI66: Yes | AJ66: Yes
A67: ILILB83099 | B67: R | C67: Industrial | D67: Lighting | E67: Lamps/Ballasts/Fixtures | F67: Compact Fluorescents | G67: Commercial-All Com-IntLight | H67: 12 | I67: 0.7 | J67: 0.50142386 | K67: 0.2 | L67: 0.27 | M67: 0.27 | N67: 0.27 | O67: 0.27 | P67: 0.27 | Q67: 0.27 | R67: 0.18 | S67: 0.18 | T67: 0.18 | U67: 0.18 | V67: 0.18 | W67: 0.18 | X67: 0.18 | Y67: 0.18 | Z67: 0.18 | AA67: 0.18 | AB67: NA | AC67: NA | AD67: NA | AE67: NA | AF67: NA | AG67: NA | AH67: NA | AI67: Yes | AJ67: Yes
A68: ILILB93099 | B68: L | C68: Industrial | D68: Lighting | E68: Lamps/Ballasts/Fixtures | F68: Compact Fluorescents | G68: Commercial-All Com-IntLight | H68: 12 | I68: 0.7 | J68: 0.50142386 | K68: 0.2 | L68: 0.27 | M68: 0.27 | N68: 0.27 | O68: 0.27 | P68: 0.27 | Q68: 0.27 | R68: 0.18 | S68: 0.18 | T68: 0.18 | U68: 0.18 | V68: 0.18 | W68: 0.18 | X68: 0.18 | Y68: 0.18 | Z68: 0.18 | AA68: 0.18 | AB68: NA | AC68: NA | AD68: NA | AE68: NA | AF68: NA | AG68: NA | AH68: NA | AI68: Yes | AJ68: Yes
A69: ACACC84001 | B69: R | C69: Agricultural | D69: Compressed Air | E69: Compressed Air System Controls | F69: Compressed Air Control Improvements (non-VFD) | G69: FLAT-System | H69: 10 | I69: 0.7 | J69: 0.46104 | K69: 0.15 | L69: 0.2 | M69: 0.2 | N69: 0.2 | O69: 0.25 | P69: 0.25 | Q69: 0.25 | R69: 0.25 | S69: 0.25 | T69: 0.25 | U69: 0.25 | V69: 0.25 | W69: 0.25 | X69: 0.25 | Y69: 0.25 | Z69: 0.25 | AA69: 0.25 | AB69: 0.25 | AC69: 0.25 | AD69: 0.25 | AE69: 0.25 | AF69: 0.25 | AG69: 0.33 | AH69: 0.33 | AI69: Yes | AJ69: Yes | AK69: Yes
A70: ACACC94001 | B70: L | C70: Agricultural | D70: Compressed Air | E70: Compressed Air System Controls | F70: Compressed Air Control Improvements (non-VFD) | G70: FLAT-System | H70: 10 | I70: 0.7 | J70: 0.46104 | K70: 0.15 | L70: 0.27 | M70: 0.27 | N70: 0.27 | O70: 0.27 | P70: 0.27 | Q70: 0.27 | R70: 0.27 | S70: 0.27 | T70: 0.27 | U70: 0.27 | V70: 0.27 | W70: 0.27 | X70: 0.27 | Y70: 0.27 | Z70: 0.27 | AA70: 0.27 | AB70: 0.27 | AC70: 0.27 | AD70: 0.27 | AE70: 0.27 | AF70: 0.27 | AG70: 0.33 | AH70: 0.33 | AI70: Yes | AJ70: Yes | AK70: Yes
A71: CCACC82001 | B71: R | C71: Commercial | D71: Compressed Air | E71: Compressed Air System Controls | F71: Compressed Air Control Improvements (non-VFD) | G71: Commercial-All Com-Misc | H71: 10 | I71: 0.7 | J71: 0.42958807 | K71: 0.13 | L71: 0.2 | M71: 0.2 | N71: 0.2 | O71: 0.2 | P71: 0.2 | Q71: 0.2 | R71: 0.2 | S71: 0.2 | T71: 0.2 | U71: 0.2 | V71: 0.2 | W71: 0.2 | X71: 0.2 | Y71: 0.2 | Z71: 0.2 | AA71: 0.2 | AB71: 0.2 | AC71: 0.2 | AD71: 0.2 | AE71: 0.2 | AF71: 0.2 | AG71: 0.33 | AH71: 0.33 | AI71: Yes | AJ71: Yes | AK71: Yes
A72: CCACC92001 | B72: L | C72: Commercial | D72: Compressed Air | E72: Compressed Air System Controls | F72: Compressed Air Control Improvements (non-VFD) | G72: Commercial-All Com-Misc | H72: 10 | I72: 0.7 | J72: 0.42958807 | K72: 0.2 | L72: 0.27 | M72: 0.27 | N72: 0.27 | O72: 0.27 | P72: 0.27 | Q72: 0.27 | R72: 0.27 | S72: 0.27 | T72: 0.27 | U72: 0.27 | V72: 0.27 | W72: 0.27 | X72: 0.27 | Y72: 0.27 | Z72: 0.27 | AA72: 0.27 | AB72: 0.27 | AC72: 0.27 | AD72: 0.27 | AE72: 0.27 | AF72: 0.27 | AG72: 0.33 | AH72: 0.33 | AI72: Yes | AJ72: Yes | AK72: Yes
A73: ICACC83001 | B73: R | C73: Industrial | D73: Compressed Air | E73: Compressed Air System Controls | F73: Compressed Air Control Improvements (non-VFD) | G73: I-All-SecTotal-All-All-All-E | H73: 10 | I73: 0.7 | J73: 0.45890208 | K73: 0.12 | L73: 0.17 | M73: 0.17 | N73: 0.25 | O73: 0.25 | P73: 0.25 | Q73: 0.25 | R73: 0.25 | S73: 0.25 | T73: 0.25 | U73: 0.25 | V73: 0.25 | W73: 0.25 | X73: 0.25 | Y73: 0.25 | Z73: 0.25 | AA73: 0.25 | AB73: 0.25 | AC73: 0.25 | AD73: 0.25 | AE73: 0.25 | AF73: 0.25 | AG73: 0.33 | AH73: 0.33 | AI73: Yes | AJ73: Yes | AK73: Yes
A74: ICACC93001 | B74: L | C74: Industrial | D74: Compressed Air | E74: Compressed Air System Controls | F74: Compressed Air Control Improvements (non-VFD) | G74: I-All-SecTotal-All-All-All-E | H74: 10 | I74: 0.7 | J74: 0.45890208 | K74: 0.12 | L74: 0.27 | M74: 0.27 | N74: 0.27 | O74: 0.25 | P74: 0.25 | Q74: 0.25 | R74: 0.25 | S74: 0.25 | T74: 0.25 | U74: 0.25 | V74: 0.25 | W74: 0.25 | X74: 0.25 | Y74: 0.25 | Z74: 0.25 | AA74: 0.25 | AB74: 0.25 | AC74: 0.25 | AD74: 0.25 | AE74: 0.25 | AF74: 0.25 | AG74: 0.33 | AH74: 0.33 | AI74: Yes | AJ74: Yes | AK74: Yes
A75: ACACC84002 | B75: R | C75: Agricultural | D75: Compressed Air | E75: Compressed Air System Controls | F75: Compressed Air Control Improvements (VFD) | G75: FLAT-System | H75: 10 | I75: 0.7 | J75: 0.46104 | K75: 0.15 | L75: 0.2 | M75: 0.2 | N75: 0.2 | O75: 0.25 | P75: 0.25 | Q75: 0.25 | R75: 0.25 | S75: 0.25 | T75: 0.25 | U75: 0.25 | V75: 0.25 | W75: 0.25 | X75: 0.25 | Y75: 0.25 | Z75: 0.25 | AA75: 0.25 | AB75: 0.25 | AC75: 0.25 | AD75: 0.25 | AE75: 0.25 | AF75: 0.25 | AG75: 0.33 | AH75: 0.33 | AI75: Yes | AJ75: Yes | AK75: Yes
A76: ACACC94002 | B76: L | C76: Agricultural | D76: Compressed Air | E76: Compressed Air System Controls | F76: Compressed Air Control Improvements (VFD) | G76: FLAT-System | H76: 10 | I76: 0.7 | J76: 0.46104 | K76: 0.15 | L76: 0.27 | M76: 0.27 | N76: 0.27 | O76: 0.27 | P76: 0.27 | Q76: 0.27 | R76: 0.27 | S76: 0.27 | T76: 0.27 | U76: 0.27 | V76: 0.27 | W76: 0.27 | X76: 0.27 | Y76: 0.27 | Z76: 0.27 | AA76: 0.27 | AB76: 0.27 | AC76: 0.27 | AD76: 0.27 | AE76: 0.27 | AF76: 0.27 | AG76: 0.33 | AH76: 0.33 | AI76: Yes | AJ76: Yes | AK76: Yes
A77: CCACC82002 | B77: R | C77: Commercial | D77: Compressed Air | E77: Compressed Air System Controls | F77: Compressed Air Control Improvements (VFD) | G77: Commercial-All Com-Misc | H77: 10 | I77: 0.7 | J77: 0.42958807 | K77: 0.13 | L77: 0.2 | M77: 0.2 | N77: 0.2 | O77: 0.2 | P77: 0.2 | Q77: 0.2 | R77: 0.2 | S77: 0.2 | T77: 0.2 | U77: 0.2 | V77: 0.2 | W77: 0.2 | X77: 0.2 | Y77: 0.2 | Z77: 0.2 | AA77: 0.2 | AB77: 0.2 | AC77: 0.2 | AD77: 0.2 | AE77: 0.2 | AF77: 0.2 | AG77: 0.33 | AH77: 0.33 | AI77: Yes | AJ77: Yes | AK77: Yes
A78: CCACC92002 | B78: L | C78: Commercial | D78: Compressed Air | E78: Compressed Air System Controls | F78: Compressed Air Control Improvements (VFD) | G78: Commercial-All Com-Misc | H78: 10 | I78: 0.7 | J78: 0.42958807 | K78: 0.2 | L78: 0.27 | M78: 0.27 | N78: 0.27 | O78: 0.27 | P78: 0.27 | Q78: 0.27 | R78: 0.27 | S78: 0.27 | T78: 0.27 | U78: 0.27 | V78: 0.27 | W78: 0.27 | X78: 0.27 | Y78: 0.27 | Z78: 0.27 | AA78: 0.27 | AB78: 0.27 | AC78: 0.27 | AD78: 0.27 | AE78: 0.27 | AF78: 0.27 | AG78: 0.33 | AH78: 0.33 | AI78: Yes | AJ78: Yes | AK78: Yes
A79: ICACC83002 | B79: R | C79: Industrial | D79: Compressed Air | E79: Compressed Air System Controls | F79: Compressed Air Control Improvements (VFD) | G79: I-All-SecTotal-All-All-All-E | H79: 10 | I79: 0.7 | J79: 0.45890208 | K79: 0.12 | L79: 0.17 | M79: 0.17 | N79: 0.25 | O79: 0.25 | P79: 0.25 | Q79: 0.25 | R79: 0.25 | S79: 0.25 | T79: 0.25 | U79: 0.25 | V79: 0.25 | W79: 0.25 | X79: 0.25 | Y79: 0.25 | Z79: 0.25 | AA79: 0.25 | AB79: 0.25 | AC79: 0.25 | AD79: 0.25 | AE79: 0.25 | AF79: 0.25 | AG79: 0.33 | AH79: 0.33 | AI79: Yes | AJ79: Yes | AK79: Yes
A80: ICACC93002 | B80: L | C80: Industrial | D80: Compressed Air | E80: Compressed Air System Controls | F80: Compressed Air Control Improvements (VFD) | G80: I-All-SecTotal-All-All-All-E | H80: 10 | I80: 0.7 | J80: 0.45890208 | K80: 0.12 | L80: 0.27 | M80: 0.27 | N80: 0.27 | O80: 0.25 | P80: 0.25 | Q80: 0.25 | R80: 0.25 | S80: 0.25 | T80: 0.25 | U80: 0.25 | V80: 0.25 | W80: 0.25 | X80: 0.25 | Y80: 0.25 | Z80: 0.25 | AA80: 0.25 | AB80: 0.25 | AC80: 0.25 | AD80: 0.25 | AE80: 0.25 | AF80: 0.25 | AG80: 0.33 | AH80: 0.33 | AI80: Yes | AJ80: Yes | AK80: Yes
... A84: CCACI92003 | B84: L | C84: Commercial | D84: Compressed Air | E84: Compressed Air System Improvements | F84: Compressed Air System Compressor Improvements (non-VFD) | G84: Commercial-All Com-Misc | H84: 10 | I84: 0.7 | J84: 0.42958807 | K84: 0.2 | L84: 0.27 | M84: 0.27 | N84: 0.27 | O84: 0.27 | P84: 0.27 | Q84: 0.27 | R84: 0.27 | S84: 0.27 | T84: 0.27 | U84: 0.27 | V84: 0.27 | W84: 0.27 | X84: 0.27 | Y84: 0.27 | Z84: 0.27 | AA84: 0.27 | AB84: 0.27 | AC84: 0.27 | AD84: 0.27 | AE84: 0.27 | AF84: 0.27 | AG84: 0.33 | AH84: 0.33 | AI84: Yes | AJ84: Yes | AK84: Yes
A85: ICACI83003 | B85: R | C85: Industrial | D85: Compressed Air | E85: Compressed Air System Improvements | F85: Compressed Air System Compressor Improvements (non-VFD) | G85: I-All-SecTotal-All-All-All-E | H85: 10 | I85: 0.7 | J85: 0.45890208 | K85: 0.12 | L85: 0.17 | M85: 0.17 | N85: 0.25 | O85: 0.25 | P85: 0.25 | Q85: 0.25 | R85: 0.25 | S85: 0.25 | T85: 0.25 | U85: 0.25 | V85: 0.25 | W85: 0.25 | X85: 0.25 | Y85: 0.25 | Z85: 0.25 | AA85: 0.25 | AB85: 0.25 | AC85: 0.25 | AD85: 0.25 | AE85: 0.25 | AF85: 0.25 | AG85: NA | AH85: NA | AI85: Yes | AJ85: Yes | AK85: Yes
A86: ICACI93003 | B86: L | C86: Industrial | D86: Compressed Air | E86: Compressed Air System Improvements | F86: Compressed Air System Compressor Improvements (non-VFD) | G86: I-All-SecTotal-All-All-All-E | H86: 10 | I86: 0.7 | J86: 0.45890208 | K86: 0.12 | L86: 0.27 | M86: 0.27 | N86: 0.27 | O86: 0.25 | P86: 0.25 | Q86: 0.25 | R86: 0.25 | S86: 0.25 | T86: 0.25 | U86: 0.25 | V86: 0.25 | W86: 0.25 | X86: 0.25 | Y86: 0.25 | Z86: 0.25 | AA86: 0.25 | AB86: 0.25 | AC86: 0.25 | AD86: 0.25 | AE86: 0.25 | AF86: 0.25 | AG86: NA | AH86: NA | AI86: Yes | AJ86: Yes | AK86: Yes
A87: ACACI84004 | B87: R | C87: Agricultural | D87: Compressed Air | E87: Compressed Air System Improvements | F87: Compressed Air System Compressor Improvements (VFD) | G87: FLAT-System | H87: 10 | I87: 0.7 | J87: 0.46104 | K87: 0.15 | L87: 0.2 | M87: 0.2 | N87: 0.2 | O87: 0.25 | P87: 0.25 | Q87: 0.25 | R87: 0.25 | S87: 0.25 | T87: 0.25 | U87: 0.25 | V87: 0.25 | W87: 0.25 | X87: 0.25 | Y87: 0.25 | Z87: 0.25 | AA87: 0.25 | AB87: 0.25 | AC87: 0.25 | AD87: 0.25 | AE87: 0.25 | AF87: 0.25 | AG87: 0.33 | AH87: 0.33 | AI87: Yes | AJ87: Yes | AK87: Yes
A88: ACACI94004 | B88: L | C88: Agricultural | D88: Compressed Air | E88: Compressed Air System Improvements | F88: Compressed Air System Compressor Improvements (VFD) | G88: FLAT-System | H88: 10 | I88: 0.7 | J88: 0.46104 | K88: 0.15 | L88: 0.27 | M88: 0.27 | N88: 0.27 | O88: 0.27 | P88: 0.27 | Q88: 0.27 | R88: 0.27 | S88: 0.27 | T88: 0.27 | U88: 0.27 | V88: 0.27 | W88: 0.27 | X88: 0.27 | Y88: 0.27 | Z88: 0.27 | AA88: 0.27 | AB88: 0.27 | AC88: 0.27 | AD88: 0.27 | AE88: 0.27 | AF88: 0.27 | AG88: 0.33 | AH88: 0.33 | AI88: Yes | AJ88: Yes | AK88: Yes
A89: CCACI82004 | B89: R | C89: Commercial | D89: Compressed Air | E89: Compressed Air System Improvements | F89: Compressed Air System Compressor Improvements (VFD) | G89: Commercial-All Com-Misc | H89: 10 | I89: 0.7 | J89: 0.42958807 | K89: 0.13 | L89: 0.2 | M89: 0.2 | N89: 0.2 | O89: 0.2 | P89: 0.2 | Q89: 0.2 | R89: 0.2 | S89: 0.2 | T89: 0.2 | U89: 0.2 | V89: 0.2 | W89: 0.2 | X89: 0.2 | Y89: 0.2 | Z89: 0.2 | AA89: 0.2 | AB89: 0.2 | AC89: 0.2 | AD89: 0.2 | AE89: 0.2 | AF89: 0.2 | AG89: 0.33 | AH89: 0.33 | AI89: Yes | AJ89: Yes | AK89: Yes
A90: CCACI92004 | B90: L | C90: Commercial | D90: Compressed Air | E90: Compressed Air System Improvements | F90: Compressed Air System Compressor Improvements (VFD) | G90: Commercial-All Com-Misc | H90: 10 | I90: 0.7 | J90: 0.42958807 | K90: 0.2 | L90: 0.27 | M90: 0.27 | N90: 0.27 | O90: 0.27 | P90: 0.27 | Q90: 0.27 | R90: 0.27 | S90: 0.27 | T90: 0.27 | U90: 0.27 | V90: 0.27 | W90: 0.27 | X90: 0.27 | Y90: 0.27 | Z90: 0.27 | AA90: 0.27 | AB90: 0.27 | AC90: 0.27 | AD90: 0.27 | AE90: 0.27 | AF90: 0.27 | AG90: 0.33 | AH90: 0.33 | AI90: Yes | AJ90: Yes | AK90: Yes
A91: ICACI83004 | B91: R | C91: Industrial | D91: Compressed Air | E91: Compressed Air System Improvements | F91: Compressed Air System Compressor Improvements (VFD) | G91: I-All-SecTotal-All-All-All-E | H91: 10 | I91: 0.7 | J91: 0.45890208 | K91: 0.12 | L91: 0.17 | M91: 0.17 | N91: 0.25 | O91: 0.25 | P91: 0.25 | Q91: 0.25 | R91: 0.25 | S91: 0.25 | T91: 0.25 | U91: 0.25 | V91: 0.25 | W91: 0.25 | X91: 0.25 | Y91: 0.25 | Z91: 0.25 | AA91: 0.25 | AB91: 0.25 | AC91: 0.25 | AD91: 0.25 | AE91: 0.25 | AF91: 0.25 | AG91: NA | AH91: NA | AI91: Yes | AJ91: Yes | AK91: Yes
A92: ICACI93004 | B92: L | C92: Industrial | D92: Compressed Air | E92: Compressed Air System Improvements | F92: Compressed Air System Compressor Improvements (VFD) | G92: I-All-SecTotal-All-All-All-E | H92: 10 | I92: 0.7 | J92: 0.45890208 | K92: 0.12 | L92: 0.27 | M92: 0.27 | N92: 0.27 | O92: 0.25 | P92: 0.25 | Q92: 0.25 | R92: 0.25 | S92: 0.25 | T92: 0.25 | U92: 0.25 | V92: 0.25 | W92: 0.25 | X92: 0.25 | Y92: 0.25 | Z92: 0.25 | AA92: 0.25 | AB92: 0.25 | AC92: 0.25 | AD92: 0.25 | AE92: 0.25 | AF92: 0.25 | AG92: NA | AH92: NA | AI92: Yes | AJ92: Yes | AK92: Yes
A93: ACACI84005 | B93: R | C93: Agricultural | D93: Compressed Air | E93: Compressed Air System Improvements | F93: Compressed Air System Demand Side Improvements | G93: FLAT-System | H93: 10 | I93: 0.7 | J93: 0.46104 | K93: 0.15 | L93: 0.2 | M93: 0.2 | N93: 0.2 | O93: 0.25 | P93: 0.25 | Q93: 0.25 | R93: 0.25 | S93: 0.25 | T93: 0.25 | U93: 0.25 | V93: 0.25 | W93: 0.25 | X93: 0.25 | Y93: 0.25 | Z93: 0.25 | AA93: 0.25 | AB93: 0.25 | AC93: 0.25 | AD93: 0.25 | AE93: 0.25 | AF93: 0.25 | AG93: 0.33 | AH93: 0.33 | AI93: Yes | AJ93: Yes | AK93: Yes
A94: ACACI94005 | B94: L | C94: Agricultural | D94: Compressed Air | E94: Compressed Air System Improvements | F94: Compressed Air System Demand Side Improvements | G94: FLAT-System | H94: 10 | I94: 0.7 | J94: 0.46104 | K94: 0.15 | L94: 0.27 | M94: 0.27 | N94: 0.27 | O94: 0.27 | P94: 0.27 | Q94: 0.27 | R94: 0.27 | S94: 0.27 | T94: 0.27 | U94: 0.27 | V94: 0.27 | W94: 0.27 | X94: 0.27 | Y94: 0.27 | Z94: 0.27 | AA94: 0.27 | AB94: 0.27 | AC94: 0.27 | AD94: 0.27 | AE94: 0.27 | AF94: 0.27 | AG94: 0.33 | AH94: 0.33 | AI94: Yes | AJ94: Yes | AK94: Yes
A95: CCACI82005 | B95: R | C95: Commercial | D95: Compressed Air | E95: Compressed Air System Improvements | F95: Compressed Air System Demand Side Improvements | G95: Commercial-All Com-Misc | H95: 10 | I95: 0.7 | J95: 0.42958807 | K95: 0.13 | L95: 0.2 | M95: 0.2 | N95: 0.2 | O95: 0.2 | P95: 0.2 | Q95: 0.2 | R95: 0.2 | S95: 0.2 | T95: 0.2 | U95: 0.2 | V95: 0.2 | W95: 0.2 | X95: 0.2 | Y95: 0.2 | Z95: 0.2 | AA95: 0.2 | AB95: 0.2 | AC95: 0.2 | AD95: 0.2 | AE95: 0.2 | AF95: 0.2 | AG95: 0.33 | AH95: 0.33 | AI95: Yes | AJ95: Yes | AK95: Yes
A96: CCACI92005 | B96: L | C96: Commercial | D96: Compressed Air | E96: Compressed Air System Improvements | F96: Compressed Air System Demand Side Improvements | G96: Commercial-All Com-Misc | H96: 10 | I96: 0.7 | J96: 0.42958807 | K96: 0.2 | L96: 0.27 | M96: 0.27 | N96: 0.27 | O96: 0.27 | P96: 0.27 | Q96: 0.27 | R96: 0.27 | S96: 0.27 | T96: 0.27 | U96: 0.27 | V96: 0.27 | W96: 0.27 | X96: 0.27 | Y96: 0.27 | Z96: 0.27 | AA96: 0.27 | AB96: 0.27 | AC96: 0.27 | AD96: 0.27 | AE96: 0.27 | AF96: 0.27 | AG96: 0.33 | AH96: 0.33 | AI96: Yes | AJ96: Yes | AK96: Yes
A97: ICACI83005 | B97: R | C97: Industrial | D97: Compressed Air | E97: Compressed Air System Improvements | F97: Compressed Air System Demand Side Improvements | G97: I-All-SecTotal-All-All-All-E | H97: 5 | I97: 0.7 | J97: 0.2887034 | K97: 0.12 | L97: 0.17 | M97: 0.17 | N97: 0.25 | O97: 0.25 | P97: 0.25 | Q97: 0.25 | R97: 0.25 | S97: 0.25 | T97: 0.25 | U97: 0.25 | V97: 0.25 | W97: 0.25 | X97: 0.25 | Y97: 0.25 | Z97: 0.25 | AA97: 0.25 | AB97: 0.25 | AC97: 0.25 | AD97: 0.25 | AE97: 0.25 | AF97: 0.25 | AG97: 0.33 | AH97: 0.33 | AI97: Yes | AJ97: Yes | AK97: Yes
A98: ICACI93005 | B98: L | C98: Industrial | D98: Compressed Air | E98: Compressed Air System Improvements | F98: Compressed Air System Demand Side Improvements | G98: I-All-SecTotal-All-All-All-E | H98: 5 | I98: 0.7 | J98: 0.2887034 | K98: 0.12 | L98: 0.27 | M98: 0.27 | N98: 0.27 | O98: 0.25 | P98: 0.25 | Q98: 0.25 | R98: 0.25 | S98: 0.25 | T98: 0.25 | U98: 0.25 | V98: 0.25 | W98: 0.25 | X98: 0.25 | Y98: 0.25 | Z98: 0.25 | AA98: 0.25 | AB98: 0.25 | AC98: 0.25 | AD98: 0.25 | AE98: 0.25 | AF98: 0.25 | AG98: 0.33 | AH98: 0.33 | AI98: Yes | AJ98: Yes | AK98: Yes
A99: ICACI83168 | B99: R | C99: Industrial | D99: Compressed Air | E99: Compressed Air System Improvements | F99: Compressed Air System Demand Side Improvements | G99: I-All-SecTotal-All-All-All-E | H99: 15 | I99: 0.7 | J99: 0.62699629 | K99: NA | L99: NA | M99: NA | N99: NA | O99: NA | P99: NA | Q99: NA | R99: NA | S99: NA | T99: NA | U99: NA | V99: NA | W99: NA | X99: NA | Y99: NA | Z99: NA | AA99: NA | AB99: NA | AC99: NA | AD99: NA | AE99: NA | AF99: NA | AG99: 0.33 | AH99: 0.33 | AI99: Yes | AJ99: Yes | AK99: Yes
A100: ICACI93168 | B100: L | C100: Industrial | D100: Compressed Air | E100: Compressed Air System Improvements | F100: Compressed Air System Demand Side Improvements | G100: I-All-SecTotal-All-All-All-E | H100: 15 | I100: 0.7 | J100: 0.62699629 | K100: NA | L100: NA | M100: NA | N100: NA | O100: NA | P100: NA | Q100: NA | R100: NA | S100: NA | T100: NA | U100: NA | V100: NA | W100: NA | X100: NA | Y100: NA | Z100: NA | AA100: NA | AB100: NA | AC100: NA | AD100: NA | AE100: NA | AF100: NA | AG100: 0.33 | AH100: 0.33 | AI100: Yes | AJ100: Yes | AK100: Yes
A101: ACACI84006 | B101: R | C101: Agricultural | D101: Compressed Air | E101: Compressed Air System Improvements | F101: Compressed Air System Dryer Improvements | G101: FLAT-System | H101: 10 | I101: 0.7 | J101: 0.46104 | K101: 0.15 | L101: 0.2 | M101: 0.2 | N101: 0.2 | O101: 0.25 | P101: 0.25 | Q101: 0.25 | R101: 0.25 | S101: 0.25 | T101: 0.25 | U101: 0.25 | V101: 0.25 | W101: 0.25 | X101: 0.25 | Y101: 0.25 | Z101: 0.25 | AA101: 0.25 | AB101: 0.25 | AC101: 0.25 | AD101: 0.25 | AE101: 0.25 | AF101: 0.25 | AG101: 0.33 | AH101: 0.33 | AI101: Yes | AJ101: Yes | AK101: Yes
A102: ACACI94006 | B102: L | C102: Agricultural | D102: Compressed Air | E102: Compressed Air System Improvements | F102: Compressed Air System Dryer Improvements | G102: FLAT-System | H102: 10 | I102: 0.7 | J102: 0.46104 | K102: 0.15 | L102: 0.27 | M102: 0.27 | N102: 0.27 | O102: 0.27 | P102: 0.27 | Q102: 0.27 | R102: 0.27 | S102: 0.27 | T102: 0.27 | U102: 0.27 | V102: 0.27 | W102: 0.27 | X102: 0.27 | Y102: 0.27 | Z102: 0.27 | AA102: 0.27 | AB102: 0.27 | AC102: 0.27 | AD102: 0.27 | AE102: 0.27 | AF102: 0.27 | AG102: 0.33 | AH102: 0.33 | AI102: Yes | AJ102: Yes | AK102: Yes
A103: CCACI82006 | B103: R | C103: Commercial | D103: Compressed Air | E103: Compressed Air System Improvements | F103: Compressed Air System Dryer Improvements | G103: Commercial-All Com-Misc | H103: 10 | I103: 0.7 | J103: 0.42958807 | K103: 0.13 | L103: 0.2 | M103: 0.2 | N103: 0.2 | O103: 0.2 | P103: 0.2 | Q103: 0.2 | R103: 0.2 | S103: 0.2 | T103: 0.2 | U103: 0.2 | V103: 0.2 | W103: 0.2 | X103: 0.2 | Y103: 0.2 | Z103: 0.2 | AA103: 0.2 | AB103: 0.2 | AC103: 0.2 | AD103: 0.2 | AE103: 0.2 | AF103: 0.2 | AG103: 0.33 | AH103: 0.33 | AI103: Yes | AJ103: Yes | AK103: Yes
A104: CCACI92006 | B104: L | C104: Commercial | D104: Compressed Air | E104: Compressed Air System Improvements | F104: Compressed Air System Dryer Improvements | G104: Commercial-All Com-Misc | H104: 10 | I104: 0.7 | J104: 0.42958807 | K104: 0.2 | L104: 0.27 | M104: 0.27 | N104: 0.27 | O104: 0.27 | P104: 0.27 | Q104: 0.27 | R104: 0.27 | S104: 0.27 | T104: 0.27 | U104: 0.27 | V104: 0.27 | W104: 0.27 | X104: 0.27 | Y104: 0.27 | Z104: 0.27 | AA104: 0.27 | AB104: 0.27 | AC104: 0.27 | AD104: 0.27 | AE104: 0.27 | AF104: 0.27 | AG104: 0.33 | AH104: 0.33 | AI104: Yes | AJ104: Yes | AK104: Yes
A105: ICACI83006 | B105: R | C105: Industrial | D105: Compressed Air | E105: Compressed Air System Improvements | F105: Compressed Air System Dryer Improvements | G105: I-All-SecTotal-All-All-All-E | H105: 10 | I105: 0.7 | J105: 0.45890208 | K105: 0.12 | L105: 0.17 | M105: 0.17 | N105: 0.25 | O105: 0.25 | P105: 0.25 | Q105: 0.25 | R105: 0.25 | S105: 0.25 | T105: 0.25 | U105: 0.25 | V105: 0.25 | W105: 0.25 | X105: 0.25 | Y105: 0.25 | Z105: 0.25 | AA105: 0.25 | AB105: 0.25 | AC105: 0.25 | AD105: 0.25 | AE105: 0.25 | AF105: 0.25 | AG105: 0.33 | AH105: 0.33 | AI105: Yes | AJ105: Yes | AK105: Yes
A106: ICACI93006 | B106: L | C106: Industrial | D106: Compressed Air | E106: Compressed Air System Improvements | F106: Compressed Air System Dryer Improvements | G106: I-All-SecTotal-All-All-All-E | H106: 10 | I106: 0.7 | J106: 0.45890208 | K106: 0.12 | L106: 0.27 | M106: 0.27 | N106: 0.27 | O106: 0.25 | P106: 0.25 | Q106: 0.25 | R106: 0.25 | S106: 0.25 | T106: 0.25 | U106: 0.25 | V106: 0.25 | W106: 0.25 | X106: 0.25 | Y106: 0.25 | Z106: 0.25 | AA106: 0.25 | AB106: 0.25 | AC106: 0.25 | AD106: 0.25 | AE106: 0.25 | AF106: 0.25 | AG106: 0.33 | AH106: 0.33 | AI106: Yes | AJ106: Yes | AK106: Yes
A107: ACACI84007 | B107: R | C107: Agricultural | D107: Compressed Air | E107: Compressed Air System Improvements | F107: Compressed Air System Regulation Improvements | G107: FLAT-System | H107: 10 | I107: 0.7 | J107: 0.46104 | K107: 0.15 | L107: 0.2 | M107: 0.2 | N107: 0.2 | O107: 0.25 | P107: 0.25 | Q107: 0.25 | R107: 0.25 | S107: 0.25 | T107: 0.25 | U107: 0.25 | V107: 0.25 | W107: 0.25 | X107: 0.25 | Y107: 0.25 | Z107: 0.25 | AA107: 0.25 | AB107: 0.25 | AC107: 0.25 | AD107: 0.25 | AE107: 0.25 | AF107: 0.25 | AG107: 0.33 | AH107: 0.33 | AI107: Yes | AJ107: Yes | AK107: Yes
A108: ACACI94007 | B108: L | C108: Agricultural | D108: Compressed Air | E108: Compressed Air System Improvements | F108: Compressed Air System Regulation Improvements | G108: FLAT-System | H108: 10 | I108: 0.7 | J108: 0.46104 | K108: 0.15 | L108: 0.27 | M108: 0.27 | N108: 0.27 | O108: 0.27 | P108: 0.27 | Q108: 0.27 | R108: 0.27 | S108: 0.27 | T108: 0.27 | U108: 0.27 | V108: 0.27 | W108: 0.27 | X108: 0.27 | Y108: 0.27 | Z108: 0.27 | AA108: 0.27 | AB108: 0.27 | AC108: 0.27 | AD108: 0.27 | AE108: 0.27 | AF108: 0.27 | AG108: 0.33 | AH108: 0.33 | AI108: Yes | AJ108: Yes | AK108: Yes
A109: CCACI82007 | B109: R | C109: Commercial | D109: Compressed Air | E109: Compressed Air System Improvements | F109: Compressed Air System Regulation Improvements | G109: Commercial-All Com-Misc | H109: 10 | I109: 0.7 | J109: 0.42958807 | K109: 0.13 | L109: 0.2 | M109: 0.2 | N109: 0.2 | O109: 0.2 | P109: 0.2 | Q109: 0.2 | R109: 0.2 | S109: 0.2 | T109: 0.2 | U109: 0.2 | V109: 0.2 | W109: 0.2 | X109: 0.2 | Y109: 0.2 | Z109: 0.2 | AA109: 0.2 | AB109: 0.2 | AC109: 0.2 | AD109: 0.2 | AE109: 0.2 | AF109: 0.2 | AG109: 0.33 | AH109: 0.33 | AI109: Yes | AJ109: Yes | AK109: Yes
A110: CCACI92007 | B110: L | C110: Commercial | D110: Compressed Air | E110: Compressed Air System Improvements | F110: Compressed Air System Regulation Improvements | G110: Commercial-All Com-Misc | H110: 10 | I110: 0.7 | J110: 0.42958807 | K110: 0.2 | L110: 0.27 | M110: 0.27 | N110: 0.27 | O110: 0.27 | P110: 0.27 | Q110: 0.27 | R110: 0.27 | S110: 0.27 | T110: 0.27 | U110: 0.27 | V110: 0.27 | W110: 0.27 | X110: 0.27 | Y110: 0.27 | Z110: 0.27 | AA110: 0.27 | AB110: 0.27 | AC110: 0.27 | AD110: 0.27 | AE110: 0.27 | AF110: 0.27 | AG110: 0.33 | AH110: 0.33 | AI110: Yes | AJ110: Yes | AK110: Yes
A111: ICACI83007 | B111: R | C111: Industrial | D111: Compressed Air | E111: Compressed Air System Improvements | F111: Compressed Air System Regulation Improvements | G111: I-All-SecTotal-All-All-All-E | H111: 10 | I111: 0.7 | J111: 0.45890208 | K111: 0.12 | L111: 0.17 | M111: 0.17 | N111: 0.25 | O111: 0.25 | P111: 0.25 | Q111: 0.25 | R111: 0.25 | S111: 0.25 | T111: 0.25 | U111: 0.25 | V111: 0.25 | W111: 0.25 | X111: 0.25 | Y111: 0.25 | Z111: 0.25 | AA111: 0.25 | AB111: 0.25 | AC111: 0.25 | AD111: 0.25 | AE111: 0.25 | AF111: 0.25 | AG111: 0.33 | AH111: 0.33 | AI111: Yes | AJ111: Yes | AK111: Yes
...

Sheet UES Measure List Oct 2026
A1: UES Measures
A2: UES Reference Number | B2: Heating Zone | C2: Cooling Zone | D2: Sector | E2: End Use | F2: Category | G2: Technology/Activity/Practice | H2: Key Characteristics 1 | I2: Key Characteristics 2 | J2: Key Characteristics 3 | K2: Key Characteristics 4 | L2: Annual Savings @ Generator Busbar (kwh/yr) | M2: Payment ($/unit) | N2: Annual Savings @ Site (kwh/yr) | O2: Measure Name | P2: Program | Q2: Vintage | R2: Primary Building Type | S2: Delivery Mechanism | T2: Incremental Capital Cost ($/unit) | U2: Measure Life (years) | V2: BPA Effective Date | W2: BPA Expiration Date | X2: Unit Type of Savings/Payment | Y2: Installed Efficiency Level/Rating | Z2: State | AA2: Installation Location | AB2: Efficient Case Savings Characteristics | AC2: Baseline Characteristics | AD2: RTF UES Measure Status | AE2: RTF Effective Date | AF2: Workbook Link | AG2: Power System Coincident Peak Reduction (KW) | AH2: Distribution System Peak Load Reduction (kW) | AI2: Total Societal Benefit/ Cost Ratio | AJ2: Cost Effective | AK2: Levelized Cost (mills/kWh) | AL2: C02 Reduction (tons in first year) | AM2: Unit Cost Cap | AN2: Unique UIR No | AO2: Measures Types | AP2: PTCS | AQ2: Unit Types | AR2: Tech Review | AS2: Calculated UES Busbar Factor | AT2: Forms required at time of invoice review
A3: AHVHC40210 | B3: Heating Zone 1 | C3: All Cooling Zones | D3: Agricultural | E3: HVAC | F3: HVAC System Controls | G3: Thermostatically Controlled Outlets | L3: 888.25172 | M3: 14 | N3: 796 | O3: Thermostatically Controlled Outlets | Q3: Existing | R3: Non building measure | T3: 21 | U3: 2 | V3: 45931 | X3: Per Unit | AB3: Controlled outlet turns off no higher than 50 degrees | AC3: Outlet was not previously controlled | AD3: RTF Approved | AE3: 45125 | AF3: thermcontrolloutlet-ver3-2 | AG3: 0.082715359 | AH3: 0.086426429 | AI3: 3.2968058 | AJ3: Yes | AK3: -7.99 | AL3: 4.13 | AN3: 22 | AO3: Standard | AP3: No | AQ3: Per Unit | AR3: No
A4: AHVHC40211 | B4: Heating Zone 2 | C4: All Cooling Zones | D4: Agricultural | E4: HVAC | F4: HVAC System Controls | G4: Thermostatically Controlled Outlets | L4: 841.50455 | M4: 14 | N4: 756.75 | O4: Thermostatically Controlled Outlets | Q4: Existing | R4: Non building measure | T4: 21 | U4: 2 | V4: 45931 | X4: Per Unit | AB4: Controlled outlet turns off no higher than 50 degrees | AC4: Outlet was not previously controlled | AD4: RTF Approved | AE4: 45125 | AF4: thermcontrolloutlet-ver3-2 | AG4: 0.07336844 | AH4: 0.076517405 | AI4: 2.9926522 | AJ4: Yes | AK4: -0.17 | AL4: 3.915 | AN4: 22 | AO4: Standard | AP4: No | AQ4: Per Unit | AR4: No
A5: AHVHC40212 | B5: Heating Zone 3 | C5: All Cooling Zones | D5: Agricultural | E5: HVAC | F5: HVAC System Controls | G5: Thermostatically Controlled Outlets | L5: 551.34935 | M5: 14 | N5: 495.75 | O5: Thermostatically Controlled Outlets | Q5: Existing | R5: Non building measure | T5: 21 | U5: 2 | V5: 45931 | X5: Per Unit | AB5: Controlled outlet turns off no higher than 50 degrees | AC5: Outlet was not previously controlled | AD5: RTF Approved | AE5: 45125 | AF5: thermcontrolloutlet-ver3-2 | AG5: 0.048258888 | AH5: 0.050334963 | AI5: 1.974708 | AJ5: Yes | AK5: 7.94 | AL5: 2.565 | AN5: 22 | AO5: Standard | AP5: No | AQ5: Per Unit | AR5: No
A6: AIRHA40001 | B6: All Heating Zones | C6: All Cooling Zones | D6: Agricultural | E6: Irrigation | F6: Hardware | G6: Gasket Replacement | H6: Replace Leaking Drain Gaskets with New Gaskets | I6: Wheel-line, Hand-line, Lateral Move or Center Pivot Systems | L6: 13.114979 | M6: 3 | N6: 11.888042 | O6: Gasket Replacement Replace Leaking Drain Gaskets with New Gaskets Wheel-line, Hand-line, Lateral Move or Center Pivot Systems | Q6: Existing | R6: Non building measure | T6: 6.3348196 | U6: 5 | V6: 45200 | X6: Per Unit | AD6: RTF Approved | AE6: 45504 | AF6: AgIrrHardwareMain-v6-2 | AG6: 0.0014244438 | AH6: 0.0014770123 | AI6: 0.55743534 | AJ6: No | AK6: 70.201008 | AL6: 0.024399929 | AN6: 22 | AO6: Standard | AP6: No | AQ6: Per Unit | AR6: No
A7: AIRHA40003 | B7: All Heating Zones | C7: All Cooling Zones | D7: Agricultural | E7: Irrigation | F7: Hardware | G7: Gasket Replacement | H7: Replace Pipe Section Gasket | I7: Wheel-lines, Hand-lines, Riser or Portable Main Line | L7: 17.859372 | M7: 4 | N7: 16.188587 | O7: Gasket Replacement Replace Pipe Section Gasket Wheel-lines, Hand-lines, Riser or Portable Main Line | Q7: Existing | R7: Non building measure | T7: 4.4100577 | U7: 5 | V7: 45200 | X7: Per Unit | AB7: Pipe and riser gasket | AD7: RTF Approved | AE7: 45504 | AF7: AgIrrHardwareMain-v6-2 | AG7: 0.001939165 | AH7: 0.0020107291 | AI7: 1.091667 | AJ7: Yes | AK7: 26.268408 | AL7: 0.033216817 | AN7: 22 | AO7: Standard | AP7: No | AQ7: Per Unit | AR7: No
A8: AIRHA40006 | B8: All Heating Zones | C8: All Cooling Zones | D8: Agricultural | E8: Irrigation | F8: Hardware | G8: Hub Replacement | H8: Replace Thunderbird Wheel Line Hubs | I8: Wheel Line System | L8: 17.859372 | M8: 4 | N8: 16.188587 | O8: Hub Replacement Replace Thunderbird Wheel Line Hubs Wheel Line System | Q8: Existing | R8: Non building measure | T8: 4.4100577 | U8: 10 | V8: 45200 | X8: Per Unit | AD8: RTF Approved | AE8: 45504 | AF8: AgIrrHardwareMain-v6-2 | AG8: 0.001939165 | AH8: 0.0020107291 | AI8: 1.091667 | AJ8: Yes | AK8: 26.268408 | AL8: 0.016608409 | AN8: 22 | AO8: Standard | AP8: No | AQ8: Per Unit | AR8: No
A9: AIRHA40007 | B9: All Heating Zones | C9: All Cooling Zones | D9: Agricultural | E9: Irrigation | F9: Hardware | G9: Leveler Rebuild | H9: Rebuild or Replace Leaking or Malfunctioning Leveler with New or Rebuilt Leveler | I9: Wheel Line System | L9: 4.8551485 | M9: 1 | N9: 4.4009382 | O9: Leveler Rebuild Rebuild or Replace Leaking or Malfunctioning Leveler with New or Rebuilt Leveler Wheel Line System | Q9: Existing | R9: Non building measure | T9: 8.1538723 | U9: 4 | V9: 45200 | X9: Per Unit | AD9: RTF Approved | AE9: 45504 | AF9: AgIrrHardwareMain-v6-2 | AG9: 0.00052703581 | AH9: 0.00054648585 | AI9: 0.18191982 | AJ9: No | AK9: 255.50951 | AL9: 0.011284788 | AN9: 22 | AO9: Standard | AP9: No | AQ9: Per Unit | AR9: No
A10: AIRHA40016 | B10: All Heating Zones | C10: All Cooling Zones | D10: Agricultural | E10: Irrigation | F10: Hardware | G10: Sprinkler Replacements | H10: Replace Leaking Impact Sprinkler with New or Rebuilt Impact Sprinkler | I10: Wheel-line, Hand-line, Lateral Move or Center Pivot Systems | L10: 2.5458219 | M10: 1 | N10: 2.3076544 | O10: Sprinkler Replacements Replace Leaking Impact Sprinkler with New or Rebuilt Impact Sprinkler Wheel-line, Hand-line, Lateral Move or Center Pivot Systems | Q10: Existing | R10: Non building measure | T10: 15.83873 | U10: 4 | V10: 45200 | X10: Per Unit | AD10: RTF Approved | AE10: 45504 | AF10: AgIrrHardwareMain-v6-2 | AG10: 0.00027671895 | AH10: 0.00028693116 | AI10: 0.043301468 | AJ10: No | AK10: 1136.1123 | AL10: 0.0059250522 | AN10: 22 | AO10: Standard | AP10: No | AQ10: Per Unit | AR10: No
A11: AIRHA40019 | B11: All Heating Zones | C11: All Cooling Zones | D11: Agricultural | E11: Irrigation | F11: Hardware | G11: Nozzle Replacement | H11: Replace Nozzle | I11: Wheel-line or Hand-line System | L11: 28.750828 | M11: 3 | N11: 26.061122 | O11: Nozzle Replacement Replace Nozzle Wheel-line or Hand-line System | Q11: Existing | R11: Non building measure | T11: 3.1590374 | U11: 5 | V11: 45200 | X11: Per Unit | AD11: RTF Approved | AE11: 45504 | AF11: AgIrrHardwareMain-v6-2 | AG11: 0.0031216534 | AH11: 0.0032368567 | AI11: 2.4555667 | AJ11: Yes | AK11: 0.8069956 | AL11: 0.053472185 | AN11: 22 | AO11: Standard | AP11: No | AQ11: Per Unit | AR11: No
A12: AIRHA40224 | B12: All Heating Zones | C12: All Cooling Zones | D12: Agricultural | E12: Irrigation | F12: Hardware | G12: Sprinkler Upgrade | H12: Irrigation System Conversion to MESA from high pressure | I12: Center Pivot or Lateral Move System | L12: 58.626093 | M12: 23 | N12: 53.141488 | O12: Sprinkler Upgrade Irrigation System Conversion to MESA from high pressure Center Pivot or Lateral Move System | Q12: Existing | R12: Non building measure | T12: 28.785641 | U12: 10 | V12: 45931 | X12: Per Drop | AB12: Rotating Type Sprinkler | AC12: Replace Impact Sprinkler | AD12: RTF Approved | AE12: 45124 | AF12: AgIrrHardwareUpgrades-v2-3 | AG12: 0.0063659121 | AH12: 0.0066008435 | AI12: 0.76939896 | AJ12: No | AK12: 45.469124 | AL12: 0.054522267 | AN12: 22 | AO12: Standard | AP12: No | AQ12: Per Unit | AR12: No
A13: AIRHA40225 | B13: All Heating Zones | C13: All Cooling Zones | D13: Agricultural | E13: Irrigation | F13: Hardware | G13: Sprinkler Package Replacements | H13: High Pressure Sprinkler Package | I13: Center Pivot or Lateral Move System | L13: 65.858556 | M13: 18 | N13: 59.697337 | O13: Sprinkler Package Replacements High Pressure Sprinkler Package Center Pivot or Lateral Move System | Q13: Existing | R13: Non building measure | T13: 15.83873 | U13: 4 | V13: 45931 | X13: Per Drop | AD13: RTF Approved | AE13: 45504 | AF13: AgIrrHardwareMain-v6-2 | AG13: 0.0071513522 | AH13: 0.0074152699 | AI13: 1.1190561 | AJ13: Yes | AK13: 25.146445 | AL13: 0.15312336 | AN13: 22 | AO13: Standard | AP13: No | AQ13: Per Unit | AR13: No
A14: AIRHA40226 | B14: All Heating Zones | C14: All Cooling Zones | D14: Agricultural | E14: Irrigation | F14: Hardware | G14: Sprinkler Package Replacements | H14: MESA Sprinkler Package | I14: Center Pivot or Lateral Move System | L14: 32.929278 | M14: 21 | N14: 29.848669 | O14: Sprinkler Package Replacements MESA Sprinkler Package Center Pivot or Lateral Move System | Q14: Existing | R14: Non building measure | T14: 25.874159 | U14: 5 | V14: 45931 | X14: Per Drop | AD14: RTF Approved | AE14: 45504 | AF14: AgIrrHardwareMain-v6-2 | AG14: 0.0035757599 | AH14: 0.0037077219 | AI14: 0.34251538 | AJ14: No | AK14: 126.53158 | AL14: 0.061250779 | AN14: 22 | AO14: Standard | AP14: No | AQ14: Per Unit | AR14: No
A15: AIRHA40227 | B15: All Heating Zones | C15: All Cooling Zones | D15: Agricultural | E15: Irrigation | F15: Hardware | G15: Sprinkler Upgrade | H15: Irrigation System Conversion to LESA/LEPA/MDI from high pressure | I15: Center Pivot or Lateral Move System | L15: 61.711677 | M15: 26 | N15: 55.938408 | O15: Sprinkler Upgrade Irrigation System Conversion to LESA/LEPA/MDI from high pressure Center Pivot or Lateral Move System | Q15: New or Existing | R15: Non building measure | T15: 32.125748 | U15: 10 | V15: 45931 | X15: Per Drop | AD15: RTF Approved | AE15: 45124 | AF15: AgIrrHardwareUpgrades-v2-3 | AG15: 0.0067009601 | AH15: 0.0069482563 | AI15: 0.7256892 | AJ15: No | AK15: 49.386706 | AL15: 0.05739186 | AN15: 22 | AO15: Standard | AP15: No | AQ15: Per Unit | AR15: No
A16: AIRHA40228 | B16: All Heating Zones | C16: All Cooling Zones | D16: Agricultural | E16: Irrigation | F16: Hardware | G16: Sprinkler Upgrade | H16: Irrigation System Conversion to LESA/LEPA/MDI from MESA | I16: Center Pivot or Lateral Move System | L16: 37.027006 | M16: 26 | N16: 33.563045 | O16: Sprinkler Upgrade Irrigation System Conversion to LESA/LEPA/MDI from MESA Center Pivot or Lateral Move System | Q16: New or Existing | R16: Non building measure | T16: 32.125748 | U16: 10 | V16: 45931 | X16: Per Drop | AD16: RTF Approved | AE16: 45124 | AF16: AgIrrHardwareUpgrades-v2-3 | AG16: 0.0040205761 | AH16: 0.0041689538 | AI16: 0.43541352 | AJ16: No | AK16: 95.359409 | AL16: 0.034435116 | AN16: 22 | AO16: Standard | AP16: No | AQ16: Per Unit | AR16: No
A17: AIRHA40229 | B17: All Heating Zones | C17: All Cooling Zones | D17: Agricultural | E17: Irrigation | F17: Hardware | G17: Sprinkler Package Replacements | H17: LESA/LEPA/MDI Sprinkler Package | I17: Center Pivot or Lateral Move System | L17: 16.464639 | M17: 10 | N17: 14.924334 | O17: Sprinkler Package Replacements LESA/LEPA/MDI Sprinkler Package Center Pivot or Lateral Move System | Q17: Existing | R17: Non building measure | T17: 17.872227 | U17: 5 | V17: 45931 | X17: Per Drop | AD17: RTF Approved | AE17: 45504 | AF17: AgIrrHardwareMain-v6-2 | AG17: 0.0017874847 | AH17: 0.0018534511 | AI17: 0.24783688 | AJ17: No | AK17: 182.34611 | AL17: 0.030618618 | AN17: 22 | AO17: Standard | AP17: No | AQ17: Per Unit | AR17: No
A18: AIRHA40230 | B18: All Heating Zones | C18: All Cooling Zones | D18: Agricultural | E18: Irrigation | F18: Hardware | G18: Sprinkler Upgrade | H18: Irrigation System Conversion to Low pressure from High pressure | I18: Wheel-line or Hand-line System | L18: 58.626093 | M18: 23 | N18: 53.141488 | O18: Sprinkler Upgrade Irrigation System Conversion to Low pressure from High pressure Wheel-line or Hand-line System | Q18: Existing | R18: Non building measure | T18: 28.785641 | U18: 10 | V18: 45931 | X18: Per Unit | AD18: BPA Qualified | AG18: 0 | AH18: 0 | AI18: 0.93 | AJ18: No | AK18: 58.91 | AL18: 0.025 | AN18: 22 | AO18: Standard | AP18: No | AQ18: Per Unit | AR18: No
A19: AIRPF40231 | B19: All Heating Zones | C19: All Cooling Zones | D19: Agricultural | E19: Irrigation | F19: Pumps and Fans | G19: Pump Testing Service | H19: Simple System Evaluation | L19: 0 | M19: 100 | N19: 0 | O19: Pump Testing Service Simple System Evaluation | Q19: Existing | R19: Non building measure | T19: 0 | V19: 46296 | X19: Per Unit | AB19: Simple System Evaluation | AD19: BPA Qualified | AG19: 0 | AH19: 0 | AI19: 0 | AJ19: No | AK19: 0 | AL19: 0 | AN19: 22 | AO19: Standard | AP19: No | AQ19: Per Unit | AR19: Yes | AT19: Irrigation Pump Testing and System Analysis BPA Screening Tool
A20: AIRPF40232 | B20: All Heating Zones | C20: All Cooling Zones | D20: Agricultural | E20: Irrigation | F20: Pumps and Fans | G20: Pump Testing Service | H20: Irrigation Pump Test | I20: Simple System or Open Discharge | L20: 0 | M20: 200 | N20: 0 | O20: Pump Testing Service Irrigation Pump Test Simple System or Open Discharge | Q20: Existing | R20: Non building measure | T20: 0 | V20: 46296 | X20: Per Unit | AB20: Irrigation Pump Test | AD20: BPA Qualified | AG20: 0 | AH20: 0 | AI20: 0 | AJ20: No | AK20: 0 | AL20: 0 | AN20: 22 | AO20: Standard | AP20: No | AQ20: Per Unit | AR20: Yes | AT20: Irrigation Pump Testing and System Analysis BPA Screening Tool
A21: AIRPF40233 | B21: All Heating Zones | C21: All Cooling Zones | D21: Agricultural | E21: Irrigation | F21: Pumps and Fans | G21: Pump Testing Service | H21: Irrigation Pump Test | I21: System Analysis | J21: 400 acres or less | L21: 0 | M21: 400 | N21: 0 | O21: Pump Testing Service Irrigation Pump Test System Analysis 400 acres or less | Q21: Existing | R21: Non building measure | T21: 0 | V21: 46296 | X21: Per Unit | AB21: Irrigation Pump Test | AD21: BPA Qualified | AG21: 0 | AH21: 0 | AI21: 0 | AJ21: No | AK21: 0 | AL21: 0 | AN21: 22 | AO21: Standard | AP21: No | AQ21: Per Unit | AR21: Yes | AT21: Irrigation Pump Testing and System Analysis BPA Screening Tool
A22: AIRPF40234 | B22: All Heating Zones | C22: All Cooling Zones | D22: Agricultural | E22: Irrigation | F22: Pumps and Fans | G22: Pump Testing Service | H22: Irrigation Pump Test | I22: System Analysis | J22: Over 400 acres | L22: 0 | M22: 600 | N22: 0 | O22: Pump Testing Service Irrigation Pump Test System Analysis Over 400 acres | Q22: Existing | R22: Non building measure | T22: 0 | V22: 46296 | X22: Per Unit | AB22: Irrigation Pump Test | AD22: BPA Qualified | AG22: 0 | AH22: 0 | AI22: 0 | AJ22: No | AK22: 0 | AL22: 0 | AN22: 22 | AO22: Standard | AP22: No | AQ22: Per Unit | AR22: Yes | AT22: Irrigation Pump Testing and System Analysis BPA Screening Tool
A23: AIRPF40235 | B23: All Heating Zones | C23: All Cooling Zones | D23: Agricultural | E23: Irrigation | F23: Pumps and Fans | G23: Pump Testing Service | H23: Irrigation Pump Test (main pump) | I23: Complex System | J23: Over 400 acres | L23: 0 | M23: 400 | N23: 0 | O23: Pump Testing Service Irrigation Pump Test (main pump) Complex System Over 400 acres | Q23: Existing | R23: Non building measure | T23: 0 | V23: 46296 | X23: Per Unit | AB23: Irrigation Pump Test | AD23: BPA Qualified | AG23: 0 | AH23: 0 | AI23: 0 | AJ23: No | AK23: 0 | AL23: 0 | AN23: 22 | AO23: Standard | AP23: No | AQ23: Per Unit | AR23: Yes | AT23: Irrigation Pump Testing and System Analysis BPA Screening Tool
A24: AIRPF40236 | B24: All Heating Zones | C24: All Cooling Zones | D24: Agricultural | E24: Irrigation | F24: Pumps and Fans | G24: Pump Testing Service | H24: Irrigation Pump Test (booster pump) | I24: Complex System | J24: Over 400 acres | L24: 0 | M24: 100 | N24: 0 | O24: Pump Testing Service Irrigation Pump Test (booster pump) Complex System Over 400 acres | Q24: Existing | R24: Non building measure | T24: 0 | V24: 46296 | X24: Per Unit | AB24: Booster Pump | AD24: BPA Qualified | AG24: 0 | AH24: 0 | AI24: 0 | AJ24: No | AK24: 0 | AL24: 0 | AN24: 22 | AO24: Standard | AP24: No | AQ24: Per Unit | AR24: Yes | AT24: Irrigation Pump Testing and System Analysis BPA Screening Tool
A25: AIRPF40237 | B25: All Heating Zones | C25: All Cooling Zones | D25: Agricultural | E25: Irrigation | F25: Pumps and Fans | G25: Pump Efficiency Upgrade | H25: New Efficient Pump | I25: 20 to 500 horsepower | J25: Bronze or Stainless Steel impeller | L25: 220.64152 | M25: 95 | N25: 200 | O25: Pump Efficiency Upgrade New Efficient Pump 20 to 500 horsepower Bronze or Stainless Steel impeller | Q25: Existing | R25: Non building measure (Motors) | T25: 103 | U25: 10 | V25: 45931 | X25: Per Horsepower | AB25: Instead of rebuild/repair | AD25: BPA Qualified | AG25: 0.023958351 | AH25: 0.024842524 | AI25: 0.80925719 | AJ25: No | AK25: 42.265645 | AL25: 0.0205197 | AN25: 20 | AO25: Standard | AP25: No | AQ25: Not Per Unit | AR25: No | AT25: Agricultural Pump Efficiency Upgrade PIF; Pump performance curve (available from the pump manufacturer).
A26: AMDMC40238 | B26: All Heating Zones | C26: All Cooling Zones | D26: Agricultural | E26: Motors/Drives | F26: Motors/Drives Controls | G26: Motors/Drives Control Improvements (VFD) | H26: On Irrigation Turbine Pump | I26: 7.5 to 1000 horsepower | L26: 0 | M26: 135 | N26: 0 | O26: Motors/Drives Control Improvements (VFD) On Irrigation Turbine Pump 7.5 to 1000 horsepower | Q26: Existing | R26: Non building measure (Motors) | T26: 127 | U26: 10 | V26: 45931 | X26: Per Horsepower | AB26: On Irrigation Turbine Pump | AD26: BPA Qualified | AG26: 0 | AH26: 0 | AI26: 0 | AJ26: No | AK26: 0 | AL26: 0 | AN26: 9 | AO26: Calculated | AP26: No | AQ26: Per Unit | AR26: Yes | AS26: 1.1032 | AT26: Existing Centrifugal and Turbine Pump VFD Deemed Savings Tool
A27: AMDMC40239 | B27: All Heating Zones | C27: All Cooling Zones | D27: Agricultural | E27: Motors/Drives | F27: Motors/Drives Controls | G27: Motors/Drives Control Improvements (VFD) | H27: On Irrigation Centrifugal Pump | I27: 7.5 to 1000 horsepower | L27: 0 | M27: 95 | N27: 0 | O27: Motors/Drives Control Improvements (VFD) On Irrigation Centrifugal Pump 7.5 to 1000 horsepower | Q27: Existing | R27: Non building measure (Motors) | T27: 203 | U27: 10 | V27: 45931 | X27: Per Horsepower | AB27: On Irrigation Centrifugal Pump | AD27: BPA Qualified | AG27: 0 | AH27: 0 | AI27: 0.64 | AJ27: No | AK27: 93.07 | AL27: 0 | AN27: 9 | AO27: Calculated | AP27: No | AQ27: Per Unit | AR27: Yes | AS27: 1.1032 | AT27: Existing Centrifugal and Turbine Pump VFD Deemed Savings Tool
A28: AMDMC40240 | B28: All Heating Zones | C28: All Cooling Zones | D28: Agricultural | E28: Motors/Drives | F28: Motors/Drives Controls | G28: Motors/Drives Control Improvements (VFD) | H28: On Irrigation Turbine Pump | I28: 7.5 to 1000 horsepower | L28: 0 | M28: 135 | N28: 0 | O28: Motors/Drives Control Improvements (VFD) On Irrigation Turbine Pump 7.5 to 1000 horsepower | Q28: New | R28: Non building measure (Motors) | T28: 127 | U28: 10 | V28: 45931 | X28: Per Horsepower | AB28: On Irrigation Turbine Pump | AD28: BPA Qualified | AG28: 0 | AH28: 0 | AI28: 1 | AJ28: Yes | AK28: 60.09 | AL28: 0.232 | AN28: 9 | AO28: Calculated | AP28: No | AQ28: Per Unit | AR28: Yes | AS28: 1.1032 | AT28: New Construction Turbine or Centrifugal Pump VFD
A29: AMDMC40241 | B29: All Heating Zones | C29: All Cooling Zones | D29: Agricultural | E29: Motors/Drives | F29: Motors/Drives Controls | G29: Motors/Drives Control Improvements (VFD) | H29: On Irrigation Centrifugal Pump | I29: 7.5 to 1000 horsepower | L29: 0 | M29: 95 | N29: 0 | O29: Motors/Drives Control Improvements (VFD) On Irrigation Centrifugal Pump 7.5 to 1000 horsepower | Q29: New | R29: Non building measure (Motors) | T29: 127 | U29: 10 | V29: 45931 | X29: Per Horsepower | AB29: On Irrigation Centrifugal Pump | AD29: BPA Qualified | AG29: 0 | AH29: 0 | AI29: 0.64 | AJ29: No | AK29: 93.07 | AL29: 0.136 | AN29: 9 | AO29: Calculated | AP29: No | AQ29: Per Unit | AR29: Yes | AS29: 1.1032 | AT29: New Construction Turbine or Centrifugal Pump VFD
A30: APLLT40185 | B30: Heating Zone 1 | C30: All Cooling Zones | D30: Agricultural | E30: Process Loads | F30: Livestock Tanks | G30: Freeze Resistant Stock Tanks | H30: New Enclosed and Fully Insulated Watering Tank/Fountain | I30: No Electric Heat | L30: 61.398983 | M30: 140 | N30: 54.875 | O30: Freeze Resistant Stock Tanks New Enclosed and Fully Insulated Watering Tank/Fountain No Electric Heat | Q30: New | R30: Non building measure | T30: 0 | U30: 20 | V30: 45931 | X30: Per Tank | AD30: RTF Approved | AE30: 45350 | AF30: AgStockWateringTank-v5-3 | AG30: 0.0066627361 | AH30: 0.0069697128 | AI30: 9999 | AJ30: Yes | AK30: -195.04411 | AL30: 0.028550527 | AN30: 22 | AO30: Standard | AP30: No | AQ30: Per Unit | AR30: No
A31: APLLT40186 | B31: Heating Zone 2 | C31: All Cooling Zones | D31: Agricultural | E31: Process Loads | F31: Livestock Tanks | G31: Freeze Resistant Stock Tanks | H31: New Enclosed and Fully Insulated Watering Tank/Fountain | I31: No Electric Heat | L31: 276.32833 | M31: 165 | N31: 247.25 | O31: Freeze Resistant Stock Tanks New Enclosed and Fully Insulated Watering Tank/Fountain No Electric Heat | Q31: New | R31: Non building measure | T31: 0 | U31: 20 | V31: 45931 | X31: Per Tank | AD31: RTF Approved | AE31: 45350 | AF31: AgStockWateringTank-v5-3 | AG31: 0.031045582 | AH31: 0.032456257 | AI31: 9999 | AJ31: Yes | AK31: -60.108132 | AL31: 0.034330186 | AN31: 22 | AO31: Standard | AP31: No | AQ31: Per Unit | AR31: No
A32: APLLT40187 | B32: Heating Zone 3 | C32: All Cooling Zones | D32: Agricultural | E32: Process Loads | F32: Livestock Tanks | G32: Freeze Resistant Stock Tanks | H32: New Enclosed and Fully Insulated Watering Tank/Fountain | I32: No Electric Heat | L32: 423.85246 | M32: 225 | N32: 379.25 | O32: Freeze Resistant Stock Tanks New Enclosed and Fully Insulated Watering Tank/Fountain No Electric Heat | Q32: New | R32: Non building measure | T32: 0 | U32: 20 | V32: 45931 | X32: Per Tank | AD32: RTF Approved | AE32: 45350 | AF32: AgStockWateringTank-v5-3 | AG32: 0.047619968 | AH32: 0.049783763 | AI32: 9999 | AJ32: Yes | AK32: -46.6892 | AL32: 0.042642502 | AN32: 22 | AO32: Standard | AP32: No | AQ32: Per Unit | AR32: No
A33: APLPL40198 | B33: All Heating Zones | C33: All Cooling Zones | D33: Agricultural | E33: Process Loads | F33: Process Loads System Improvements | G33: Interactive Process Loads System Improvements | H33: Generator Block Heater | I33: Stationary | J33: Less than 3 kW | L33: 1409.9752 | M33: 400 | N33: 1271.9377 | O33: Interactive Process Loads System Improvements Generator Block Heater Stationary Less than 3 kW | Q33: Existing | R33: Any Agriculture | T33: 795.82383 | U33: 15 | V33: 45931 | X33: Per Unit | AB33: Pumped generator block heater | AC33: Existing thermo siphon electric resistance block heater | AD33: BPA Qualified | AG33: 0.17746829 | AH33: 0.19563066 | AI33: 0.89782396 | AJ33: No | AK33: 34.394375 | AL33: 1.3112769 | AN33: 20 | AO33: Standard | AP33: No | AQ33: Per Unit | AR33: No
A34: APLPL40199 | B34: All Heating Zones | C34: All Cooling Zones | D34: Agricultural | E34: Process Loads | F34: Process Loads System Improvements | G34: Interactive Process Loads System Improvements | H34: Generator Block Heater | I34: Stationary | J34: Greater than or equal to 3 kW | L34: 4052.4193 | M34: 2000 | N34: 3655.6847 | O34: Interactive Process Loads System Improvements Generator Block Heater Stationary Greater than or equal to 3 kW | Q34: Existing | R34: Any Agriculture | T34: 1400.4899 | U34: 15 | V34: 45931 | X34: Per Unit | AB34: Pumped generator block heater | AC34: Existing thermo siphon electric resistance block heater | AD34: BPA Qualified | AG34: 0.51006282 | AH34: 0.56226342 | AI34: 1.4663278 | AJ34: Yes | AK34: 12.425132 | AL34: 3.7687499 | AN34: 20 | AO34: Standard | AP34: No | AQ34: Per Unit | AR34: No
A35: AUDTR40195 | B35: All Heating Zones | C35: All Cooling Zones | D35: Agricultural | E35: Utility Distribution System | F35: Transformers | G35: De-Energization | L35: 1 | M35: 0.03 | N35: 0.92 | O35: De-Energization | Q35: Existing | R35: Non building measure | U35: 1 | V35: 45200 | X35: Per kWh | AJ35: Yes | AL35: 0 | AN35: 5 | AO35: Standard | AP35: No | AQ35: Not Per Unit | AR35: Yes | AT35: Transformer De-Energization Worksheet
A36: AWBWB40242 | B36: All Heating Zones | C36: All Cooling Zones | D36: Agricultural | E36: Whole Bldg/Meter Level | F36: Whole Bldg/Meter Level System Improvements | G36: Energy Audit | L36: 0 | M36: 15000 | N36: 0 | O36: Energy Audit | T36: 0 | U36: 1 | V36: 45200 | X36: Per Unit | AD36: BPA Qualified | AG36: 0 | AH36: 0 | AI36: 9999 | AJ36: Yes | AK36: 0 | AL36: 0 | AN36: 5 | AO36: Standard | AP36: No | AQ36: Not Per Unit | AR36: Yes | AT36: Completed Agricultural Energy Audit Screening Form
A37: AWBWB40243 | B37: All Heating Zones | C37: All Cooling Zones | D37: Agricultural | E37: Whole Bldg/Meter Level | F37: Whole Bldg/Meter Level System Improvements | G37: Energy Audit Screening | L37: 0 | M37: 150 | N37: 0 | O37: Energy Audit Screening | T37: 0 | U37: 1 | V37: 45200 | X37: Per Unit | AD37: BPA Qualified | AG37: 0 | AH37: 0 | AI37: 9999 | AJ37: Yes | AK37: 0 | AL37: 0 | AN37: 5 | AO37: Standard | AP37: No | AQ37: Not Per Unit | AR37: Yes | AT37: Completed Agricultural On-Site Energy Audit Report
A38: CFPMC20465 | B38: All Heating Zones | C38: All Cooling Zones | D38: Commercial | E38: Food Preparation | F38: Motors/Drives Controls | G38: Interactive Process Loads System Improvements | H38: Demand Control Kitchen Ventilation | I38: Single Sensor | L38: 1094.8878 | M38: 400 | N38: 986 | O38: Interactive Process Loads System Improvements Demand Control Kitchen Ventilation Single Sensor | Q38: New or Existing | T38: 1219.57 | U38: 5 | V38: 45931 | X38: Per Horsepower of Fan | AD38: BPA Qualified | AG38: 0.11418367 | AH38: 0.11892473 | AI38: 0.17854661 | AJ38: No | AK38: 250.17757 | AL38: 2.0364912 | AN38: 20 | AO38: Standard | AP38: No | AQ38: Not Per Unit | AR38: No
A39: CFPMC20466 | B39: All Heating Zones | C39: All Cooling Zones | D39: Commercial | E39: Food Preparation | F39: Motors/Drives Controls | G39: Interactive Process Loads System Improvements | H39: Demand Control Kitchen Ventilation | I39: Multiple Sensor | L39: 2552.8874 | M39: 800 | N39: 2299 | O39: Interactive Process Loads System Improvements Demand Control Kitchen Ventilation Multiple Sensor | Q39: New or Existing | T39: 1219.57 | U39: 5 | V39: 45931 | X39: Per Horsepower of Fan | AD39: BPA Qualified | AG39: 0.26623555 | AH39: 0.27729 | AI39: 0.41630696 | AJ39: No | AK39: 96.527521 | AL39: 4.7483705 | AN39: 20 | AO39: Standard | AP39: No | AQ39: Not Per Unit | AR39: No
A40: CHVEN20031 | B40: Heating Zone 1 | C40: All Cooling Zones | D40: Commercial | E40: HVAC | F40: Envelope | G40: Windows | H40: Electric Zonal or Forced Air Furnace | L40: 26.167481 | M40: 9 | N40: 23.504646 | O40: Windows Electric Zonal or Forced Air Furnace | Q40: Existing | R40: Any Commercial | T40: 22.71 | U40: 20 | V40: 45200 | X40: Per Square foot | AD40: BPA Qualified | AG40: 0.0024158101 | AH40: 0.0025223722 | AI40: 0.71988133 | AJ40: No | AK40: 45.597673 | AL40: 0.0097853137 | AN40: 20 | AO40: Standard | AP40: No | AQ40: Not Per Unit | AR40: No
A41: CHVEN20032 | B41: Heating Zone 2 | C41: All Cooling Zones | D41: Commercial | E41: HVAC | F41: Envelope | G41: Windows | H41: Electric Zonal or Forced Air Furnace | L41: 42.84969 | M41: 18 | N41: 38.28104 | O41: Windows Electric Zonal or Forced Air Furnace | Q41: Existing | R41: Any Commercial | T41: 22.71 | U41: 20 | V41: 45931 | X41: Per Square foot | AD41: BPA Qualified | AG41: 0.0049191343 | AH41: 0.0051361186 | AI41: 1.032027 | AJ41: Yes | AK41: 25.663637 | AL41: 0.019925106 | AN41: 20 | AO41: Standard | AP41: No | AQ41: Not Per Unit | AR41: No
A42: CHVEN20033 | B42: Heating Zone 3 | C42: All Cooling Zones | D42: Commercial | E42: HVAC | F42: Envelope | G42: Windows | H42: Electric Zonal or Forced Air Furnace | L42: 42.84969 | M42: 18 | N42: 38.28104 | O42: Windows Electric Zonal or Forced Air Furnace | Q42: Existing | R42: Any Commercial | T42: 22.71 | U42: 20 | V42: 45931 | X42: Per Square foot | AD42: BPA Qualified | AG42: 0.0049191343 | AH42: 0.0051361186 | AI42: 1.032027 | AJ42: Yes | AK42: 25.663637 | AL42: 0.019925106 | AN42: 20 | AO42: Standard | AP42: No | AQ42: Not Per Unit | AR42: No
A43: CHVEN20034 | B43: Heating Zone 1 | C43: All Cooling Zones | D43: Commercial | E43: HVAC | F43: Envelope | G43: Windows | H43: Air-source Heat Pump | L43: 24.648429 | M43: 9 | N43: 22.140174 | O43: Windows Air-source Heat Pump | Q43: Existing | R43: Any Commercial | T43: 22.71 | U43: 20 | V43: 45200 | X43: Per Square foot | AD43: BPA Qualified | AG43: 0.0018616516 | AH43: 0.0019437695 | AI43: 0.55474897 | AJ43: No | AK43: 65.21351 | AL43: 0.0075406772 | AN43: 20 | AO43: Standard | AP43: No | AQ43: Not Per Unit | AR43: No
A44: CHVEN20035 | B44: Heating Zone 2 | C44: All Cooling Zones | D44: Commercial | E44: HVAC | F44: Envelope | G44: Windows | H44: Air-source Heat Pump | L44: 35.631406 | M44: 18 | N44: 31.832373 | O44: Windows Air-source Heat Pump | Q44: Existing | R44: Any Commercial | T44: 22.71 | U44: 20 | V44: 45931 | X44: Per Square foot | AD44: BPA Qualified | AG44: 0.0040904771 | AH44: 0.0042709091 | AI44: 0.85817595 | AJ44: No | AK44: 34.992395 | AL44: 0.016568604 | AN44: 20 | AO44: Standard | AP44: No | AQ44: Not Per Unit | AR44: No
A45: CHVEN20036 | B45: Heating Zone 3 | C45: All Cooling Zones | D45: Commercial | E45: HVAC | F45: Envelope | G45: Windows | H45: Air-source Heat Pump | L45: 35.631406 | M45: 18 | N45: 31.832373 | O45: Windows Air-source Heat Pump | Q45: Existing | R45: Any Commercial | T45: 22.71 | U45: 20 | V45: 45931 | X45: Per Square foot | AD45: BPA Qualified | AG45: 0.0040904771 | AH45: 0.0042709091 | AI45: 0.85817595 | AJ45: No | AK45: 34.992395 | AL45: 0.016568604 | AN45: 20 | AO45: Standard | AP45: No | AQ45: Not Per Unit | AR45: No
A46: CHVEN20959 | B46: Heating Zone 1 | C46: All Cooling Zones | D46: Commercial | E46: HVAC | F46: Envelope | G46: Insulation | H46: Restaurant | I46: Wall | J46: <= R-5 to R-11 | K46: Heat Pump | L46: 0.82355436 | M46: 0.8 | N46: 0.73678784 | O46: Insulation Restaurant Wall <= R-5 to R-11 Heat Pump | Q46: Existing | R46: Restaurant | T46: 2.11 | U46: 30 | V46: 45200 | X46: Per Square foot | AD46: BPA Qualified | AG46: 0.0001299358 | AH46: 0.00013586727 | AI46: 0.31164952 | AJ46: No | AK46: 153.72423 | AL46: 0.00025565749 | AN46: 20 | AO46: Standard | AP46: No | AQ46: Not Per Unit | AR46: No
A47: CHVEN20960 | B47: Heating Zone 2 | C47: All Cooling Zones | D47: Commercial | E47: HVAC | F47: Envelope | G47: Insulation | H47: Restaurant | I47: Wall | J47: <= R-5 to R-11 | K47: Heat Pump | L47: 1.0656535 | M47: 1.1 | N47: 0.95338031 | O47: Insulation Restaurant Wall <= R-5 to R-11 Heat Pump | Q47: Existing | R47: Restaurant | T47: 2.11 | U47: 30 | V47: 45931 | X47: Per Square foot | AD47: BPA Qualified | AG47: 0.00016789895 | AH47: 0.00017556342 | AI47: 0.40380885 | AJ47: No | AK47: 112.55675 | AL47: 0.00033035257 | AN47: 20 | AO47: Standard | AP47: No | AQ47: Not Per Unit | AR47: No
A48: CHVEN20961 | B48: Heating Zone 3 | C48: All Cooling Zones | D48: Commercial | E48: HVAC | F48: Envelope | G48: Insulation | H48: Restaurant | I48: Wall | J48: <= R-5 to R-11 | K48: Heat Pump | L48: 1.0656535 | M48: 1.1 | N48: 0.95338031 | O48: Insulation Restaurant Wall <= R-5 to R-11 Heat Pump | Q48: Existing | R48: Restaurant | T48: 2.11 | U48: 30 | V48: 45931 | X48: Per Square foot | AD48: BPA Qualified | AG48: 0.00016789895 | AH48: 0.00017556342 | AI48: 0.40380885 | AJ48: No | AK48: 112.55675 | AL48: 0.00033035257 | AN48: 20 | AO48: Standard | AP48: No | AQ48: Not Per Unit | AR48: No
A49: CHVEN20962 | B49: Heating Zone 1 | C49: All Cooling Zones | D49: Commercial | E49: HVAC | F49: Envelope | G49: Insulation | H49: Restaurant | I49: Wall | J49: <= R-5 to R-19 | K49: Heat Pump | L49: 0.88980398 | M49: 1.1 | N49: 0.79605766 | O49: Insulation Restaurant Wall <= R-5 to R-19 Heat Pump | Q49: Existing | R49: Restaurant | T49: 2.8 | U49: 30 | V49: 45200 | X49: Per Square foot | AD49: BPA Qualified | AG49: 0.00014015723 | AH49: 0.00014655531 | AI49: 0.25332472 | AJ49: No | AK49: 195.48572 | AL49: 0.00027576885 | AN49: 20 | AO49: Standard | AP49: No | AQ49: Not Per Unit | AR49: No
A50: CHVEN20963 | B50: Heating Zone 2 | C50: All Cooling Zones | D50: Commercial | E50: HVAC | F50: Envelope | G50: Insulation | H50: Restaurant | I50: Wall | J50: <= R-5 to R-19 | K50: Heat Pump | L50: 1.4399541 | M50: 1.4 | N50: 1.2882461 | O50: Insulation Restaurant Wall <= R-5 to R-19 Heat Pump | Q50: Existing | R50: Restaurant | T50: 2.8 | U50: 30 | V50: 45931 | X50: Per Square foot | AD50: BPA Qualified | AG50: 0.00022687186 | AH50: 0.0002372284 | AI50: 0.41118088 | AJ50: No | AK50: 110.04003 | AL50: 0.00044638577 | AN50: 20 | AO50: Standard | AP50: No | AQ50: Not Per Unit | AR50: No
A51: CHVEN20964 | B51: Heating Zone 3 | C51: All Cooling Zones | D51: Commercial | E51: HVAC | F51: Envelope | G51: Insulation | H51: Restaurant | I51: Wall | J51: <= R-5 to R-19 | K51: Heat Pump | L51: 1.4399541 | M51: 1.4 | N51: 1.2882461 | O51: Insulation Restaurant Wall <= R-5 to R-19 Heat Pump | Q51: Existing | R51: Restaurant | T51: 2.8 | U51: 30 | V51: 45931 | X51: Per Square foot | AD51: BPA Qualified | AG51: 0.00022687186 | AH51: 0.0002372284 | AI51: 0.41118088 | AJ51: No | AK51: 110.04003 | AL51: 0.00044638577 | AN51: 20 | AO51: Standard | AP51: No | AQ51: Not Per Unit | AR51: No
A52: CHVEN20971 | B52: Heating Zone 1 | C52: All Cooling Zones | D52: Commercial | E52: HVAC | F52: Envelope | G52: Insulation | H52: Restaurant | I52: Wall | J52: <= R-5 to R-11 | K52: Resistance | L52: 0.79320812 | M52: 0.8 | N52: 0.70963877 | O52: Insulation Restaurant Wall <= R-5 to R-11 Resistance | Q52: Existing | R52: Restaurant | T52: 2.11 | U52: 30 | V52: 45200 | X52: Per Square foot | AD52: BPA Qualified | AG52: 0.00012530139 | AH52: 0.0001310213 | AI52: 0.30053394 | AJ52: No | AK52: 160.43294 | AL52: 0.00024653897 | AN52: 20 | AO52: Standard | AP52: No | AQ52: Not Per Unit | AR52: No
A53: CHVEN20972 | B53: Heating Zone 2 | C53: All Cooling Zones | D53: Commercial | E53: HVAC | F53: Envelope | G53: Insulation | H53: Restaurant | I53: Wall | J53: <= R-5 to R-11 | K53: Resistance | L53: 1.4601357 | M53: 1.1 | N53: 1.3063015 | O53: Insulation Restaurant Wall <= R-5 to R-11 Resistance | Q53: Existing | R53: Restaurant | T53: 2.8 | U53: 30 | V53: 45931 | X53: Per Square foot | AD53: BPA Qualified | AG53: 0.00023005158 | AH53: 0.00024055327 | AI53: 0.41694377 | AJ53: No | AK53: 108.13462 | AL53: 0.00045264208 | AN53: 20 | AO53: Standard | AP53: No | AQ53: Not Per Unit | AR53: No
A54: CHVEN20973 | B54: Heating Zone 3 | C54: All Cooling Zones | D54: Commercial | E54: HVAC | F54: Envelope | G54: Insulation | H54: Restaurant | I54: Wall | J54: <= R-5 to R-11 | K54: Resistance | L54: 1.4601357 | M54: 1.1 | N54: 1.3063015 | O54: Insulation Restaurant Wall <= R-5 to R-11 Resistance | Q54: Existing | R54: Restaurant | T54: 2.8 | U54: 30 | V54: 45931 | X54: Per Square foot | AD54: BPA Qualified | AG54: 0.00023005158 | AH54: 0.00024055327 | AI54: 0.41694377 | AJ54: No | AK54: 108.13462 | AL54: 0.00045264208 | AN54: 20 | AO54: Standard | AP54: No | AQ54: Not Per Unit | AR54: No
A55: CHVEN20974 | B55: Heating Zone 1 | C55: All Cooling Zones | D55: Commercial | E55: HVAC | F55: Envelope | G55: Insulation | H55: Restaurant | I55: Wall | J55: <= R-5 to R-19 | K55: Resistance | L55: 1.0390717 | M55: 1.1 | N55: 0.92959907 | O55: Insulation Restaurant Wall <= R-5 to R-19 Resistance | Q55: Existing | R55: Restaurant | T55: 2.8 | U55: 30 | V55: 45200 | X55: Per Square foot | AD55: BPA Qualified | AG55: 0.00016378146 | AH55: 0.00017125797 | AI55: 0.29602393 | AJ55: No | AK55: 163.29859 | AL55: 0.00032225114 | AN55: 20 | AO55: Standard | AP55: No | AQ55: Not Per Unit | AR55: No
A56: CHVEN20975 | B56: Heating Zone 2 | C56: All Cooling Zones | D56: Commercial | E56: HVAC | F56: Envelope | G56: Insulation | H56: Restaurant | I56: Wall | J56: <= R-5 to R-19 | K56: Resistance | L56: 2.5526555 | M56: 1.4 | N56: 2.2837175 | O56: Insulation Restaurant Wall <= R-5 to R-19 Resistance | Q56: Existing | R56: Restaurant | T56: 1.95 | U56: 30 | V56: 45931 | X56: Per Square foot | AD56: BPA Qualified | AG56: 0.00040218344 | AH56: 0.00042054283 | AI56: 1.0466462 | AJ56: Yes | AK56: 26.341846 | AL56: 0.00079132319 | AN56: 20 | AO56: Standard | AP56: No | AQ56: Not Per Unit | AR56: No
A57: CHVEN20976 | B57: Heating Zone 3 | C57: All Cooling Zones | D57: Commercial | E57: HVAC | F57: Envelope | G57: Insulation | H57: Restaurant | I57: Wall | J57: <= R-5 to R-19 | K57: Resistance | L57: 2.5526555 | M57: 1.4 | N57: 2.2837175 | O57: Insulation Restaurant Wall <= R-5 to R-19 Resistance | Q57: Existing | R57: Restaurant | T57: 1.95 | U57: 30 | V57: 45931 | X57: Per Square foot | AD57: BPA Qualified | AG57: 0.00040218344 | AH57: 0.00042054283 | AI57: 1.0466462 | AJ57: Yes | AK57: 26.341846 | AL57: 0.00079132319 | AN57: 20 | AO57: Standard | AP57: No | AQ57: Not Per Unit | AR57: No
... A157: CHVEN21202 | B157: Heating Zone 1 | C157: All Cooling Zones | D157: Commercial | E157: HVAC | F157: Envelope | G157: Insulation | H157: School K-12 | I157: Wall | J157: <= R-5 to R-19 | K157: Resistance | L157: 5.13 | M157: 1.1 | N157: 4.58 | O157: Insulation School K-12 Wall <= R-5 to R-19 Resistance | Q157: Existing | R157: School K-12 | T157: 1.85 | U157: 30 | V157: 45200 | X157: Per Square foot | AD157: BPA Qualified | AG157: 0.001977 | AH157: 0 | AI157: 2.15 | AJ157: Yes | AK157: 1.73 | AL157: 0.0016666667 | AN157: 20 | AO157: Standard | AP157: No | AQ157: Not Per Unit | AR157: No
A158: CHVEN21206 | B158: Heating Zone 2 | C158: All Cooling Zones | D158: Commercial | E158: HVAC | F158: Envelope | G158: Insulation | H158: School K-12 | I158: Wall | J158: <= R-5 to R-11 | K158: Heat Pump | L158: 5.1224584 | M158: 1.1 | N158: 4.5763 | O158: Insulation School K-12 Wall <= R-5 to R-11 Heat Pump | Q158: Existing | R158: School K-12 | T158: 2.11 | U158: 30 | V158: 45931 | X158: Per Square foot | AD158: RTF Approved | AF158: ComWeatherizationSchool_v4_1 | AG158: 0.00058805702 | AH158: 0.00061399637 | AI158: 1.6274035 | AJ158: Yes | AK158: 8.8167627 | AL158: 0.0015879621 | AN158: 20 | AO158: Standard | AP158: No | AQ158: Not Per Unit | AR158: No
A159: CHVEN21207 | B159: Heating Zone 2 | C159: All Cooling Zones | D159: Commercial | E159: HVAC | F159: Envelope | G159: Insulation | H159: School K-12 | I159: Wall | J159: <= R-5 to R-19 | K159: Heat Pump | L159: 5.7713426 | M159: 1.4 | N159: 5.156 | O159: Insulation School K-12 Wall <= R-5 to R-19 Heat Pump | Q159: Existing | R159: School K-12 | T159: 2.11 | U159: 30 | V159: 45931 | X159: Per Square foot | AD159: RTF Approved | AF159: ComWeatherizationSchool_v4_1 | AG159: 0.00066254878 | AH159: 0.00069177398 | AI159: 1.8335538 | AJ159: Yes | AK159: 5.5334737 | AL159: 0.0017891162 | AN159: 20 | AO159: Standard | AP159: No | AQ159: Not Per Unit | AR159: No
A160: CHVEN21211 | B160: Heating Zone 2 | C160: All Cooling Zones | D160: Commercial | E160: HVAC | F160: Envelope | G160: Insulation | H160: School K-12 | I160: Wall | J160: <= R-5 to R-11 | K160: Resistance | L160: 6.4653365 | M160: 1.1 | N160: 5.776 | O160: Insulation School K-12 Wall <= R-5 to R-11 Resistance | Q160: Existing | R160: School K-12 | T160: 2.11 | U160: 30 | V160: 45931 | X160: Per Square foot | AD160: RTF Approved | AF160: ComWeatherizationSchool_v4_1 | AG160: 0.00074221912 | AH160: 0.00077495859 | AI160: 2.0540354 | AJ160: Yes | AK160: 2.7512964 | AL160: 0.0020042543 | AN160: 20 | AO160: Standard | AP160: No | AQ160: Not Per Unit | AR160: No
A161: CHVEN21212 | B161: Heating Zone 2 | C161: All Cooling Zones | D161: Commercial | E161: HVAC | F161: Envelope | G161: Insulation | H161: School K-12 | I161: Wall | J161: <= R-5 to R-19 | K161: Resistance | L161: 7.2851448 | M161: 1.4 | N161: 6.5084 | O161: Insulation School K-12 Wall <= R-5 to R-19 Resistance | Q161: Existing | R161: School K-12 | T161: 2.11 | U161: 30 | V161: 45931 | X161: Per Square foot | AD161: RTF Approved | AF161: ComWeatherizationSchool_v4_1 | AG161: 0.00083633291 | AH161: 0.00087322377 | AI161: 2.3144883 | AJ161: Yes | AK161: 0.14766126 | AL161: 0.0022583949 | AN161: 20 | AO161: Standard | AP161: No | AQ161: Not Per Unit | AR161: No
A162: CHVEN21216 | B162: Heating Zone 3 | C162: All Cooling Zones | D162: Commercial | E162: HVAC | F162: Envelope | G162: Insulation | H162: School K-12 | I162: Wall | J162: <= R-5 to R-11 | K162: Heat Pump | L162: 5.1224584 | M162: 1.1 | N162: 4.5763 | O162: Insulation School K-12 Wall <= R-5 to R-11 Heat Pump | Q162: Existing | R162: School K-12 | T162: 2.11 | U162: 30 | V162: 45931 | X162: Per Square foot | AD162: RTF Approved | AF162: ComWeatherizationSchool_v4_1 | AG162: 0.00058805702 | AH162: 0.00061399637 | AI162: 1.6274035 | AJ162: Yes | AK162: 8.8167627 | AL162: 0.0015879621 | AN162: 20 | AO162: Standard | AP162: No | AQ162: Not Per Unit | AR162: No
A163: CHVEN21217 | B163: Heating Zone 3 | C163: All Cooling Zones | D163: Commercial | E163: HVAC | F163: Envelope | G163: Insulation | H163: School K-12 | I163: Wall | J163: <= R-5 to R-19 | K163: Heat Pump | L163: 5.7713426 | M163: 1.4 | N163: 5.156 | O163: Insulation School K-12 Wall <= R-5 to R-19 Heat Pump | Q163: Existing | R163: School K-12 | T163: 2.11 | U163: 30 | V163: 45931 | X163: Per Square foot | AD163: RTF Approved | AF163: ComWeatherizationSchool_v4_1 | AG163: 0.00066254878 | AH163: 0.00069177398 | AI163: 1.8335538 | AJ163: Yes | AK163: 5.5334737 | AL163: 0.0017891162 | AN163: 20 | AO163: Standard | AP163: No | AQ163: Not Per Unit | AR163: No
A164: CHVEN21221 | B164: Heating Zone 3 | C164: All Cooling Zones | D164: Commercial | E164: HVAC | F164: Envelope | G164: Insulation | H164: School K-12 | I164: Wall | J164: <= R-5 to R-11 | K164: Resistance | L164: 6.4653365 | M164: 1.1 | N164: 5.776 | O164: Insulation School K-12 Wall <= R-5 to R-11 Resistance | Q164: Existing | R164: School K-12 | T164: 2.11 | U164: 30 | V164: 45931 | X164: Per Square foot | AD164: RTF Approved | AF164: ComWeatherizationSchool_v4_1 | AG164: 0.00074221912 | AH164: 0.00077495859 | AI164: 2.0540354 | AJ164: Yes | AK164: 2.7512964 | AL164: 0.0020042543 | AN164: 20 | AO164: Standard | AP164: No | AQ164: Not Per Unit | AR164: No
A165: CHVEN21222 | B165: Heating Zone 3 | C165: All Cooling Zones | D165: Commercial | E165: HVAC | F165: Envelope | G165: Insulation | H165: School K-12 | I165: Wall | J165: <= R-5 to R-19 | K165: Resistance | L165: 7.2851448 | M165: 1.4 | N165: 6.5084 | O165: Insulation School K-12 Wall <= R-5 to R-19 Resistance | Q165: Existing | R165: School K-12 | T165: 2.11 | U165: 30 | V165: 45931 | X165: Per Square foot | AD165: RTF Approved | AF165: ComWeatherizationSchool_v4_1 | AG165: 0.00083633291 | AH165: 0.00087322377 | AI165: 2.3144883 | AJ165: Yes | AK165: 0.14766126 | AL165: 0.0022583949 | AN165: 20 | AO165: Standard | AP165: No | AQ165: Not Per Unit | AR165: No
A166: CHVEN21298 | B166: Heating Zone 1 | C166: All Cooling Zones | D166: Commercial | E166: HVAC | F166: Envelope | G166: Secondary Windows | H166: Electric Zonal or Forced Air Furnace | L166: 8.3830875 | M166: 3 | N166: 7.4658958 | O166: Secondary Windows Electric Zonal or Forced Air Furnace | T166: 34.98 | U166: 30 | V166: 45200 | X166: Per Square Foot | AD166: RTF Approved | AE166: 45124 | AF166: ComSecondaryGlazingSystems_v3_1 | AG166: 0.0010223747 | AH166: 0.0010712126 | AI166: 0.17182122 | AJ166: No | AK166: 274.16046 | AL166: 0.0025987571 | AN166: 8 | AO166: Standard | AP166: No | AQ166: Per Unit | AR166: No
A167: CHVEN21299 | B167: Heating Zone 1 | C167: All Cooling Zones | D167: Commercial | E167: HVAC | F167: Envelope | G167: Secondary Windows | H167: Air-source Heat Pump | L167: 9.9832292 | M167: 3 | N167: 8.8909663 | O167: Secondary Windows Air-source Heat Pump | T167: 34.98 | U167: 30 | V167: 45200 | X167: Per Square Foot | AD167: RTF Approved | AE167: 45124 | AF167: ComSecondaryGlazingSystems_v3_1 | AG167: 0.00061988184 | AH167: 0.00064949299 | AI167: 0.1041779 | AJ167: No | AK167: 466.23944 | AL167: 0.0015756672 | AN167: 8 | AO167: Standard | AP167: No | AQ167: Per Unit | AR167: No
A168: CHVEN21300 | B168: Heating Zone 2 | C168: All Cooling Zones | D168: Commercial | E168: HVAC | F168: Envelope | G168: Secondary Windows | H168: Electric Zonal or Forced Air Furnace | L168: 11.613488 | M168: 3 | N168: 10.342859 | O168: Secondary Windows Electric Zonal or Forced Air Furnace | T168: 34.98 | U168: 30 | V168: 45200 | X168: Per Square Foot | AD168: RTF Approved | AE168: 45124 | AF168: ComSecondaryGlazingSystems_v3_1 | AG168: 0.0012175229 | AH168: 0.0012756828 | AI168: 0.204618 | AJ168: No | AK168: 226.74523 | AL168: 0.003094801 | AN168: 8 | AO168: Standard | AP168: No | AQ168: Per Unit | AR168: No
A169: CHVEN21301 | B169: Heating Zone 2 | C169: All Cooling Zones | D169: Commercial | E169: HVAC | F169: Envelope | G169: Secondary Windows | H169: Air-source Heat Pump | L169: 5.0827974 | M169: 3 | N169: 4.5266897 | O169: Secondary Windows Air-source Heat Pump | T169: 34.98 | U169: 30 | V169: 45200 | X169: Per Square Foot | AD169: RTF Approved | AE169: 45124 | AF169: ComSecondaryGlazingSystems_v3_1 | AG169: 0.00079075675 | AH169: 0.00082853043 | AI169: 0.13289529 | AJ169: No | AK169: 360.80874 | AL169: 0.0020100112 | AN169: 8 | AO169: Standard | AP169: No | AQ169: Per Unit | AR169: No
A170: CHVEN21302 | B170: Heating Zone 3 | C170: All Cooling Zones | D170: Commercial | E170: HVAC | F170: Envelope | G170: Secondary Windows | H170: Electric Zonal or Forced Air Furnace | L170: 6.4839073 | M170: 3 | N170: 5.7745044 | O170: Secondary Windows Electric Zonal or Forced Air Furnace | T170: 34.98 | U170: 30 | V170: 45200 | X170: Per Square Foot | AD170: RTF Approved | AE170: 45124 | AF170: ComSecondaryGlazingSystems_v3_1 | AG170: 0.0014163441 | AH170: 0.0014840015 | AI170: 0.23803206 | AJ170: No | AK170: 191.8748 | AL170: 0.0036001812 | AN170: 8 | AO170: Standard | AP170: No | AQ170: Per Unit | AR170: No
A171: CHVEN21303 | B171: Heating Zone 3 | C171: All Cooling Zones | D171: Commercial | E171: HVAC | F171: Envelope | G171: Secondary Windows | H171: Air-source Heat Pump | L171: 6.8215566 | M171: 3 | N171: 6.0752116 | O171: Secondary Windows Air-source Heat Pump | T171: 34.98 | U171: 30 | V171: 45200 | X171: Per Square Foot | AD171: RTF Approved | AE171: 45124 | AF171: ComSecondaryGlazingSystems_v3_1 | AG171: 0.0008319354 | AH171: 0.00087167614 | AI171: 0.13981581 | AJ171: No | AK171: 341.87745 | AL171: 0.0021146826 | AN171: 8 | AO171: Standard | AP171: No | AQ171: Per Unit | AR171: No
A172: CHVEN21342 | B172: Heating Zone 1 | C172: All Cooling Zones | D172: Commercial | E172: HVAC | F172: Envelope | G172: Insulation | H172: Hospital | I172: Attic or Roof | J172: <= R-5 and Above | K172: Heat Pump | L172: 6.0217298 | M172: 1.8 | N172: 5.4325879 | O172: Insulation Hospital Attic or Roof <= R-5 and Above Heat Pump | Q172: Existing | R172: Hospital | T172: 2.57 | U172: 30 | V172: 45931 | X172: Per Square foot | AD172: BPA Qualified | AG172: 0.00076489035 | AH172: 0.00079578462 | AI172: 1.6786592 | AJ172: Yes | AK172: 7.848544 | AL172: 0.0018667362 | AN172: 20 | AO172: Standard | AP172: No | AQ172: Not Per Unit | AR172: No
A173: CHVEN21343 | B173: Heating Zone 1 | C173: All Cooling Zones | D173: Commercial | E173: HVAC | F173: Envelope | G173: Insulation | H173: Hospital | I173: Attic or Roof | J173: <= R-5 and Above | K173: Resistance | L173: 8.0701168 | M173: 1.8 | N173: 7.280569 | O173: Insulation Hospital Attic or Roof <= R-5 and Above Resistance | Q173: Existing | R173: Hospital | T173: 2.2333333 | U173: 30 | V173: 45931 | X173: Per Square foot | AD173: BPA Qualified | AG173: 0.00102508 | AH173: 0.0010664834 | AI173: 2.5888129 | AJ173: Yes | AK173: -2.7889824 | AL173: 0.0025017362 | AN173: 20 | AO173: Standard | AP173: No | AQ173: Not Per Unit | AR173: No
A174: CHVEN21344 | B174: Heating Zone 2 | C174: All Cooling Zones | D174: Commercial | E174: HVAC | F174: Envelope | G174: Insulation | H174: Hospital | I174: Attic or Roof | J174: <= R-5 and Above | K174: Heat Pump | L174: 3.7925161 | M174: 2.1 | N174: 3.4214715 | O174: Insulation Hospital Attic or Roof <= R-5 and Above Heat Pump | Q174: Existing | R174: Hospital | T174: 1.285 | U174: 30 | V174: 45931 | X174: Per Square foot | AD174: BPA Qualified | AG174: 0.00048173184 | AH174: 0.00050118921 | AI174: 2.1144562 | AJ174: Yes | AK174: 1.6124572 | AL174: 0.00117568 | AN174: 20 | AO174: Standard | AP174: No | AQ174: Not Per Unit | AR174: No
A175: CHVEN21345 | B175: Heating Zone 3 | C175: All Cooling Zones | D175: Commercial | E175: HVAC | F175: Envelope | G175: Insulation | H175: Hospital | I175: Attic or Roof | J175: <= R-5 and Above | K175: Heat Pump | L175: 3.7925161 | M175: 2.1 | N175: 3.4214715 | O175: Insulation Hospital Attic or Roof <= R-5 and Above Heat Pump | Q175: Existing | R175: Hospital | T175: 1.285 | U175: 30 | V175: 45931 | X175: Per Square foot | AD175: BPA Qualified | AG175: 0.00048173184 | AH175: 0.00050118921 | AI175: 2.1144562 | AJ175: Yes | AK175: 1.6124572 | AL175: 0.00117568 | AN175: 20 | AO175: Standard | AP175: No | AQ175: Not Per Unit | AR175: No
A176: CHVEN21346 | B176: Heating Zone 2 | C176: All Cooling Zones | D176: Commercial | E176: HVAC | F176: Envelope | G176: Insulation | H176: Hospital | I176: Attic or Roof | J176: <= R-5 and Above | K176: Resistance | L176: 5.0941578 | M176: 2.1 | N176: 4.5957658 | O176: Insulation Hospital Attic or Roof <= R-5 and Above Resistance | Q176: Existing | R176: Hospital | T176: 1.1166667 | U176: 30 | V176: 45931 | X176: Per Square foot | AD176: BPA Qualified | AG176: 0.00064706858 | AH176: 0.00067320398 | AI176: 3.2683099 | AJ176: Yes | AK176: -6.8679734 | AL176: 0.0015791889 | AN176: 20 | AO176: Standard | AP176: No | AQ176: Not Per Unit | AR176: No
A177: CHVEN21347 | B177: Heating Zone 3 | C177: All Cooling Zones | D177: Commercial | E177: HVAC | F177: Envelope | G177: Insulation | H177: Hospital | I177: Attic or Roof | J177: <= R-5 and Above | K177: Resistance | L177: 5.0941578 | M177: 2.1 | N177: 4.5957658 | O177: Insulation Hospital Attic or Roof <= R-5 and Above Resistance | Q177: Existing | R177: Hospital | T177: 1.1166667 | U177: 30 | V177: 45931 | X177: Per Square foot | AD177: BPA Qualified | AG177: 0.00064706858 | AH177: 0.00067320398 | AI177: 3.2683099 | AJ177: Yes | AK177: -6.8679734 | AL177: 0.0015791889 | AN177: 20 | AO177: Standard | AP177: No | AQ177: Not Per Unit | AR177: No
A178: CHVEN21348 | B178: Heating Zone 1 | C178: All Cooling Zones | D178: Commercial | E178: HVAC | F178: Envelope | G178: Insulation | H178: Large Retail 50,000 - 100,000 sq ft | I178: Attic or Roof | J178: <= R-5 and Above | K178: Heat Pump | L178: 4.7479845 | M178: 1.8 | N178: 4.2510976 | O178: Insulation Large Retail 50,000 - 100,000 sq ft Attic or Roof <= R-5 and Above Heat Pump | Q178: Existing | R178: Large Retail 50,000 - 100,000 sq ft | T178: 2.34 | U178: 30 | V178: 45931 | X178: Per Square foot | AD178: BPA Qualified | AG178: 0.00063956737 | AH178: 0.00066737358 | AI178: 1.4984322 | AJ178: Yes | AK178: 11.156927 | AL178: 0.0014718752 | AN178: 20 | AO178: Standard | AP178: No | AQ178: Not Per Unit | AR178: No
A179: CHVEN21349 | B179: Heating Zone 1 | C179: All Cooling Zones | D179: Commercial | E179: HVAC | F179: Envelope | G179: Insulation | H179: Large Retail 50,000 - 100,000 sq ft | I179: Attic or Roof | J179: <= R-5 and Above | K179: Resistance | L179: 6.3578354 | M179: 1.8 | N179: 5.6924741 | O179: Insulation Large Retail 50,000 - 100,000 sq ft Attic or Roof <= R-5 and Above Resistance | Q179: Existing | R179: Large Retail 50,000 - 100,000 sq ft | T179: 2.5166667 | U179: 30 | V179: 45931 | X179: Per Square foot | AD179: BPA Qualified | AG179: 0.00085641898 | AH179: 0.00089365315 | AI179: 1.8656374 | AJ179: Yes | AK179: 4.2798661 | AL179: 0.001970929 | AN179: 20 | AO179: Standard | AP179: No | AQ179: Not Per Unit | AR179: No
A180: CHVEN21350 | B180: Heating Zone 2 | C180: All Cooling Zones | D180: Commercial | E180: HVAC | F180: Envelope | G180: Insulation | H180: Large Retail 50,000 - 100,000 sq ft | I180: Attic or Roof | J180: <= R-5 and Above | K180: Heat Pump | L180: 3.1535854 | M180: 2.1 | N180: 2.8235558 | O180: Insulation Large Retail 50,000 - 100,000 sq ft Attic or Roof <= R-5 and Above Heat Pump | Q180: Existing | R180: Large Retail 50,000 - 100,000 sq ft | T180: 1.17 | U180: 30 | V180: 45931 | X180: Per Square foot | AD180: BPA Qualified | AG180: 0.00042479715 | AH180: 0.00044326588 | AI180: 1.9905009 | AJ180: Yes | AK180: 2.5194946 | AL180: 0.00097761146 | AN180: 20 | AO180: Standard | AP180: No | AQ180: Not Per Unit | AR180: No
A181: CHVEN21351 | B181: Heating Zone 3 | C181: All Cooling Zones | D181: Commercial | E181: HVAC | F181: Envelope | G181: Insulation | H181: Large Retail 50,000 - 100,000 sq ft | I181: Attic or Roof | J181: <= R-5 and Above | K181: Heat Pump | L181: 3.1535854 | M181: 2.1 | N181: 2.8235558 | O181: Insulation Large Retail 50,000 - 100,000 sq ft Attic or Roof <= R-5 and Above Heat Pump | Q181: Existing | R181: Large Retail 50,000 - 100,000 sq ft | T181: 1.17 | U181: 30 | V181: 45931 | X181: Per Square foot | AD181: BPA Qualified | AG181: 0.00042479715 | AH181: 0.00044326588 | AI181: 1.9905009 | AJ181: Yes | AK181: 2.5194946 | AL181: 0.00097761146 | AN181: 20 | AO181: Standard | AP181: No | AQ181: Not Per Unit | AR181: No
A182: CHVEN21352 | B182: Heating Zone 2 | C182: All Cooling Zones | D182: Commercial | E182: HVAC | F182: Envelope | G182: Insulation | H182: Large Retail 50,000 - 100,000 sq ft | I182: Attic or Roof | J182: <= R-5 and Above | K182: Resistance | L182: 4.2366936 | M182: 2.1 | N182: 3.7933144 | O182: Insulation Large Retail 50,000 - 100,000 sq ft Attic or Roof <= R-5 and Above Resistance | Q182: Existing | R182: Large Retail 50,000 - 100,000 sq ft | T182: 1.2583333 | U182: 30 | V182: 45931 | X182: Per Square foot | AD182: BPA Qualified | AG182: 0.00057069498 | AH182: 0.00059550685 | AI182: 2.486423 | AJ182: Yes | AK182: -2.7265788 | AL182: 0.001313375 | AN182: 20 | AO182: Standard | AP182: No | AQ182: Not Per Unit | AR182: No
A183: CHVEN21353 | B183: Heating Zone 3 | C183: All Cooling Zones | D183: Commercial | E183: HVAC | F183: Envelope | G183: Insulation | H183: Large Retail 50,000 - 100,000 sq ft | I183: Attic or Roof | J183: <= R-5 and Above | K183: Resistance | L183: 4.2366936 | M183: 2.1 | N183: 3.7933144 | O183: Insulation Large Retail 50,000 - 100,000 sq ft Attic or Roof <= R-5 and Above Resistance | Q183: Existing | R183: Large Retail 50,000 - 100,000 sq ft | T183: 1.2583333 | U183: 30 | V183: 45931 | X183: Per Square foot | AD183: BPA Qualified | AG183: 0.00057069498 | AH183: 0.00059550685 | AI183: 2.486423 | AJ183: Yes | AK183: -2.7265788 | AL183: 0.001313375 | AN183: 20 | AO183: Standard | AP183: No | AQ183: Not Per Unit | AR183: No
... A213: CHVEN21383 | B213: Heating Zone 3 | C213: All Cooling Zones | D213: Commercial | E213: HVAC | F213: Envelope | G213: Insulation | H213: Restaurant | I213: Attic or Roof | J213: <= R-5 and Above | K213: Resistance | L213: 3.0936885 | M213: 2.1 | N213: 2.7677494 | O213: Insulation Restaurant Attic or Roof <= R-5 and Above Resistance | Q213: Existing | R213: Restaurant | T213: 1.1166667 | U213: 30 | V213: 45931 | X213: Per Square foot | AD213: BPA Qualified | AG213: 0.00048742585 | AH213: 0.00050967649 | AI213: 2.2151101 | AJ213: Yes | AK213: -2.2259743 | AL213: 0.00095904342 | AN213: 20 | AO213: Standard | AP213: No | AQ213: Not Per Unit | AR213: No
A214: CHVEN21384 | B214: Heating Zone 1 | C214: All Cooling Zones | D214: Commercial | E214: HVAC | F214: Envelope | G214: Insulation | H214: School K-12 | I214: Attic or Roof | J214: <= R-5 and Above | K214: Heat Pump | L214: 7.0481421 | M214: 1.8 | N214: 6.2966667 | O214: Insulation School K-12 Attic or Roof <= R-5 and Above Heat Pump | Q214: Existing | R214: School K-12 | T214: 2.11 | U214: 30 | V214: 45931 | X214: Per Square foot | AD214: RTF Approved | AF214: ComWeatherizationSchool_v4_1 | AG214: 0.00080912506 | AH214: 0.00084481578 | AI214: 2.2391926 | AJ214: Yes | AK214: 0.83811963 | AL214: 0.0021849241 | AN214: 20 | AO214: Standard | AP214: No | AQ214: Not Per Unit | AR214: No
A215: CHVEN21385 | B215: Heating Zone 1 | C215: All Cooling Zones | D215: Commercial | E215: HVAC | F215: Envelope | G215: Insulation | H215: School K-12 | I215: Attic or Roof | J215: <= R-5 and Above | K215: Resistance | L215: 9.1413172 | M215: 1.8 | N215: 8.1666667 | O215: Insulation School K-12 Attic or Roof <= R-5 and Above Resistance | Q215: Existing | R215: School K-12 | T215: 2.34 | U215: 30 | V215: 45931 | X215: Per Square foot | AD215: RTF Approved | AF215: ComWeatherizationSchool_v4_1 | AG215: 0.0010494211 | AH215: 0.0010957113 | AI215: 2.6187388 | AJ215: Yes | AK215: -2.2379412 | AL215: 0.0028338083 | AN215: 20 | AO215: Standard | AP215: No | AQ215: Not Per Unit | AR215: No
A216: CHVEN21386 | B216: Heating Zone 2 | C216: All Cooling Zones | D216: Commercial | E216: HVAC | F216: Envelope | G216: Insulation | H216: School K-12 | I216: Attic or Roof | J216: <= R-5 and Above | K216: Heat Pump | L216: 5.1304057 | M216: 2.1 | N216: 4.5834 | O216: Insulation School K-12 Attic or Roof <= R-5 and Above Heat Pump | Q216: Existing | R216: School K-12 | T216: 1.055 | U216: 30 | V216: 45931 | X216: Per Square foot | AD216: RTF Approved | AF216: ComWeatherizationSchool_v4_1 | AG216: 0.00058896937 | AH216: 0.00061494897 | AI216: 3.2598567 | AJ216: Yes | AK216: -5.8070615 | AL216: 0.0015904258 | AN216: 20 | AO216: Standard | AP216: No | AQ216: Not Per Unit | AR216: No
A217: CHVEN21387 | B217: Heating Zone 3 | C217: All Cooling Zones | D217: Commercial | E217: HVAC | F217: Envelope | G217: Insulation | H217: School K-12 | I217: Attic or Roof | J217: <= R-5 and Above | K217: Heat Pump | L217: 5.1304057 | M217: 2.1 | N217: 4.5834 | O217: Insulation School K-12 Attic or Roof <= R-5 and Above Heat Pump | Q217: Existing | R217: School K-12 | T217: 1.055 | U217: 30 | V217: 45931 | X217: Per Square foot | AD217: RTF Approved | AF217: ComWeatherizationSchool_v4_1 | AG217: 0.00058896937 | AH217: 0.00061494897 | AI217: 3.2598567 | AJ217: Yes | AK217: -5.8070615 | AL217: 0.0015904258 | AN217: 20 | AO217: Standard | AP217: No | AQ217: Not Per Unit | AR217: No
A218: CHVEN21388 | B218: Heating Zone 2 | C218: All Cooling Zones | D218: Commercial | E218: HVAC | F218: Envelope | G218: Insulation | H218: School K-12 | I218: Attic or Roof | J218: <= R-5 and Above | K218: Resistance | L218: 6.468993 | M218: 2.1 | N218: 5.7792667 | O218: Insulation School K-12 Attic or Roof <= R-5 and Above Resistance | Q218: Existing | R218: School K-12 | T218: 1.17 | U218: 30 | V218: 45931 | X218: Per Square foot | AD218: RTF Approved | AF218: ComWeatherizationSchool_v4_1 | AG218: 0.00074263888 | AH218: 0.00077539688 | AI218: 3.7063811 | AJ218: Yes | AK218: -7.5634097 | AL218: 0.0020053878 | AN218: 20 | AO218: Standard | AP218: No | AQ218: Not Per Unit | AR218: No
A219: CHVEN21389 | B219: Heating Zone 3 | C219: All Cooling Zones | D219: Commercial | E219: HVAC | F219: Envelope | G219: Insulation | H219: School K-12 | I219: Attic or Roof | J219: <= R-5 and Above | K219: Resistance | L219: 6.468993 | M219: 2.1 | N219: 5.7792667 | O219: Insulation School K-12 Attic or Roof <= R-5 and Above Resistance | Q219: Existing | R219: School K-12 | T219: 1.17 | U219: 30 | V219: 45931 | X219: Per Square foot | AD219: RTF Approved | AF219: ComWeatherizationSchool_v4_1 | AG219: 0.00074263888 | AH219: 0.00077539688 | AI219: 3.7063811 | AJ219: Yes | AK219: -7.5634097 | AL219: 0.0020053878 | AN219: 20 | AO219: Standard | AP219: No | AQ219: Not Per Unit | AR219: No
A220: CHVEN21390 | B220: Heating Zone 1 | C220: All Cooling Zones | D220: Commercial | E220: HVAC | F220: Envelope | G220: Insulation | H220: Small Office <5,000 sq ft | I220: Attic or Roof | J220: <= R-5 and Above | K220: Heat Pump | L220: 3.6613949 | M220: 1.8 | N220: 3.2733122 | O220: Insulation Small Office <5,000 sq ft Attic or Roof <= R-5 and Above Heat Pump | Q220: Existing | R220: Small Office <5,000 sq ft | T220: 1.1 | U220: 30 | V220: 45931 | X220: Per Square foot | AD220: BPA Qualified | AG220: 0.00056630641 | AH220: 0.0005915268 | AI220: 2.5983042 | AJ220: Yes | AK220: -5.3850021 | AL220: 0.0011350324 | AN220: 20 | AO220: Standard | AP220: No | AQ220: Not Per Unit | AR220: No
A221: CHVEN21391 | B221: Heating Zone 1 | C221: All Cooling Zones | D221: Commercial | E221: HVAC | F221: Envelope | G221: Insulation | H221: Small Office <5,000 sq ft | I221: Attic or Roof | J221: <= R-5 and Above | K221: Resistance | L221: 4.9171732 | M221: 1.8 | N221: 4.3959866 | O221: Insulation Small Office <5,000 sq ft Attic or Roof <= R-5 and Above Resistance | Q221: Existing | R221: Small Office <5,000 sq ft | T221: 1.47 | U221: 30 | V221: 45931 | X221: Per Square foot | AD221: BPA Qualified | AG221: 0.00076053711 | AH221: 0.00079440753 | AI221: 2.6111648 | AJ221: Yes | AK221: -5.4899047 | AL221: 0.0015243237 | AN221: 20 | AO221: Standard | AP221: No | AQ221: Not Per Unit | AR221: No
A222: CHVEN21392 | B222: Heating Zone 2 | C222: All Cooling Zones | D222: Commercial | E222: HVAC | F222: Envelope | G222: Insulation | H222: Small Office <5,000 sq ft | I222: Attic or Roof | J222: <= R-5 and Above | K222: Heat Pump | L222: 2.4747978 | M222: 2.1 | N222: 2.2124862 | O222: Insulation Small Office <5,000 sq ft Attic or Roof <= R-5 and Above Heat Pump | Q222: Existing | R222: Small Office <5,000 sq ft | T222: 0.71555 | U222: 30 | V222: 45931 | X222: Per Square foot | AD222: BPA Qualified | AG222: 0.00038277594 | AH222: 0.00039982282 | AI222: 2.6998264 | AJ222: Yes | AK222: -6.1859165 | AL222: 0.00076718732 | AN222: 20 | AO222: Standard | AP222: No | AQ222: Not Per Unit | AR222: No
A223: CHVEN21393 | B223: Heating Zone 3 | C223: All Cooling Zones | D223: Commercial | E223: HVAC | F223: Envelope | G223: Insulation | H223: Small Office <5,000 sq ft | I223: Attic or Roof | J223: <= R-5 and Above | K223: Heat Pump | L223: 2.4747978 | M223: 2.1 | N223: 2.2124862 | O223: Insulation Small Office <5,000 sq ft Attic or Roof <= R-5 and Above Heat Pump | Q223: Existing | R223: Small Office <5,000 sq ft | T223: 0.71555 | U223: 30 | V223: 45931 | X223: Per Square foot | AD223: BPA Qualified | AG223: 0.00038277594 | AH223: 0.00039982282 | AI223: 2.6998264 | AJ223: Yes | AK223: -6.1859165 | AL223: 0.00076718732 | AN223: 20 | AO223: Standard | AP223: No | AQ223: Not Per Unit | AR223: No
A224: CHVEN21394 | B224: Heating Zone 2 | C224: All Cooling Zones | D224: Commercial | E224: HVAC | F224: Envelope | G224: Insulation | H224: Small Office <5,000 sq ft | I224: Attic or Roof | J224: <= R-5 and Above | K224: Resistance | L224: 3.3198193 | M224: 2.1 | N224: 2.9679413 | O224: Insulation Small Office <5,000 sq ft Attic or Roof <= R-5 and Above Resistance | Q224: Existing | R224: Small Office <5,000 sq ft | T224: 0.61083333 | U224: 30 | V224: 45931 | X224: Per Square foot | AD224: BPA Qualified | AG224: 0.00051347506 | AH224: 0.00053634261 | AI224: 4.2425584 | AJ224: Yes | AK224: -13.639714 | AL224: 0.001029144 | AN224: 20 | AO224: Standard | AP224: No | AQ224: Not Per Unit | AR224: No
A225: CHVEN21395 | B225: Heating Zone 3 | C225: All Cooling Zones | D225: Commercial | E225: HVAC | F225: Envelope | G225: Insulation | H225: Small Office <5,000 sq ft | I225: Attic or Roof | J225: <= R-5 and Above | K225: Resistance | L225: 3.3198193 | M225: 2.1 | N225: 2.9679413 | O225: Insulation Small Office <5,000 sq ft Attic or Roof <= R-5 and Above Resistance | Q225: Existing | R225: Small Office <5,000 sq ft | T225: 0.61083333 | U225: 30 | V225: 45931 | X225: Per Square foot | AD225: BPA Qualified | AG225: 0.00051347506 | AH225: 0.00053634261 | AI225: 4.2425584 | AJ225: Yes | AK225: -13.639714 | AL225: 0.001029144 | AN225: 20 | AO225: Standard | AP225: No | AQ225: Not Per Unit | AR225: No
A226: CHVEN21396 | B226: Heating Zone 1 | C226: All Cooling Zones | D226: Commercial | E226: HVAC | F226: Envelope | G226: Insulation | H226: Warehouse | I226: Attic or Roof | J226: <= R-5 and Above | K226: Heat Pump | L226: 1.4731109 | M226: 1.8 | N226: 1.3236459 | O226: Insulation Warehouse Attic or Roof <= R-5 and Above Heat Pump | Q226: Existing | R226: Warehouse | T226: 2.11 | U226: 30 | V226: 45931 | X226: Per Square foot | AD226: BPA Qualified | AG226: 0.00012307111 | AH226: 0.00012816763 | AI226: 0.44067332 | AJ226: No | AK226: 85.814792 | AL226: 0.00045666439 | AN226: 20 | AO226: Standard | AP226: No | AQ226: Not Per Unit | AR226: No
A227: CHVEN21397 | B227: Heating Zone 1 | C227: All Cooling Zones | D227: Commercial | E227: HVAC | F227: Envelope | G227: Insulation | H227: Warehouse | I227: Attic or Roof | J227: <= R-5 and Above | K227: Resistance | L227: 1.9758683 | M227: 1.8 | N227: 1.7753924 | O227: Insulation Warehouse Attic or Roof <= R-5 and Above Resistance | Q227: Existing | R227: Warehouse | T227: 2.11 | U227: 30 | V227: 45931 | X227: Per Square foot | AD227: BPA Qualified | AG227: 0.000165074 | AH227: 0.00017190991 | AI227: 0.59107053 | AJ227: No | AK227: 59.976596 | AL227: 0.00061251919 | AN227: 20 | AO227: Standard | AP227: No | AQ227: Not Per Unit | AR227: No
A228: CHVEN21398 | B228: Heating Zone 2 | C228: All Cooling Zones | D228: Commercial | E228: HVAC | F228: Envelope | G228: Insulation | H228: Warehouse | I228: Attic or Roof | J228: <= R-5 and Above | K228: Heat Pump | L228: 1.3872195 | M228: 2.1 | N228: 1.2464692 | O228: Insulation Warehouse Attic or Roof <= R-5 and Above Heat Pump | Q228: Existing | R228: Warehouse | T228: 1.055 | U228: 30 | V228: 45931 | X228: Per Square foot | AD228: BPA Qualified | AG228: 0.00011589531 | AH228: 0.00012069467 | AI228: 0.82995868 | AJ228: No | AK228: 38.185589 | AL228: 0.00043003804 | AN228: 20 | AO228: Standard | AP228: No | AQ228: Not Per Unit | AR228: No
...

Sheet Reference ML
B1: 2 | C1: 3 | D1: 4 | E1: 5 | F1: 6 | G1: 7 | H1: 14 | I1: 12 | J1: 20 | K1: 21
A2: Refno | B2: HZ | C2: CZ | D2: Sector | E2: End Use | F2: Category | G2: TAP | H2: Site Savings | I2: Busbar | J2: Cost | K2: Measure life | L2: Load shape | M2: Avoided Cost
A3: AHVHC40210 | B3: =VLOOKUP($A3,'UES Measure List Oct 2026'!$A$3:$AR$2210,B$1,FALSE) -> Heating Zone 1 | C3: =VLOOKUP($A3,'UES Measure List Oct 2026'!$A$3:$AR$2210,C$1,FALSE) -> All Cooling Zones | D3: =VLOOKUP($A3,'UES Measure List Oct 2026'!$A$3:$AR$2210,D$1,FALSE) -> Agricultural | E3: =VLOOKUP($A3,'UES Measure List Oct 2026'!$A$3:$AR$2210,E$1,FALSE) -> HVAC | F3: =VLOOKUP($A3,'UES Measure List Oct 2026'!$A$3:$AR$2210,F$1,FALSE) -> HVAC System Controls | G3: =VLOOKUP($A3,'UES Measure List Oct 2026'!$A$3:$AR$2210,G$1,FALSE) -> Thermostatically Controlled Outlets | H3: =VLOOKUP($A3,'UES Measure List Oct 2026'!$A$3:$AR$2210,H$1,FALSE) -> 796 | I3: =VLOOKUP($A3,'UES Measure List Oct 2026'!$A$3:$AR$2210,I$1,FALSE) -> 888.25172 | ... K3: =VLOOKUP($A3,'UES Measure List Oct 2026'!$A$3:$AR$2210,K$1,FALSE) -> 2 | L3: A-Irr-Irr-Irrigation-All-All-E | M3: =INDEX('Results 2016$'!$B$3:$AT$352,MATCH(L3,'Results 2016$'!$A$3:$A$352,0),MATCH(K3,'Results 2016$'!$B$2:$AT$2,0)) -> 0.13737406
A4: AHVHC40211 | B4: =VLOOKUP($A4,'UES Measure List Oct 2026'!$A$3:$AR$2210,B$1,FALSE) -> Heating Zone 2 | C4: =VLOOKUP($A4,'UES Measure List Oct 2026'!$A$3:$AR$2210,C$1,FALSE) -> All Cooling Zones | D4: =VLOOKUP($A4,'UES Measure List Oct 2026'!$A$3:$AR$2210,D$1,FALSE) -> Agricultural | E4: =VLOOKUP($A4,'UES Measure List Oct 2026'!$A$3:$AR$2210,E$1,FALSE) -> HVAC | F4: =VLOOKUP($A4,'UES Measure List Oct 2026'!$A$3:$AR$2210,F$1,FALSE) -> HVAC System Controls | G4: =VLOOKUP($A4,'UES Measure List Oct 2026'!$A$3:$AR$2210,G$1,FALSE) -> Thermostatically Controlled Outlets | H4: =VLOOKUP($A4,'UES Measure List Oct 2026'!$A$3:$AR$2210,H$1,FALSE) -> 756.75 | I4: =VLOOKUP($A4,'UES Measure List Oct 2026'!$A$3:$AR$2210,I$1,FALSE) -> 841.50455 | ... K4: =VLOOKUP($A4,'UES Measure List Oct 2026'!$A$3:$AR$2210,K$1,FALSE) -> 2 | L4: A-Irr-Irr-Irrigation-All-All-E | M4: =INDEX('Results 2016$'!$B$3:$AT$352,MATCH(L4,'Results 2016$'!$A$3:$A$352,0),MATCH(K4,'Results 2016$'!$B$2:$AT$2,0)) -> 0.13737406
A5: AHVHC40212 | B5: =VLOOKUP($A5,'UES Measure List Oct 2026'!$A$3:$AR$2210,B$1,FALSE) -> Heating Zone 3 | C5: =VLOOKUP($A5,'UES Measure List Oct 2026'!$A$3:$AR$2210,C$1,FALSE) -> All Cooling Zones | D5: =VLOOKUP($A5,'UES Measure List Oct 2026'!$A$3:$AR$2210,D$1,FALSE) -> Agricultural | E5: =VLOOKUP($A5,'UES Measure List Oct 2026'!$A$3:$AR$2210,E$1,FALSE) -> HVAC | F5: =VLOOKUP($A5,'UES Measure List Oct 2026'!$A$3:$AR$2210,F$1,FALSE) -> HVAC System Controls | G5: =VLOOKUP($A5,'UES Measure List Oct 2026'!$A$3:$AR$2210,G$1,FALSE) -> Thermostatically Controlled Outlets | H5: =VLOOKUP($A5,'UES Measure List Oct 2026'!$A$3:$AR$2210,H$1,FALSE) -> 495.75 | I5: =VLOOKUP($A5,'UES Measure List Oct 2026'!$A$3:$AR$2210,I$1,FALSE) -> 551.34935 | ... K5: =VLOOKUP($A5,'UES Measure List Oct 2026'!$A$3:$AR$2210,K$1,FALSE) -> 2 | L5: A-Irr-Irr-Irrigation-All-All-E | M5: =INDEX('Results 2016$'!$B$3:$AT$352,MATCH(L5,'Results 2016$'!$A$3:$A$352,0),MATCH(K5,'Results 2016$'!$B$2:$AT$2,0)) -> 0.13737406
A6: AIRHA40001 | B6: =VLOOKUP($A6,'UES Measure List Oct 2026'!$A$3:$AR$2210,B$1,FALSE) -> All Heating Zones | C6: =VLOOKUP($A6,'UES Measure List Oct 2026'!$A$3:$AR$2210,C$1,FALSE) -> All Cooling Zones | D6: =VLOOKUP($A6,'UES Measure List Oct 2026'!$A$3:$AR$2210,D$1,FALSE) -> Agricultural | E6: =VLOOKUP($A6,'UES Measure List Oct 2026'!$A$3:$AR$2210,E$1,FALSE) -> Irrigation | F6: =VLOOKUP($A6,'UES Measure List Oct 2026'!$A$3:$AR$2210,F$1,FALSE) -> Hardware | G6: =VLOOKUP($A6,'UES Measure List Oct 2026'!$A$3:$AR$2210,G$1,FALSE) -> Gasket Replacement | H6: =VLOOKUP($A6,'UES Measure List Oct 2026'!$A$3:$AR$2210,H$1,FALSE) -> 11.888042 | I6: =VLOOKUP($A6,'UES Measure List Oct 2026'!$A$3:$AR$2210,I$1,FALSE) -> 13.114979 | ... K6: =VLOOKUP($A6,'UES Measure List Oct 2026'!$A$3:$AR$2210,K$1,FALSE) -> 5 | L6: A-Irr-Irr-Irrigation-All-All-E | M6: =INDEX('Results 2016$'!$B$3:$AT$352,MATCH(L6,'Results 2016$'!$A$3:$A$352,0),MATCH(K6,'Results 2016$'!$B$2:$AT$2,0)) -> 0.29519113
A7: AIRHA40003 | B7: =VLOOKUP($A7,'UES Measure List Oct 2026'!$A$3:$AR$2210,B$1,FALSE) -> All Heating Zones | C7: =VLOOKUP($A7,'UES Measure List Oct 2026'!$A$3:$AR$2210,C$1,FALSE) -> All Cooling Zones | D7: =VLOOKUP($A7,'UES Measure List Oct 2026'!$A$3:$AR$2210,D$1,FALSE) -> Agricultural | E7: =VLOOKUP($A7,'UES Measure List Oct 2026'!$A$3:$AR$2210,E$1,FALSE) -> Irrigation | F7: =VLOOKUP($A7,'UES Measure List Oct 2026'!$A$3:$AR$2210,F$1,FALSE) -> Hardware | G7: =VLOOKUP($A7,'UES Measure List Oct 2026'!$A$3:$AR$2210,G$1,FALSE) -> Gasket Replacement | H7: =VLOOKUP($A7,'UES Measure List Oct 2026'!$A$3:$AR$2210,H$1,FALSE) -> 16.188587 | I7: =VLOOKUP($A7,'UES Measure List Oct 2026'!$A$3:$AR$2210,I$1,FALSE) -> 17.859372 | ... K7: =VLOOKUP($A7,'UES Measure List Oct 2026'!$A$3:$AR$2210,K$1,FALSE) -> 5 | L7: A-Irr-Irr-Irrigation-All-All-E | M7: =INDEX('Results 2016$'!$B$3:$AT$352,MATCH(L7,'Results 2016$'!$A$3:$A$352,0),MATCH(K7,'Results 2016$'!$B$2:$AT$2,0)) -> 0.29519113
A8: AIRHA40006 | B8: =VLOOKUP($A8,'UES Measure List Oct 2026'!$A$3:$AR$2210,B$1,FALSE) -> All Heating Zones | C8: =VLOOKUP($A8,'UES Measure List Oct 2026'!$A$3:$AR$2210,C$1,FALSE) -> All Cooling Zones | D8: =VLOOKUP($A8,'UES Measure List Oct 2026'!$A$3:$AR$2210,D$1,FALSE) -> Agricultural | E8: =VLOOKUP($A8,'UES Measure List Oct 2026'!$A$3:$AR$2210,E$1,FALSE) -> Irrigation | F8: =VLOOKUP($A8,'UES Measure List Oct 2026'!$A$3:$AR$2210,F$1,FALSE) -> Hardware | G8: =VLOOKUP($A8,'UES Measure List Oct 2026'!$A$3:$AR$2210,G$1,FALSE) -> Hub Replacement | H8: =VLOOKUP($A8,'UES Measure List Oct 2026'!$A$3:$AR$2210,H$1,FALSE) -> 16.188587 | I8: =VLOOKUP($A8,'UES Measure List Oct 2026'!$A$3:$AR$2210,I$1,FALSE) -> 17.859372 | ... K8: =VLOOKUP($A8,'UES Measure List Oct 2026'!$A$3:$AR$2210,K$1,FALSE) -> 10 | L8: A-Irr-Irr-Irrigation-All-All-E | M8: =INDEX('Results 2016$'!$B$3:$AT$352,MATCH(L8,'Results 2016$'!$A$3:$A$352,0),MATCH(K8,'Results 2016$'!$B$2:$AT$2,0)) -> 0.46921265
A9: AIRHA40007 | B9: =VLOOKUP($A9,'UES Measure List Oct 2026'!$A$3:$AR$2210,B$1,FALSE) -> All Heating Zones | C9: =VLOOKUP($A9,'UES Measure List Oct 2026'!$A$3:$AR$2210,C$1,FALSE) -> All Cooling Zones | D9: =VLOOKUP($A9,'UES Measure List Oct 2026'!$A$3:$AR$2210,D$1,FALSE) -> Agricultural | E9: =VLOOKUP($A9,'UES Measure List Oct 2026'!$A$3:$AR$2210,E$1,FALSE) -> Irrigation | F9: =VLOOKUP($A9,'UES Measure List Oct 2026'!$A$3:$AR$2210,F$1,FALSE) -> Hardware | G9: =VLOOKUP($A9,'UES Measure List Oct 2026'!$A$3:$AR$2210,G$1,FALSE) -> Leveler Rebuild | H9: =VLOOKUP($A9,'UES Measure List Oct 2026'!$A$3:$AR$2210,H$1,FALSE) -> 4.4009382 | I9: =VLOOKUP($A9,'UES Measure List Oct 2026'!$A$3:$AR$2210,I$1,FALSE) -> 4.8551485 | ... K9: =VLOOKUP($A9,'UES Measure List Oct 2026'!$A$3:$AR$2210,K$1,FALSE) -> 4 | L9: A-Irr-Irr-Irrigation-All-All-E | M9: =INDEX('Results 2016$'!$B$3:$AT$352,MATCH(L9,'Results 2016$'!$A$3:$A$352,0),MATCH(K9,'Results 2016$'!$B$2:$AT$2,0)) -> 0.2431329
A10: AIRHA40016 | B10: =VLOOKUP($A10,'UES Measure List Oct 2026'!$A$3:$AR$2210,B$1,FALSE) -> All Heating Zones | C10: =VLOOKUP($A10,'UES Measure List Oct 2026'!$A$3:$AR$2210,C$1,FALSE) -> All Cooling Zones | D10: =VLOOKUP($A10,'UES Measure List Oct 2026'!$A$3:$AR$2210,D$1,FALSE) -> Agricultural | E10: =VLOOKUP($A10,'UES Measure List Oct 2026'!$A$3:$AR$2210,E$1,FALSE) -> Irrigation | F10: =VLOOKUP($A10,'UES Measure List Oct 2026'!$A$3:$AR$2210,F$1,FALSE) -> Hardware | G10: =VLOOKUP($A10,'UES Measure List Oct 2026'!$A$3:$AR$2210,G$1,FALSE) -> Sprinkler Replacements | H10: =VLOOKUP($A10,'UES Measure List Oct 2026'!$A$3:$AR$2210,H$1,FALSE) -> 2.3076544 | I10: =VLOOKUP($A10,'UES Measure List Oct 2026'!$A$3:$AR$2210,I$1,FALSE) -> 2.5458219 | ... K10: =VLOOKUP($A10,'UES Measure List Oct 2026'!$A$3:$AR$2210,K$1,FALSE) -> 4 | L10: A-Irr-Irr-Irrigation-All-All-E | M10: =INDEX('Results 2016$'!$B$3:$AT$352,MATCH(L10,'Results 2016$'!$A$3:$A$352,0),MATCH(K10,'Results 2016$'!$B$2:$AT$2,0)) -> 0.2431329
A11: AIRHA40019 | B11: =VLOOKUP($A11,'UES Measure List Oct 2026'!$A$3:$AR$2210,B$1,FALSE) -> All Heating Zones | C11: =VLOOKUP($A11,'UES Measure List Oct 2026'!$A$3:$AR$2210,C$1,FALSE) -> All Cooling Zones | D11: =VLOOKUP($A11,'UES Measure List Oct 2026'!$A$3:$AR$2210,D$1,FALSE) -> Agricultural | E11: =VLOOKUP($A11,'UES Measure List Oct 2026'!$A$3:$AR$2210,E$1,FALSE) -> Irrigation | F11: =VLOOKUP($A11,'UES Measure List Oct 2026'!$A$3:$AR$2210,F$1,FALSE) -> Hardware | G11: =VLOOKUP($A11,'UES Measure List Oct 2026'!$A$3:$AR$2210,G$1,FALSE) -> Nozzle Replacement | H11: =VLOOKUP($A11,'UES Measure List Oct 2026'!$A$3:$AR$2210,H$1,FALSE) -> 26.061122 | I11: =VLOOKUP($A11,'UES Measure List Oct 2026'!$A$3:$AR$2210,I$1,FALSE) -> 28.750828 | ... K11: =VLOOKUP($A11,'UES Measure List Oct 2026'!$A$3:$AR$2210,K$1,FALSE) -> 5 | L11: A-Irr-Irr-Irrigation-All-All-E | M11: =INDEX('Results 2016$'!$B$3:$AT$352,MATCH(L11,'Results 2016$'!$A$3:$A$352,0),MATCH(K11,'Results 2016$'!$B$2:$AT$2,0)) -> 0.29519113
A12: AIRHA40224 | B12: =VLOOKUP($A12,'UES Measure List Oct 2026'!$A$3:$AR$2210,B$1,FALSE) -> All Heating Zones | C12: =VLOOKUP($A12,'UES Measure List Oct 2026'!$A$3:$AR$2210,C$1,FALSE) -> All Cooling Zones | D12: =VLOOKUP($A12,'UES Measure List Oct 2026'!$A$3:$AR$2210,D$1,FALSE) -> Agricultural | E12: =VLOOKUP($A12,'UES Measure List Oct 2026'!$A$3:$AR$2210,E$1,FALSE) -> Irrigation | F12: =VLOOKUP($A12,'UES Measure List Oct 2026'!$A$3:$AR$2210,F$1,FALSE) -> Hardware | G12: =VLOOKUP($A12,'UES Measure List Oct 2026'!$A$3:$AR$2210,G$1,FALSE) -> Sprinkler Upgrade | H12: =VLOOKUP($A12,'UES Measure List Oct 2026'!$A$3:$AR$2210,H$1,FALSE) -> 53.141488 | I12: =VLOOKUP($A12,'UES Measure List Oct 2026'!$A$3:$AR$2210,I$1,FALSE) -> 58.626093 | ... K12: =VLOOKUP($A12,'UES Measure List Oct 2026'!$A$3:$AR$2210,K$1,FALSE) -> 10 | L12: A-Irr-Irr-Irrigation-All-All-E | M12: =INDEX('Results 2016$'!$B$3:$AT$352,MATCH(L12,'Results 2016$'!$A$3:$A$352,0),MATCH(K12,'Results 2016$'!$B$2:$AT$2,0)) -> 0.46921265
A13: AIRHA40225 | B13: =VLOOKUP($A13,'UES Measure List Oct 2026'!$A$3:$AR$2210,B$1,FALSE) -> All Heating Zones | C13: =VLOOKUP($A13,'UES Measure List Oct 2026'!$A$3:$AR$2210,C$1,FALSE) -> All Cooling Zones | D13: =VLOOKUP($A13,'UES Measure List Oct 2026'!$A$3:$AR$2210,D$1,FALSE) -> Agricultural | E13: =VLOOKUP($A13,'UES Measure List Oct 2026'!$A$3:$AR$2210,E$1,FALSE) -> Irrigation | F13: =VLOOKUP($A13,'UES Measure List Oct 2026'!$A$3:$AR$2210,F$1,FALSE) -> Hardware | G13: =VLOOKUP($A13,'UES Measure List Oct 2026'!$A$3:$AR$2210,G$1,FALSE) -> Sprinkler Package Replacements | H13: =VLOOKUP($A13,'UES Measure List Oct 2026'!$A$3:$AR$2210,H$1,FALSE) -> 59.697337 | I13: =VLOOKUP($A13,'UES Measure List Oct 2026'!$A$3:$AR$2210,I$1,FALSE) -> 65.858556 | ... K13: =VLOOKUP($A13,'UES Measure List Oct 2026'!$A$3:$AR$2210,K$1,FALSE) -> 4 | L13: A-Irr-Irr-Irrigation-All-All-E | M13: =INDEX('Results 2016$'!$B$3:$AT$352,MATCH(L13,'Results 2016$'!$A$3:$A$352,0),MATCH(K13,'Results 2016$'!$B$2:$AT$2,0)) -> 0.2431329
A14: AIRHA40226 | B14: =VLOOKUP($A14,'UES Measure List Oct 2026'!$A$3:$AR$2210,B$1,FALSE) -> All Heating Zones | C14: =VLOOKUP($A14,'UES Measure List Oct 2026'!$A$3:$AR$2210,C$1,FALSE) -> All Cooling Zones | D14: =VLOOKUP($A14,'UES Measure List Oct 2026'!$A$3:$AR$2210,D$1,FALSE) -> Agricultural | E14: =VLOOKUP($A14,'UES Measure List Oct 2026'!$A$3:$AR$2210,E$1,FALSE) -> Irrigation | F14: =VLOOKUP($A14,'UES Measure List Oct 2026'!$A$3:$AR$2210,F$1,FALSE) -> Hardware | G14: =VLOOKUP($A14,'UES Measure List Oct 2026'!$A$3:$AR$2210,G$1,FALSE) -> Sprinkler Package Replacements | H14: =VLOOKUP($A14,'UES Measure List Oct 2026'!$A$3:$AR$2210,H$1,FALSE) -> 29.848669 | I14: =VLOOKUP($A14,'UES Measure List Oct 2026'!$A$3:$AR$2210,I$1,FALSE) -> 32.929278 | ... K14: =VLOOKUP($A14,'UES Measure List Oct 2026'!$A$3:$AR$2210,K$1,FALSE) -> 5 | L14: A-Irr-Irr-Irrigation-All-All-E | M14: =INDEX('Results 2016$'!$B$3:$AT$352,MATCH(L14,'Results 2016$'!$A$3:$A$352,0),MATCH(K14,'Results 2016$'!$B$2:$AT$2,0)) -> 0.29519113
... A18: AIRHA40230 | B18: =VLOOKUP($A18,'UES Measure List Oct 2026'!$A$3:$AR$2210,B$1,FALSE) -> All Heating Zones | C18: =VLOOKUP($A18,'UES Measure List Oct 2026'!$A$3:$AR$2210,C$1,FALSE) -> All Cooling Zones | D18: =VLOOKUP($A18,'UES Measure List Oct 2026'!$A$3:$AR$2210,D$1,FALSE) -> Agricultural | E18: =VLOOKUP($A18,'UES Measure List Oct 2026'!$A$3:$AR$2210,E$1,FALSE) -> Irrigation | F18: =VLOOKUP($A18,'UES Measure List Oct 2026'!$A$3:$AR$2210,F$1,FALSE) -> Hardware | G18: =VLOOKUP($A18,'UES Measure List Oct 2026'!$A$3:$AR$2210,G$1,FALSE) -> Sprinkler Upgrade | H18: =VLOOKUP($A18,'UES Measure List Oct 2026'!$A$3:$AR$2210,H$1,FALSE) -> 53.141488 | I18: =VLOOKUP($A18,'UES Measure List Oct 2026'!$A$3:$AR$2210,I$1,FALSE) -> 58.626093 | ... K18: =VLOOKUP($A18,'UES Measure List Oct 2026'!$A$3:$AR$2210,K$1,FALSE) -> 10 | L18: A-Irr-Irr-Irrigation-All-All-E | M18: =INDEX('Results 2016$'!$B$3:$AT$352,MATCH(L18,'Results 2016$'!$A$3:$A$352,0),MATCH(K18,'Results 2016$'!$B$2:$AT$2,0)) -> 0.46921265
A19: AIRPF40231 | B19: =VLOOKUP($A19,'UES Measure List Oct 2026'!$A$3:$AR$2210,B$1,FALSE) -> All Heating Zones | C19: =VLOOKUP($A19,'UES Measure List Oct 2026'!$A$3:$AR$2210,C$1,FALSE) -> All Cooling Zones | D19: =VLOOKUP($A19,'UES Measure List Oct 2026'!$A$3:$AR$2210,D$1,FALSE) -> Agricultural | E19: =VLOOKUP($A19,'UES Measure List Oct 2026'!$A$3:$AR$2210,E$1,FALSE) -> Irrigation | F19: =VLOOKUP($A19,'UES Measure List Oct 2026'!$A$3:$AR$2210,F$1,FALSE) -> Pumps and Fans | G19: =VLOOKUP($A19,'UES Measure List Oct 2026'!$A$3:$AR$2210,G$1,FALSE) -> Pump Testing Service | H19: =VLOOKUP($A19,'UES Measure List Oct 2026'!$A$3:$AR$2210,H$1,FALSE) -> 0 | I19: =VLOOKUP($A19,'UES Measure List Oct 2026'!$A$3:$AR$2210,I$1,FALSE) -> 0 | ... K19: =VLOOKUP($A19,'UES Measure List Oct 2026'!$A$3:$AR$2210,K$1,FALSE) -> 0 | L19: A-Irr-Irr-Irrigation-All-All-E | M19: 0
A20: AIRPF40232 | B20: =VLOOKUP($A20,'UES Measure List Oct 2026'!$A$3:$AR$2210,B$1,FALSE) -> All Heating Zones | C20: =VLOOKUP($A20,'UES Measure List Oct 2026'!$A$3:$AR$2210,C$1,FALSE) -> All Cooling Zones | D20: =VLOOKUP($A20,'UES Measure List Oct 2026'!$A$3:$AR$2210,D$1,FALSE) -> Agricultural | E20: =VLOOKUP($A20,'UES Measure List Oct 2026'!$A$3:$AR$2210,E$1,FALSE) -> Irrigation | F20: =VLOOKUP($A20,'UES Measure List Oct 2026'!$A$3:$AR$2210,F$1,FALSE) -> Pumps and Fans | G20: =VLOOKUP($A20,'UES Measure List Oct 2026'!$A$3:$AR$2210,G$1,FALSE) -> Pump Testing Service | H20: =VLOOKUP($A20,'UES Measure List Oct 2026'!$A$3:$AR$2210,H$1,FALSE) -> 0 | I20: =VLOOKUP($A20,'UES Measure List Oct 2026'!$A$3:$AR$2210,I$1,FALSE) -> 0 | ... K20: =VLOOKUP($A20,'UES Measure List Oct 2026'!$A$3:$AR$2210,K$1,FALSE) -> 0 | L20: A-Irr-Irr-Irrigation-All-All-E | M20: 0
A21: AIRPF40233 | B21: =VLOOKUP($A21,'UES Measure List Oct 2026'!$A$3:$AR$2210,B$1,FALSE) -> All Heating Zones | C21: =VLOOKUP($A21,'UES Measure List Oct 2026'!$A$3:$AR$2210,C$1,FALSE) -> All Cooling Zones | D21: =VLOOKUP($A21,'UES Measure List Oct 2026'!$A$3:$AR$2210,D$1,FALSE) -> Agricultural | E21: =VLOOKUP($A21,'UES Measure List Oct 2026'!$A$3:$AR$2210,E$1,FALSE) -> Irrigation | F21: =VLOOKUP($A21,'UES Measure List Oct 2026'!$A$3:$AR$2210,F$1,FALSE) -> Pumps and Fans | G21: =VLOOKUP($A21,'UES Measure List Oct 2026'!$A$3:$AR$2210,G$1,FALSE) -> Pump Testing Service | H21: =VLOOKUP($A21,'UES Measure List Oct 2026'!$A$3:$AR$2210,H$1,FALSE) -> 0 | I21: =VLOOKUP($A21,'UES Measure List Oct 2026'!$A$3:$AR$2210,I$1,FALSE) -> 0 | ... K21: =VLOOKUP($A21,'UES Measure List Oct 2026'!$A$3:$AR$2210,K$1,FALSE) -> 0 | L21: A-Irr-Irr-Irrigation-All-All-E | M21: 0
A22: AIRPF40234 | B22: =VLOOKUP($A22,'UES Measure List Oct 2026'!$A$3:$AR$2210,B$1,FALSE) -> All Heating Zones | C22: =VLOOKUP($A22,'UES Measure List Oct 2026'!$A$3:$AR$2210,C$1,FALSE) -> All Cooling Zones | D22: =VLOOKUP($A22,'UES Measure List Oct 2026'!$A$3:$AR$2210,D$1,FALSE) -> Agricultural | E22: =VLOOKUP($A22,'UES Measure List Oct 2026'!$A$3:$AR$2210,E$1,FALSE) -> Irrigation | F22: =VLOOKUP($A22,'UES Measure List Oct 2026'!$A$3:$AR$2210,F$1,FALSE) -> Pumps and Fans | G22: =VLOOKUP($A22,'UES Measure List Oct 2026'!$A$3:$AR$2210,G$1,FALSE) -> Pump Testing Service | H22: =VLOOKUP($A22,'UES Measure List Oct 2026'!$A$3:$AR$2210,H$1,FALSE) -> 0 | I22: =VLOOKUP($A22,'UES Measure List Oct 2026'!$A$3:$AR$2210,I$1,FALSE) -> 0 | ... K22: =VLOOKUP($A22,'UES Measure List Oct 2026'!$A$3:$AR$2210,K$1,FALSE) -> 0 | L22: A-Irr-Irr-Irrigation-All-All-E | M22: 0
A23: AIRPF40235 | B23: =VLOOKUP($A23,'UES Measure List Oct 2026'!$A$3:$AR$2210,B$1,FALSE) -> All Heating Zones | C23: =VLOOKUP($A23,'UES Measure List Oct 2026'!$A$3:$AR$2210,C$1,FALSE) -> All Cooling Zones | D23: =VLOOKUP($A23,'UES Measure List Oct 2026'!$A$3:$AR$2210,D$1,FALSE) -> Agricultural | E23: =VLOOKUP($A23,'UES Measure List Oct 2026'!$A$3:$AR$2210,E$1,FALSE) -> Irrigation | F23: =VLOOKUP($A23,'UES Measure List Oct 2026'!$A$3:$AR$2210,F$1,FALSE) -> Pumps and Fans | G23: =VLOOKUP($A23,'UES Measure List Oct 2026'!$A$3:$AR$2210,G$1,FALSE) -> Pump Testing Service | H23: =VLOOKUP($A23,'UES Measure List Oct 2026'!$A$3:$AR$2210,H$1,FALSE) -> 0 | I23: =VLOOKUP($A23,'UES Measure List Oct 2026'!$A$3:$AR$2210,I$1,FALSE) -> 0 | ... K23: =VLOOKUP($A23,'UES Measure List Oct 2026'!$A$3:$AR$2210,K$1,FALSE) -> 0 | L23: A-Irr-Irr-Irrigation-All-All-E | M23: 0
A24: AIRPF40236 | B24: =VLOOKUP($A24,'UES Measure List Oct 2026'!$A$3:$AR$2210,B$1,FALSE) -> All Heating Zones | C24: =VLOOKUP($A24,'UES Measure List Oct 2026'!$A$3:$AR$2210,C$1,FALSE) -> All Cooling Zones | D24: =VLOOKUP($A24,'UES Measure List Oct 2026'!$A$3:$AR$2210,D$1,FALSE) -> Agricultural | E24: =VLOOKUP($A24,'UES Measure List Oct 2026'!$A$3:$AR$2210,E$1,FALSE) -> Irrigation | F24: =VLOOKUP($A24,'UES Measure List Oct 2026'!$A$3:$AR$2210,F$1,FALSE) -> Pumps and Fans | G24: =VLOOKUP($A24,'UES Measure List Oct 2026'!$A$3:$AR$2210,G$1,FALSE) -> Pump Testing Service | H24: =VLOOKUP($A24,'UES Measure List Oct 2026'!$A$3:$AR$2210,H$1,FALSE) -> 0 | I24: =VLOOKUP($A24,'UES Measure List Oct 2026'!$A$3:$AR$2210,I$1,FALSE) -> 0 | ... K24: =VLOOKUP($A24,'UES Measure List Oct 2026'!$A$3:$AR$2210,K$1,FALSE) -> 0 | L24: A-Irr-Irr-Irrigation-All-All-E | M24: 0
A25: AIRPF40237 | B25: =VLOOKUP($A25,'UES Measure List Oct 2026'!$A$3:$AR$2210,B$1,FALSE) -> All Heating Zones | C25: =VLOOKUP($A25,'UES Measure List Oct 2026'!$A$3:$AR$2210,C$1,FALSE) -> All Cooling Zones | D25: =VLOOKUP($A25,'UES Measure List Oct 2026'!$A$3:$AR$2210,D$1,FALSE) -> Agricultural | E25: =VLOOKUP($A25,'UES Measure List Oct 2026'!$A$3:$AR$2210,E$1,FALSE) -> Irrigation | F25: =VLOOKUP($A25,'UES Measure List Oct 2026'!$A$3:$AR$2210,F$1,FALSE) -> Pumps and Fans | G25: =VLOOKUP($A25,'UES Measure List Oct 2026'!$A$3:$AR$2210,G$1,FALSE) -> Pump Efficiency Upgrade | H25: =VLOOKUP($A25,'UES Measure List Oct 2026'!$A$3:$AR$2210,H$1,FALSE) -> 200 | I25: =VLOOKUP($A25,'UES Measure List Oct 2026'!$A$3:$AR$2210,I$1,FALSE) -> 220.64152 | ... K25: =VLOOKUP($A25,'UES Measure List Oct 2026'!$A$3:$AR$2210,K$1,FALSE) -> 10 | L25: A-Irr-Irr-Irrigation-All-All-E | M25: =INDEX('Results 2016$'!$B$3:$AT$352,MATCH(L25,'Results 2016$'!$A$3:$A$352,0),MATCH(K25,'Results 2016$'!$B$2:$AT$2,0)) -> 0.46921265
A26: AMDMC40238 | B26: =VLOOKUP($A26,'UES Measure List Oct 2026'!$A$3:$AR$2210,B$1,FALSE) -> All Heating Zones | C26: =VLOOKUP($A26,'UES Measure List Oct 2026'!$A$3:$AR$2210,C$1,FALSE) -> All Cooling Zones | D26: =VLOOKUP($A26,'UES Measure List Oct 2026'!$A$3:$AR$2210,D$1,FALSE) -> Agricultural | E26: =VLOOKUP($A26,'UES Measure List Oct 2026'!$A$3:$AR$2210,E$1,FALSE) -> Motors/Drives | F26: =VLOOKUP($A26,'UES Measure List Oct 2026'!$A$3:$AR$2210,F$1,FALSE) -> Motors/Drives Controls | G26: =VLOOKUP($A26,'UES Measure List Oct 2026'!$A$3:$AR$2210,G$1,FALSE) -> Motors/Drives Control Improvements (VFD) | H26: =VLOOKUP($A26,'UES Measure List Oct 2026'!$A$3:$AR$2210,H$1,FALSE) -> 0 | I26: =VLOOKUP($A26,'UES Measure List Oct 2026'!$A$3:$AR$2210,I$1,FALSE) -> 0 | ... K26: =VLOOKUP($A26,'UES Measure List Oct 2026'!$A$3:$AR$2210,K$1,FALSE) -> 10 | L26: A-Irr-Irr-Irrigation-All-All-E | M26: =INDEX('Results 2016$'!$B$3:$AT$352,MATCH(L26,'Results 2016$'!$A$3:$A$352,0),MATCH(K26,'Results 2016$'!$B$2:$AT$2,0)) -> 0.46921265
A27: AMDMC40239 | B27: =VLOOKUP($A27,'UES Measure List Oct 2026'!$A$3:$AR$2210,B$1,FALSE) -> All Heating Zones | C27: =VLOOKUP($A27,'UES Measure List Oct 2026'!$A$3:$AR$2210,C$1,FALSE) -> All Cooling Zones | D27: =VLOOKUP($A27,'UES Measure List Oct 2026'!$A$3:$AR$2210,D$1,FALSE) -> Agricultural | E27: =VLOOKUP($A27,'UES Measure List Oct 2026'!$A$3:$AR$2210,E$1,FALSE) -> Motors/Drives | F27: =VLOOKUP($A27,'UES Measure List Oct 2026'!$A$3:$AR$2210,F$1,FALSE) -> Motors/Drives Controls | G27: =VLOOKUP($A27,'UES Measure List Oct 2026'!$A$3:$AR$2210,G$1,FALSE) -> Motors/Drives Control Improvements (VFD) | H27: =VLOOKUP($A27,'UES Measure List Oct 2026'!$A$3:$AR$2210,H$1,FALSE) -> 0 | I27: =VLOOKUP($A27,'UES Measure List Oct 2026'!$A$3:$AR$2210,I$1,FALSE) -> 0 | ... K27: =VLOOKUP($A27,'UES Measure List Oct 2026'!$A$3:$AR$2210,K$1,FALSE) -> 10 | L27: A-Irr-Irr-Irrigation-All-All-E | M27: =INDEX('Results 2016$'!$B$3:$AT$352,MATCH(L27,'Results 2016$'!$A$3:$A$352,0),MATCH(K27,'Results 2016$'!$B$2:$AT$2,0)) -> 0.46921265
A28: AMDMC40240 | B28: =VLOOKUP($A28,'UES Measure List Oct 2026'!$A$3:$AR$2210,B$1,FALSE) -> All Heating Zones | C28: =VLOOKUP($A28,'UES Measure List Oct 2026'!$A$3:$AR$2210,C$1,FALSE) -> All Cooling Zones | D28: =VLOOKUP($A28,'UES Measure List Oct 2026'!$A$3:$AR$2210,D$1,FALSE) -> Agricultural | E28: =VLOOKUP($A28,'UES Measure List Oct 2026'!$A$3:$AR$2210,E$1,FALSE) -> Motors/Drives | F28: =VLOOKUP($A28,'UES Measure List Oct 2026'!$A$3:$AR$2210,F$1,FALSE) -> Motors/Drives Controls | G28: =VLOOKUP($A28,'UES Measure List Oct 2026'!$A$3:$AR$2210,G$1,FALSE) -> Motors/Drives Control Improvements (VFD) | H28: =VLOOKUP($A28,'UES Measure List Oct 2026'!$A$3:$AR$2210,H$1,FALSE) -> 0 | I28: =VLOOKUP($A28,'UES Measure List Oct 2026'!$A$3:$AR$2210,I$1,FALSE) -> 0 | ... K28: =VLOOKUP($A28,'UES Measure List Oct 2026'!$A$3:$AR$2210,K$1,FALSE) -> 10 | L28: A-Irr-Irr-Irrigation-All-All-E | M28: =INDEX('Results 2016$'!$B$3:$AT$352,MATCH(L28,'Results 2016$'!$A$3:$A$352,0),MATCH(K28,'Results 2016$'!$B$2:$AT$2,0)) -> 0.46921265
A29: AMDMC40241 | B29: =VLOOKUP($A29,'UES Measure List Oct 2026'!$A$3:$AR$2210,B$1,FALSE) -> All Heating Zones | C29: =VLOOKUP($A29,'UES Measure List Oct 2026'!$A$3:$AR$2210,C$1,FALSE) -> All Cooling Zones | D29: =VLOOKUP($A29,'UES Measure List Oct 2026'!$A$3:$AR$2210,D$1,FALSE) -> Agricultural | E29: =VLOOKUP($A29,'UES Measure List Oct 2026'!$A$3:$AR$2210,E$1,FALSE) -> Motors/Drives | F29: =VLOOKUP($A29,'UES Measure List Oct 2026'!$A$3:$AR$2210,F$1,FALSE) -> Motors/Drives Controls | G29: =VLOOKUP($A29,'UES Measure List Oct 2026'!$A$3:$AR$2210,G$1,FALSE) -> Motors/Drives Control Improvements (VFD) | H29: =VLOOKUP($A29,'UES Measure List Oct 2026'!$A$3:$AR$2210,H$1,FALSE) -> 0 | I29: =VLOOKUP($A29,'UES Measure List Oct 2026'!$A$3:$AR$2210,I$1,FALSE) -> 0 | ... K29: =VLOOKUP($A29,'UES Measure List Oct 2026'!$A$3:$AR$2210,K$1,FALSE) -> 10 | L29: A-Irr-Irr-Irrigation-All-All-E | M29: =INDEX('Results 2016$'!$B$3:$AT$352,MATCH(L29,'Results 2016$'!$A$3:$A$352,0),MATCH(K29,'Results 2016$'!$B$2:$AT$2,0)) -> 0.46921265
A30: APLLT40185 | B30: =VLOOKUP($A30,'UES Measure List Oct 2026'!$A$3:$AR$2210,B$1,FALSE) -> Heating Zone 1 | C30: =VLOOKUP($A30,'UES Measure List Oct 2026'!$A$3:$AR$2210,C$1,FALSE) -> All Cooling Zones | D30: =VLOOKUP($A30,'UES Measure List Oct 2026'!$A$3:$AR$2210,D$1,FALSE) -> Agricultural | E30: =VLOOKUP($A30,'UES Measure List Oct 2026'!$A$3:$AR$2210,E$1,FALSE) -> Process Loads | F30: =VLOOKUP($A30,'UES Measure List Oct 2026'!$A$3:$AR$2210,F$1,FALSE) -> Livestock Tanks | G30: =VLOOKUP($A30,'UES Measure List Oct 2026'!$A$3:$AR$2210,G$1,FALSE) -> Freeze Resistant Stock Tanks | H30: =VLOOKUP($A30,'UES Measure List Oct 2026'!$A$3:$AR$2210,H$1,FALSE) -> 54.875 | I30: =VLOOKUP($A30,'UES Measure List Oct 2026'!$A$3:$AR$2210,I$1,FALSE) -> 61.398983 | ... K30: =VLOOKUP($A30,'UES Measure List Oct 2026'!$A$3:$AR$2210,K$1,FALSE) -> 20 | L30: A-StockTank | M30: =INDEX('Results 2016$'!$B$3:$AT$352,MATCH(L30,'Results 2016$'!$A$3:$A$352,0),MATCH(K30,'Results 2016$'!$B$2:$AT$2,0)) -> 0.87830828
A31: APLLT40186 | B31: =VLOOKUP($A31,'UES Measure List Oct 2026'!$A$3:$AR$2210,B$1,FALSE) -> Heating Zone 2 | C31: =VLOOKUP($A31,'UES Measure List Oct 2026'!$A$3:$AR$2210,C$1,FALSE) -> All Cooling Zones | D31: =VLOOKUP($A31,'UES Measure List Oct 2026'!$A$3:$AR$2210,D$1,FALSE) -> Agricultural | E31: =VLOOKUP($A31,'UES Measure List Oct 2026'!$A$3:$AR$2210,E$1,FALSE) -> Process Loads | F31: =VLOOKUP($A31,'UES Measure List Oct 2026'!$A$3:$AR$2210,F$1,FALSE) -> Livestock Tanks | G31: =VLOOKUP($A31,'UES Measure List Oct 2026'!$A$3:$AR$2210,G$1,FALSE) -> Freeze Resistant Stock Tanks | H31: =VLOOKUP($A31,'UES Measure List Oct 2026'!$A$3:$AR$2210,H$1,FALSE) -> 247.25 | I31: =VLOOKUP($A31,'UES Measure List Oct 2026'!$A$3:$AR$2210,I$1,FALSE) -> 276.32833 | ... K31: =VLOOKUP($A31,'UES Measure List Oct 2026'!$A$3:$AR$2210,K$1,FALSE) -> 20 | L31: A-StockTank | M31: =INDEX('Results 2016$'!$B$3:$AT$352,MATCH(L31,'Results 2016$'!$A$3:$A$352,0),MATCH(K31,'Results 2016$'!$B$2:$AT$2,0)) -> 0.87830828
A32: APLLT40187 | B32: =VLOOKUP($A32,'UES Measure List Oct 2026'!$A$3:$AR$2210,B$1,FALSE) -> Heating Zone 3 | C32: =VLOOKUP($A32,'UES Measure List Oct 2026'!$A$3:$AR$2210,C$1,FALSE) -> All Cooling Zones | D32: =VLOOKUP($A32,'UES Measure List Oct 2026'!$A$3:$AR$2210,D$1,FALSE) -> Agricultural | E32: =VLOOKUP($A32,'UES Measure List Oct 2026'!$A$3:$AR$2210,E$1,FALSE) -> Process Loads | F32: =VLOOKUP($A32,'UES Measure List Oct 2026'!$A$3:$AR$2210,F$1,FALSE) -> Livestock Tanks | G32: =VLOOKUP($A32,'UES Measure List Oct 2026'!$A$3:$AR$2210,G$1,FALSE) -> Freeze Resistant Stock Tanks | H32: =VLOOKUP($A32,'UES Measure List Oct 2026'!$A$3:$AR$2210,H$1,FALSE) -> 379.25 | I32: =VLOOKUP($A32,'UES Measure List Oct 2026'!$A$3:$AR$2210,I$1,FALSE) -> 423.85246 | ... K32: =VLOOKUP($A32,'UES Measure List Oct 2026'!$A$3:$AR$2210,K$1,FALSE) -> 20 | L32: A-StockTank | M32: =INDEX('Results 2016$'!$B$3:$AT$352,MATCH(L32,'Results 2016$'!$A$3:$A$352,0),MATCH(K32,'Results 2016$'!$B$2:$AT$2,0)) -> 0.87830828
A33: APLPL40198 | B33: =VLOOKUP($A33,'UES Measure List Oct 2026'!$A$3:$AR$2210,B$1,FALSE) -> All Heating Zones | C33: =VLOOKUP($A33,'UES Measure List Oct 2026'!$A$3:$AR$2210,C$1,FALSE) -> All Cooling Zones | D33: =VLOOKUP($A33,'UES Measure List Oct 2026'!$A$3:$AR$2210,D$1,FALSE) -> Agricultural | E33: =VLOOKUP($A33,'UES Measure List Oct 2026'!$A$3:$AR$2210,E$1,FALSE) -> Process Loads | F33: =VLOOKUP($A33,'UES Measure List Oct 2026'!$A$3:$AR$2210,F$1,FALSE) -> Process Loads System Improvements | G33: =VLOOKUP($A33,'UES Measure List Oct 2026'!$A$3:$AR$2210,G$1,FALSE) -> Interactive Process Loads System Improvements | H33: =VLOOKUP($A33,'UES Measure List Oct 2026'!$A$3:$AR$2210,H$1,FALSE) -> 1271.9377 | I33: =VLOOKUP($A33,'UES Measure List Oct 2026'!$A$3:$AR$2210,I$1,FALSE) -> 1409.9752 | ... K33: =VLOOKUP($A33,'UES Measure List Oct 2026'!$A$3:$AR$2210,K$1,FALSE) -> 15 | L33: A-Irr-Irr-Irrigation-All-All-E | M33: =INDEX('Results 2016$'!$B$3:$AT$352,MATCH(L33,'Results 2016$'!$A$3:$A$352,0),MATCH(K33,'Results 2016$'!$B$2:$AT$2,0)) -> 0.63202344
A34: APLPL40199 | B34: =VLOOKUP($A34,'UES Measure List Oct 2026'!$A$3:$AR$2210,B$1,FALSE) -> All Heating Zones | C34: =VLOOKUP($A34,'UES Measure List Oct 2026'!$A$3:$AR$2210,C$1,FALSE) -> All Cooling Zones | D34: =VLOOKUP($A34,'UES Measure List Oct 2026'!$A$3:$AR$2210,D$1,FALSE) -> Agricultural | E34: =VLOOKUP($A34,'UES Measure List Oct 2026'!$A$3:$AR$2210,E$1,FALSE) -> Process Loads | F34: =VLOOKUP($A34,'UES Measure List Oct 2026'!$A$3:$AR$2210,F$1,FALSE) -> Process Loads System Improvements | G34: =VLOOKUP($A34,'UES Measure List Oct 2026'!$A$3:$AR$2210,G$1,FALSE) -> Interactive Process Loads System Improvements | H34: =VLOOKUP($A34,'UES Measure List Oct 2026'!$A$3:$AR$2210,H$1,FALSE) -> 3655.6847 | I34: =VLOOKUP($A34,'UES Measure List Oct 2026'!$A$3:$AR$2210,I$1,FALSE) -> 4052.4193 | ... K34: =VLOOKUP($A34,'UES Measure List Oct 2026'!$A$3:$AR$2210,K$1,FALSE) -> 15 | L34: A-Irr-Irr-Irrigation-All-All-E | M34: =INDEX('Results 2016$'!$B$3:$AT$352,MATCH(L34,'Results 2016$'!$A$3:$A$352,0),MATCH(K34,'Results 2016$'!$B$2:$AT$2,0)) -> 0.63202344
A35: AUDTR40195 | B35: =VLOOKUP($A35,'UES Measure List Oct 2026'!$A$3:$AR$2210,B$1,FALSE) -> All Heating Zones | C35: =VLOOKUP($A35,'UES Measure List Oct 2026'!$A$3:$AR$2210,C$1,FALSE) -> All Cooling Zones | D35: =VLOOKUP($A35,'UES Measure List Oct 2026'!$A$3:$AR$2210,D$1,FALSE) -> Agricultural | E35: =VLOOKUP($A35,'UES Measure List Oct 2026'!$A$3:$AR$2210,E$1,FALSE) -> Utility Distribution System | F35: =VLOOKUP($A35,'UES Measure List Oct 2026'!$A$3:$AR$2210,F$1,FALSE) -> Transformers | G35: =VLOOKUP($A35,'UES Measure List Oct 2026'!$A$3:$AR$2210,G$1,FALSE) -> De-Energization | H35: =VLOOKUP($A35,'UES Measure List Oct 2026'!$A$3:$AR$2210,H$1,FALSE) -> 0.92 | I35: =VLOOKUP($A35,'UES Measure List Oct 2026'!$A$3:$AR$2210,I$1,FALSE) -> 1 | ... K35: =VLOOKUP($A35,'UES Measure List Oct 2026'!$A$3:$AR$2210,K$1,FALSE) -> 1 | L35: Distribution | M35: =INDEX('Results 2016$'!$B$3:$AT$352,MATCH(L35,'Results 2016$'!$A$3:$A$352,0),MATCH(K35,'Results 2016$'!$B$2:$AT$2,0)) -> 0.068162319
A36: AWBWB40242 | B36: =VLOOKUP($A36,'UES Measure List Oct 2026'!$A$3:$AR$2210,B$1,FALSE) -> All Heating Zones | C36: =VLOOKUP($A36,'UES Measure List Oct 2026'!$A$3:$AR$2210,C$1,FALSE) -> All Cooling Zones | D36: =VLOOKUP($A36,'UES Measure List Oct 2026'!$A$3:$AR$2210,D$1,FALSE) -> Agricultural | E36: =VLOOKUP($A36,'UES Measure List Oct 2026'!$A$3:$AR$2210,E$1,FALSE) -> Whole Bldg/Meter Level | F36: =VLOOKUP($A36,'UES Measure List Oct 2026'!$A$3:$AR$2210,F$1,FALSE) -> Whole Bldg/Meter Level System Improvements | G36: =VLOOKUP($A36,'UES Measure List Oct 2026'!$A$3:$AR$2210,G$1,FALSE) -> Energy Audit | H36: =VLOOKUP($A36,'UES Measure List Oct 2026'!$A$3:$AR$2210,H$1,FALSE) -> 0 | I36: =VLOOKUP($A36,'UES Measure List Oct 2026'!$A$3:$AR$2210,I$1,FALSE) -> 0 | ... K36: =VLOOKUP($A36,'UES Measure List Oct 2026'!$A$3:$AR$2210,K$1,FALSE) -> 1 | L36: A-Irr-Irr-Irrigation-All-All-E | M36: =INDEX('Results 2016$'!$B$3:$AT$352,MATCH(L36,'Results 2016$'!$A$3:$A$352,0),MATCH(K36,'Results 2016$'!$B$2:$AT$2,0)) -> 0.07119214
... A253: CHVHI20932 | B253: =VLOOKUP($A253,'UES Measure List Oct 2026'!$A$3:$AR$2210,B$1,FALSE) -> All Heating Zones | C253: =VLOOKUP($A253,'UES Measure List Oct 2026'!$A$3:$AR$2210,C$1,FALSE) -> All Cooling Zones | D253: =VLOOKUP($A253,'UES Measure List Oct 2026'!$A$3:$AR$2210,D$1,FALSE) -> Commercial | E253: =VLOOKUP($A253,'UES Measure List Oct 2026'!$A$3:$AR$2210,E$1,FALSE) -> HVAC | F253: =VLOOKUP($A253,'UES Measure List Oct 2026'!$A$3:$AR$2210,F$1,FALSE) -> HVAC System Improvements | G253: =VLOOKUP($A253,'UES Measure List Oct 2026'!$A$3:$AR$2210,G$1,FALSE) -> Packaged Terminal Heat Pumps | H253: =VLOOKUP($A253,'UES Measure List Oct 2026'!$A$3:$AR$2210,H$1,FALSE) -> 199.00813 | I253: =VLOOKUP($A253,'UES Measure List Oct 2026'!$A$3:$AR$2210,I$1,FALSE) -> 222.36831 | ... K253: =VLOOKUP($A253,'UES Measure List Oct 2026'!$A$3:$AR$2210,K$1,FALSE) -> 8 | L253: C-All-HVAC-ER-All-All-C | M253: =INDEX('Results 2016$'!$B$3:$AT$352,MATCH(L253,'Results 2016$'!$A$3:$A$352,0),MATCH(K253,'Results 2016$'!$B$2:$AT$2,0)) -> 0.40741959
A254: CHVHI20933 | B254: =VLOOKUP($A254,'UES Measure List Oct 2026'!$A$3:$AR$2210,B$1,FALSE) -> All Heating Zones | C254: =VLOOKUP($A254,'UES Measure List Oct 2026'!$A$3:$AR$2210,C$1,FALSE) -> All Cooling Zones | D254: =VLOOKUP($A254,'UES Measure List Oct 2026'!$A$3:$AR$2210,D$1,FALSE) -> Commercial | E254: =VLOOKUP($A254,'UES Measure List Oct 2026'!$A$3:$AR$2210,E$1,FALSE) -> HVAC | F254: =VLOOKUP($A254,'UES Measure List Oct 2026'!$A$3:$AR$2210,F$1,FALSE) -> HVAC System Improvements | G254: =VLOOKUP($A254,'UES Measure List Oct 2026'!$A$3:$AR$2210,G$1,FALSE) -> Packaged Terminal Heat Pumps | H254: =VLOOKUP($A254,'UES Measure List Oct 2026'!$A$3:$AR$2210,H$1,FALSE) -> 195.67318 | I254: =VLOOKUP($A254,'UES Measure List Oct 2026'!$A$3:$AR$2210,I$1,FALSE) -> 218.64189 | J254: =VLOOKUP($A254,'UES Measure List Oct 2026'!$A$3:$AR$2210,J$1,FALSE) -> 787.27385 | K254: 13 | L254: C-All-HVAC-ER-All-All-C | M254: =INDEX('Results 2016$'!$B$3:$AT$352,MATCH(L254,'Results 2016$'!$A$3:$A$352,0),MATCH(K254,'Results 2016$'!$B$2:$AT$2,0)) -> 0.59201471
A255: CHVHI20934 | B255: =VLOOKUP($A255,'UES Measure List Oct 2026'!$A$3:$AR$2210,B$1,FALSE) -> All Heating Zones | C255: =VLOOKUP($A255,'UES Measure List Oct 2026'!$A$3:$AR$2210,C$1,FALSE) -> All Cooling Zones | D255: =VLOOKUP($A255,'UES Measure List Oct 2026'!$A$3:$AR$2210,D$1,FALSE) -> Commercial | E255: =VLOOKUP($A255,'UES Measure List Oct 2026'!$A$3:$AR$2210,E$1,FALSE) -> HVAC | F255: =VLOOKUP($A255,'UES Measure List Oct 2026'!$A$3:$AR$2210,F$1,FALSE) -> HVAC System Improvements | G255: =VLOOKUP($A255,'UES Measure List Oct 2026'!$A$3:$AR$2210,G$1,FALSE) -> Packaged Terminal Heat Pumps | H255: =VLOOKUP($A255,'UES Measure List Oct 2026'!$A$3:$AR$2210,H$1,FALSE) -> 107.62025 | I255: =VLOOKUP($A255,'UES Measure List Oct 2026'!$A$3:$AR$2210,I$1,FALSE) -> 120.25304 | J255: =VLOOKUP($A255,'UES Measure List Oct 2026'!$A$3:$AR$2210,J$1,FALSE) -> 40 | K255: 13 | L255: C-All-HVAC-ER-All-All-C | M255: =INDEX('Results 2016$'!$B$3:$AT$352,MATCH(L255,'Results 2016$'!$A$3:$A$352,0),MATCH(K255,'Results 2016$'!$B$2:$AT$2,0)) -> 0.59201471
A256: CHVHI21275 | B256: =VLOOKUP($A256,'UES Measure List Oct 2026'!$A$3:$AR$2210,B$1,FALSE) -> All Heating Zones | C256: =VLOOKUP($A256,'UES Measure List Oct 2026'!$A$3:$AR$2210,C$1,FALSE) -> All Cooling Zones | D256: =VLOOKUP($A256,'UES Measure List Oct 2026'!$A$3:$AR$2210,D$1,FALSE) -> Commercial | E256: =VLOOKUP($A256,'UES Measure List Oct 2026'!$A$3:$AR$2210,E$1,FALSE) -> HVAC | F256: =VLOOKUP($A256,'UES Measure List Oct 2026'!$A$3:$AR$2210,F$1,FALSE) -> HVAC System Improvements | G256: =VLOOKUP($A256,'UES Measure List Oct 2026'!$A$3:$AR$2210,G$1,FALSE) -> Heat Recovery Ventilators (HRV) | H256: =VLOOKUP($A256,'UES Measure List Oct 2026'!$A$3:$AR$2210,H$1,FALSE) -> 9.161 | I256: =VLOOKUP($A256,'UES Measure List Oct 2026'!$A$3:$AR$2210,I$1,FALSE) -> 10.286437 | ... K256: =VLOOKUP($A256,'UES Measure List Oct 2026'!$A$3:$AR$2210,K$1,FALSE) -> 15 | L256: C-All-HVAC-ER-All-All-C | M256: =INDEX('Results 2016$'!$B$3:$AT$352,MATCH(L256,'Results 2016$'!$A$3:$A$352,0),MATCH(K256,'Results 2016$'!$B$2:$AT$2,0)) -> 0.64920175
A257: CHVHI21276 | B257: =VLOOKUP($A257,'UES Measure List Oct 2026'!$A$3:$AR$2210,B$1,FALSE) -> All Heating Zones | C257: =VLOOKUP($A257,'UES Measure List Oct 2026'!$A$3:$AR$2210,C$1,FALSE) -> All Cooling Zones | D257: =VLOOKUP($A257,'UES Measure List Oct 2026'!$A$3:$AR$2210,D$1,FALSE) -> Commercial | E257: =VLOOKUP($A257,'UES Measure List Oct 2026'!$A$3:$AR$2210,E$1,FALSE) -> HVAC | F257: =VLOOKUP($A257,'UES Measure List Oct 2026'!$A$3:$AR$2210,F$1,FALSE) -> HVAC System Improvements | G257: =VLOOKUP($A257,'UES Measure List Oct 2026'!$A$3:$AR$2210,G$1,FALSE) -> Heat Recovery Ventilators (HRV) | H257: =VLOOKUP($A257,'UES Measure List Oct 2026'!$A$3:$AR$2210,H$1,FALSE) -> 7.164 | I257: =VLOOKUP($A257,'UES Measure List Oct 2026'!$A$3:$AR$2210,I$1,FALSE) -> 8.0441036 | ... K257: =VLOOKUP($A257,'UES Measure List Oct 2026'!$A$3:$AR$2210,K$1,FALSE) -> 15 | L257: C-All-HVAC-ER-All-All-C | M257: =INDEX('Results 2016$'!$B$3:$AT$352,MATCH(L257,'Results 2016$'!$A$3:$A$352,0),MATCH(K257,'Results 2016$'!$B$2:$AT$2,0)) -> 0.64920175
A258: CHVHI21277 | B258: =VLOOKUP($A258,'UES Measure List Oct 2026'!$A$3:$AR$2210,B$1,FALSE) -> All Heating Zones | C258: =VLOOKUP($A258,'UES Measure List Oct 2026'!$A$3:$AR$2210,C$1,FALSE) -> All Cooling Zones | D258: =VLOOKUP($A258,'UES Measure List Oct 2026'!$A$3:$AR$2210,D$1,FALSE) -> Commercial | E258: =VLOOKUP($A258,'UES Measure List Oct 2026'!$A$3:$AR$2210,E$1,FALSE) -> HVAC | F258: =VLOOKUP($A258,'UES Measure List Oct 2026'!$A$3:$AR$2210,F$1,FALSE) -> HVAC System Improvements | G258: =VLOOKUP($A258,'UES Measure List Oct 2026'!$A$3:$AR$2210,G$1,FALSE) -> Heat Recovery Ventilators (HRV) | H258: =VLOOKUP($A258,'UES Measure List Oct 2026'!$A$3:$AR$2210,H$1,FALSE) -> 13.83 | I258: =VLOOKUP($A258,'UES Measure List Oct 2026'!$A$3:$AR$2210,I$1,FALSE) -> 15.529027 | ... K258: =VLOOKUP($A258,'UES Measure List Oct 2026'!$A$3:$AR$2210,K$1,FALSE) -> 15 | L258: C-All-HVAC-ER-All-All-C | M258: =INDEX('Results 2016$'!$B$3:$AT$352,MATCH(L258,'Results 2016$'!$A$3:$A$352,0),MATCH(K258,'Results 2016$'!$B$2:$AT$2,0)) -> 0.64920175
A259: CHVHI21278 | B259: =VLOOKUP($A259,'UES Measure List Oct 2026'!$A$3:$AR$2210,B$1,FALSE) -> All Heating Zones | C259: =VLOOKUP($A259,'UES Measure List Oct 2026'!$A$3:$AR$2210,C$1,FALSE) -> All Cooling Zones | D259: =VLOOKUP($A259,'UES Measure List Oct 2026'!$A$3:$AR$2210,D$1,FALSE) -> Commercial | E259: =VLOOKUP($A259,'UES Measure List Oct 2026'!$A$3:$AR$2210,E$1,FALSE) -> HVAC | F259: =VLOOKUP($A259,'UES Measure List Oct 2026'!$A$3:$AR$2210,F$1,FALSE) -> HVAC System Improvements | G259: =VLOOKUP($A259,'UES Measure List Oct 2026'!$A$3:$AR$2210,G$1,FALSE) -> Heat Recovery Ventilators (HRV) | H259: =VLOOKUP($A259,'UES Measure List Oct 2026'!$A$3:$AR$2210,H$1,FALSE) -> 11.797 | I259: =VLOOKUP($A259,'UES Measure List Oct 2026'!$A$3:$AR$2210,I$1,FALSE) -> 13.246272 | ... K259: =VLOOKUP($A259,'UES Measure List Oct 2026'!$A$3:$AR$2210,K$1,FALSE) -> 15 | L259: C-All-HVAC-ER-All-All-C | M259: =INDEX('Results 2016$'!$B$3:$AT$352,MATCH(L259,'Results 2016$'!$A$3:$A$352,0),MATCH(K259,'Results 2016$'!$B$2:$AT$2,0)) -> 0.64920175
A260: CLILF21316 | B260: =VLOOKUP($A260,'UES Measure List Oct 2026'!$A$3:$AR$2210,B$1,FALSE) -> All Heating Zones | C260: =VLOOKUP($A260,'UES Measure List Oct 2026'!$A$3:$AR$2210,C$1,FALSE) -> All Cooling Zones | D260: =VLOOKUP($A260,'UES Measure List Oct 2026'!$A$3:$AR$2210,D$1,FALSE) -> Commercial | E260: =VLOOKUP($A260,'UES Measure List Oct 2026'!$A$3:$AR$2210,E$1,FALSE) -> Lighting | F260: =VLOOKUP($A260,'UES Measure List Oct 2026'!$A$3:$AR$2210,F$1,FALSE) -> Lamps/Fixtures | G260: =VLOOKUP($A260,'UES Measure List Oct 2026'!$A$3:$AR$2210,G$1,FALSE) -> Midstream Lighting | H260: =VLOOKUP($A260,'UES Measure List Oct 2026'!$A$3:$AR$2210,H$1,FALSE) -> 9.4447835 | I260: =VLOOKUP($A260,'UES Measure List Oct 2026'!$A$3:$AR$2210,I$1,FALSE) -> 10.509216 | ... K260: =VLOOKUP($A260,'UES Measure List Oct 2026'!$A$3:$AR$2210,K$1,FALSE) -> 12 | L260: C-All-Lgt-LPD Int-All-All-E | M260: =INDEX('Results 2016$'!$B$3:$AT$352,MATCH(L260,'Results 2016$'!$A$3:$A$352,0),MATCH(K260,'Results 2016$'!$B$2:$AT$2,0)) -> 0.50428001
A261: CLILF21317 | B261: =VLOOKUP($A261,'UES Measure List Oct 2026'!$A$3:$AR$2210,B$1,FALSE) -> All Heating Zones | C261: =VLOOKUP($A261,'UES Measure List Oct 2026'!$A$3:$AR$2210,C$1,FALSE) -> All Cooling Zones | D261: =VLOOKUP($A261,'UES Measure List Oct 2026'!$A$3:$AR$2210,D$1,FALSE) -> Commercial | E261: =VLOOKUP($A261,'UES Measure List Oct 2026'!$A$3:$AR$2210,E$1,FALSE) -> Lighting | F261: =VLOOKUP($A261,'UES Measure List Oct 2026'!$A$3:$AR$2210,F$1,FALSE) -> Lamps/Fixtures | G261: =VLOOKUP($A261,'UES Measure List Oct 2026'!$A$3:$AR$2210,G$1,FALSE) -> Midstream Lighting | H261: =VLOOKUP($A261,'UES Measure List Oct 2026'!$A$3:$AR$2210,H$1,FALSE) -> 17.302929 | I261: =VLOOKUP($A261,'UES Measure List Oct 2026'!$A$3:$AR$2210,I$1,FALSE) -> 19.252978 | ... K261: =VLOOKUP($A261,'UES Measure List Oct 2026'!$A$3:$AR$2210,K$1,FALSE) -> 12 | L261: C-All-Lgt-LPD Int-All-All-E | M261: =INDEX('Results 2016$'!$B$3:$AT$352,MATCH(L261,'Results 2016$'!$A$3:$A$352,0),MATCH(K261,'Results 2016$'!$B$2:$AT$2,0)) -> 0.50428001
A262: CLILF21318 | B262: =VLOOKUP($A262,'UES Measure List Oct 2026'!$A$3:$AR$2210,B$1,FALSE) -> All Heating Zones | C262: =VLOOKUP($A262,'UES Measure List Oct 2026'!$A$3:$AR$2210,C$1,FALSE) -> All Cooling Zones | D262: =VLOOKUP($A262,'UES Measure List Oct 2026'!$A$3:$AR$2210,D$1,FALSE) -> Commercial | E262: =VLOOKUP($A262,'UES Measure List Oct 2026'!$A$3:$AR$2210,E$1,FALSE) -> Lighting | F262: =VLOOKUP($A262,'UES Measure List Oct 2026'!$A$3:$AR$2210,F$1,FALSE) -> Lamps/Fixtures | G262: =VLOOKUP($A262,'UES Measure List Oct 2026'!$A$3:$AR$2210,G$1,FALSE) -> Midstream Lighting | H262: =VLOOKUP($A262,'UES Measure List Oct 2026'!$A$3:$AR$2210,H$1,FALSE) -> 17.475363 | I262: =VLOOKUP($A262,'UES Measure List Oct 2026'!$A$3:$AR$2210,I$1,FALSE) -> 19.444846 | ... K262: =VLOOKUP($A262,'UES Measure List Oct 2026'!$A$3:$AR$2210,K$1,FALSE) -> 12 | L262: C-All-Lgt-LPD Int-All-All-E | M262: =INDEX('Results 2016$'!$B$3:$AT$352,MATCH(L262,'Results 2016$'!$A$3:$A$352,0),MATCH(K262,'Results 2016$'!$B$2:$AT$2,0)) -> 0.50428001
A263: CLILF21319 | B263: =VLOOKUP($A263,'UES Measure List Oct 2026'!$A$3:$AR$2210,B$1,FALSE) -> All Heating Zones | C263: =VLOOKUP($A263,'UES Measure List Oct 2026'!$A$3:$AR$2210,C$1,FALSE) -> All Cooling Zones | D263: =VLOOKUP($A263,'UES Measure List Oct 2026'!$A$3:$AR$2210,D$1,FALSE) -> Commercial | E263: =VLOOKUP($A263,'UES Measure List Oct 2026'!$A$3:$AR$2210,E$1,FALSE) -> Lighting | F263: =VLOOKUP($A263,'UES Measure List Oct 2026'!$A$3:$AR$2210,F$1,FALSE) -> Lamps/Fixtures | G263: =VLOOKUP($A263,'UES Measure List Oct 2026'!$A$3:$AR$2210,G$1,FALSE) -> Midstream Lighting | H263: =VLOOKUP($A263,'UES Measure List Oct 2026'!$A$3:$AR$2210,H$1,FALSE) -> 20.250483 | I263: =VLOOKUP($A263,'UES Measure List Oct 2026'!$A$3:$AR$2210,I$1,FALSE) -> 22.532723 | ... K263: =VLOOKUP($A263,'UES Measure List Oct 2026'!$A$3:$AR$2210,K$1,FALSE) -> 12 | L263: C-All-Lgt-LPD Int-All-All-E | M263: =INDEX('Results 2016$'!$B$3:$AT$352,MATCH(L263,'Results 2016$'!$A$3:$A$352,0),MATCH(K263,'Results 2016$'!$B$2:$AT$2,0)) -> 0.50428001
A264: CLILF21320 | B264: =VLOOKUP($A264,'UES Measure List Oct 2026'!$A$3:$AR$2210,B$1,FALSE) -> All Heating Zones | C264: =VLOOKUP($A264,'UES Measure List Oct 2026'!$A$3:$AR$2210,C$1,FALSE) -> All Cooling Zones | D264: =VLOOKUP($A264,'UES Measure List Oct 2026'!$A$3:$AR$2210,D$1,FALSE) -> Commercial | E264: =VLOOKUP($A264,'UES Measure List Oct 2026'!$A$3:$AR$2210,E$1,FALSE) -> Lighting | F264: =VLOOKUP($A264,'UES Measure List Oct 2026'!$A$3:$AR$2210,F$1,FALSE) -> Lamps/Fixtures | G264: =VLOOKUP($A264,'UES Measure List Oct 2026'!$A$3:$AR$2210,G$1,FALSE) -> Midstream Lighting | H264: =VLOOKUP($A264,'UES Measure List Oct 2026'!$A$3:$AR$2210,H$1,FALSE) -> 20.250483 | I264: =VLOOKUP($A264,'UES Measure List Oct 2026'!$A$3:$AR$2210,I$1,FALSE) -> 22.532723 | ... K264: =VLOOKUP($A264,'UES Measure List Oct 2026'!$A$3:$AR$2210,K$1,FALSE) -> 12 | L264: C-All-Lgt-LPD Int-All-All-E | M264: =INDEX('Results 2016$'!$B$3:$AT$352,MATCH(L264,'Results 2016$'!$A$3:$A$352,0),MATCH(K264,'Results 2016$'!$B$2:$AT$2,0)) -> 0.50428001
A265: CLILF21321 | B265: =VLOOKUP($A265,'UES Measure List Oct 2026'!$A$3:$AR$2210,B$1,FALSE) -> All Heating Zones | C265: =VLOOKUP($A265,'UES Measure List Oct 2026'!$A$3:$AR$2210,C$1,FALSE) -> All Cooling Zones | D265: =VLOOKUP($A265,'UES Measure List Oct 2026'!$A$3:$AR$2210,D$1,FALSE) -> Commercial | E265: =VLOOKUP($A265,'UES Measure List Oct 2026'!$A$3:$AR$2210,E$1,FALSE) -> Lighting | F265: =VLOOKUP($A265,'UES Measure List Oct 2026'!$A$3:$AR$2210,F$1,FALSE) -> Lamps/Fixtures | G265: =VLOOKUP($A265,'UES Measure List Oct 2026'!$A$3:$AR$2210,G$1,FALSE) -> Midstream Lighting | H265: =VLOOKUP($A265,'UES Measure List Oct 2026'!$A$3:$AR$2210,H$1,FALSE) -> 3.6798351 | I265: =VLOOKUP($A265,'UES Measure List Oct 2026'!$A$3:$AR$2210,I$1,FALSE) -> 4.0945544 | ... K265: =VLOOKUP($A265,'UES Measure List Oct 2026'!$A$3:$AR$2210,K$1,FALSE) -> 12 | L265: C-All-Lgt-LPD Int-All-All-E | M265: =INDEX('Results 2016$'!$B$3:$AT$352,MATCH(L265,'Results 2016$'!$A$3:$A$352,0),MATCH(K265,'Results 2016$'!$B$2:$AT$2,0)) -> 0.50428001
A266: CLILF21322 | B266: =VLOOKUP($A266,'UES Measure List Oct 2026'!$A$3:$AR$2210,B$1,FALSE) -> All Heating Zones | C266: =VLOOKUP($A266,'UES Measure List Oct 2026'!$A$3:$AR$2210,C$1,FALSE) -> All Cooling Zones | D266: =VLOOKUP($A266,'UES Measure List Oct 2026'!$A$3:$AR$2210,D$1,FALSE) -> Commercial | E266: =VLOOKUP($A266,'UES Measure List Oct 2026'!$A$3:$AR$2210,E$1,FALSE) -> Lighting | F266: =VLOOKUP($A266,'UES Measure List Oct 2026'!$A$3:$AR$2210,F$1,FALSE) -> Lamps/Fixtures | G266: =VLOOKUP($A266,'UES Measure List Oct 2026'!$A$3:$AR$2210,G$1,FALSE) -> Midstream Lighting | H266: =VLOOKUP($A266,'UES Measure List Oct 2026'!$A$3:$AR$2210,H$1,FALSE) -> 10.376979 | I266: =VLOOKUP($A266,'UES Measure List Oct 2026'!$A$3:$AR$2210,I$1,FALSE) -> 11.54647 | ... K266: =VLOOKUP($A266,'UES Measure List Oct 2026'!$A$3:$AR$2210,K$1,FALSE) -> 12 | L266: C-All-Lgt-LPD Int-All-All-E | M266: =INDEX('Results 2016$'!$B$3:$AT$352,MATCH(L266,'Results 2016$'!$A$3:$A$352,0),MATCH(K266,'Results 2016$'!$B$2:$AT$2,0)) -> 0.50428001
A267: CLILF21323 | B267: =VLOOKUP($A267,'UES Measure List Oct 2026'!$A$3:$AR$2210,B$1,FALSE) -> All Heating Zones | C267: =VLOOKUP($A267,'UES Measure List Oct 2026'!$A$3:$AR$2210,C$1,FALSE) -> All Cooling Zones | D267: =VLOOKUP($A267,'UES Measure List Oct 2026'!$A$3:$AR$2210,D$1,FALSE) -> Commercial | E267: =VLOOKUP($A267,'UES Measure List Oct 2026'!$A$3:$AR$2210,E$1,FALSE) -> Lighting | F267: =VLOOKUP($A267,'UES Measure List Oct 2026'!$A$3:$AR$2210,F$1,FALSE) -> Lamps/Fixtures | G267: =VLOOKUP($A267,'UES Measure List Oct 2026'!$A$3:$AR$2210,G$1,FALSE) -> Midstream Lighting | H267: =VLOOKUP($A267,'UES Measure List Oct 2026'!$A$3:$AR$2210,H$1,FALSE) -> 5.5973464 | I267: =VLOOKUP($A267,'UES Measure List Oct 2026'!$A$3:$AR$2210,I$1,FALSE) -> 6.2281702 | ... K267: =VLOOKUP($A267,'UES Measure List Oct 2026'!$A$3:$AR$2210,K$1,FALSE) -> 12 | L267: C-All-Lgt-LPD Int-All-All-E | M267: =INDEX('Results 2016$'!$B$3:$AT$352,MATCH(L267,'Results 2016$'!$A$3:$A$352,0),MATCH(K267,'Results 2016$'!$B$2:$AT$2,0)) -> 0.50428001
... A340: IPLPL30148 | B340: =VLOOKUP($A340,'UES Measure List Oct 2026'!$A$3:$AR$2210,B$1,FALSE) -> All Heating Zones | C340: =VLOOKUP($A340,'UES Measure List Oct 2026'!$A$3:$AR$2210,C$1,FALSE) -> All Cooling Zones | D340: =VLOOKUP($A340,'UES Measure List Oct 2026'!$A$3:$AR$2210,D$1,FALSE) -> Industrial | E340: =VLOOKUP($A340,'UES Measure List Oct 2026'!$A$3:$AR$2210,E$1,FALSE) -> Process Loads | F340: =VLOOKUP($A340,'UES Measure List Oct 2026'!$A$3:$AR$2210,F$1,FALSE) -> Process Loads System Improvements | G340: =VLOOKUP($A340,'UES Measure List Oct 2026'!$A$3:$AR$2210,G$1,FALSE) -> Efficient Pumps | H340: =VLOOKUP($A340,'UES Measure List Oct 2026'!$A$3:$AR$2210,H$1,FALSE) -> 0 | I340: =VLOOKUP($A340,'UES Measure List Oct 2026'!$A$3:$AR$2210,I$1,FALSE) -> 0 | ... K340: =VLOOKUP($A340,'UES Measure List Oct 2026'!$A$3:$AR$2210,K$1,FALSE) -> 10 | L340: Pumps_Industrial_VariableSpeed | M340: =INDEX('Results 2016$'!$B$3:$AT$352,MATCH(L340,'Results 2016$'!$A$3:$A$352,0),MATCH(K340,'Results 2016$'!$B$2:$AT$2,0)) -> 0.47242012
A341: IWBWB30143 | B341: =VLOOKUP($A341,'UES Measure List Oct 2026'!$A$3:$AR$2210,B$1,FALSE) -> All Heating Zones | C341: =VLOOKUP($A341,'UES Measure List Oct 2026'!$A$3:$AR$2210,C$1,FALSE) -> All Cooling Zones | D341: =VLOOKUP($A341,'UES Measure List Oct 2026'!$A$3:$AR$2210,D$1,FALSE) -> Industrial | E341: =VLOOKUP($A341,'UES Measure List Oct 2026'!$A$3:$AR$2210,E$1,FALSE) -> Whole Bldg/Meter Level | F341: =VLOOKUP($A341,'UES Measure List Oct 2026'!$A$3:$AR$2210,F$1,FALSE) -> Whole Bldg/Meter Level System Improvements | G341: =VLOOKUP($A341,'UES Measure List Oct 2026'!$A$3:$AR$2210,G$1,FALSE) -> Energy Management Systems/System Controls | H341: =VLOOKUP($A341,'UES Measure List Oct 2026'!$A$3:$AR$2210,H$1,FALSE) -> 0 | I341: =VLOOKUP($A341,'UES Measure List Oct 2026'!$A$3:$AR$2210,I$1,FALSE) -> 0 | ... K341: =VLOOKUP($A341,'UES Measure List Oct 2026'!$A$3:$AR$2210,K$1,FALSE) -> 0 | L341: I-All-SecTotal-All-All-All-E | M341: 0
A342: LELPL14523 | B342: =VLOOKUP($A342,'UES Measure List Oct 2026'!$A$3:$AR$2210,B$1,FALSE) -> All Heating Zones | C342: =VLOOKUP($A342,'UES Measure List Oct 2026'!$A$3:$AR$2210,C$1,FALSE) -> All Cooling Zones | D342: =VLOOKUP($A342,'UES Measure List Oct 2026'!$A$3:$AR$2210,D$1,FALSE) -> Residential | E342: =VLOOKUP($A342,'UES Measure List Oct 2026'!$A$3:$AR$2210,E$1,FALSE) -> Electronics | F342: =VLOOKUP($A342,'UES Measure List Oct 2026'!$A$3:$AR$2210,F$1,FALSE) -> Plug Load | G342: =VLOOKUP($A342,'UES Measure List Oct 2026'!$A$3:$AR$2210,G$1,FALSE) -> Clothes Dryers | H342: =VLOOKUP($A342,'UES Measure List Oct 2026'!$A$3:$AR$2210,H$1,FALSE) -> 227.0775 | I342: =VLOOKUP($A342,'UES Measure List Oct 2026'!$A$3:$AR$2210,I$1,FALSE) -> 253.02693 | ... K342: =VLOOKUP($A342,'UES Measure List Oct 2026'!$A$3:$AR$2210,K$1,FALSE) -> 12 | L342: R-All-Plug-Dryer-All-All-R | M342: =INDEX('Results 2016$'!$B$3:$AT$352,MATCH(L342,'Results 2016$'!$A$3:$A$352,0),MATCH(K342,'Results 2016$'!$B$2:$AT$2,0)) -> 0.57490639
A343: LELPL14524 | B343: =VLOOKUP($A343,'UES Measure List Oct 2026'!$A$3:$AR$2210,B$1,FALSE) -> All Heating Zones | C343: =VLOOKUP($A343,'UES Measure List Oct 2026'!$A$3:$AR$2210,C$1,FALSE) -> All Cooling Zones | D343: =VLOOKUP($A343,'UES Measure List Oct 2026'!$A$3:$AR$2210,D$1,FALSE) -> Residential | E343: =VLOOKUP($A343,'UES Measure List Oct 2026'!$A$3:$AR$2210,E$1,FALSE) -> Electronics | F343: =VLOOKUP($A343,'UES Measure List Oct 2026'!$A$3:$AR$2210,F$1,FALSE) -> Plug Load | G343: =VLOOKUP($A343,'UES Measure List Oct 2026'!$A$3:$AR$2210,G$1,FALSE) -> Clothes Dryers | H343: =VLOOKUP($A343,'UES Measure List Oct 2026'!$A$3:$AR$2210,H$1,FALSE) -> 356.06604 | I343: =VLOOKUP($A343,'UES Measure List Oct 2026'!$A$3:$AR$2210,I$1,FALSE) -> 396.75571 | ... K343: =VLOOKUP($A343,'UES Measure List Oct 2026'!$A$3:$AR$2210,K$1,FALSE) -> 12 | L343: R-All-Plug-Dryer-All-All-R | M343: =INDEX('Results 2016$'!$B$3:$AT$352,MATCH(L343,'Results 2016$'!$A$3:$A$352,0),MATCH(K343,'Results 2016$'!$B$2:$AT$2,0)) -> 0.57490639
A344: LELPL14525 | B344: =VLOOKUP($A344,'UES Measure List Oct 2026'!$A$3:$AR$2210,B$1,FALSE) -> All Heating Zones | C344: =VLOOKUP($A344,'UES Measure List Oct 2026'!$A$3:$AR$2210,C$1,FALSE) -> All Cooling Zones | D344: =VLOOKUP($A344,'UES Measure List Oct 2026'!$A$3:$AR$2210,D$1,FALSE) -> Residential | E344: =VLOOKUP($A344,'UES Measure List Oct 2026'!$A$3:$AR$2210,E$1,FALSE) -> Electronics | F344: =VLOOKUP($A344,'UES Measure List Oct 2026'!$A$3:$AR$2210,F$1,FALSE) -> Plug Load | G344: =VLOOKUP($A344,'UES Measure List Oct 2026'!$A$3:$AR$2210,G$1,FALSE) -> Clothes Dryers | H344: =VLOOKUP($A344,'UES Measure List Oct 2026'!$A$3:$AR$2210,H$1,FALSE) -> 510.90576 | I344: =VLOOKUP($A344,'UES Measure List Oct 2026'!$A$3:$AR$2210,I$1,FALSE) -> 569.28983 | ... K344: =VLOOKUP($A344,'UES Measure List Oct 2026'!$A$3:$AR$2210,K$1,FALSE) -> 12 | L344: R-All-Plug-Dryer-All-All-R | M344: =INDEX('Results 2016$'!$B$3:$AT$352,MATCH(L344,'Results 2016$'!$A$3:$A$352,0),MATCH(K344,'Results 2016$'!$B$2:$AT$2,0)) -> 0.57490639
